Workbook
Name _EST1: #REF!
Name _EST10: #REF!
Name _EST10: #REF!
Name _EST10: #REF!
Name _EST10: #REF!
Name _EST11: #REF!
Name _EST11: #REF!
Name _EST11: #REF!
Name _EST11: #REF!
Name _EST12: #REF!
Name _EST12: #REF!
Name _EST12: #REF!
Name _EST12: #REF!
Name _EST13: #REF!
Name _EST13: #REF!
Name _EST13: #REF!
Name _EST13: #REF!
Name _EST14: #REF!
Name _EST14: #REF!
Name _EST14: #REF!
Name _EST14: #REF!
Name _EST15: #REF!
Name _EST15: #REF!
Name _EST15: #REF!
Name _EST15: #REF!
Name _EST16: #REF!
Name _EST16: #REF!
Name _EST16: #REF!
Name _EST16: #REF!
Name _EST17: #REF!
Name _EST17: #REF!
Name _EST17: #REF!
Name _EST17: #REF!
Name _EST18: #REF!
Name _EST18: #REF!
Name _EST18: #REF!
Name _EST18: #REF!
Name _EST19: #REF!
Name _EST19: #REF!
Name _EST19: #REF!
Name _EST19: #REF!
Name _EST2: #REF!
Name _EST2: #REF!
Name _EST2: #REF!
Name _EST2: #REF!
Name _EST3: #REF!
Name _EST4: #REF!
Name _EST4: #REF!
Name _EST4: #REF!
Name _EST4: #REF!
Name _EST5: #REF!
Name _EST5: #REF!
Name _EST5: #REF!
Name _EST5: #REF!
Name _EST6: #REF!
Name _EST6: #REF!
Name _EST6: #REF!
Name _EST6: #REF!
Name _EST7: #REF!
Name _EST7: #REF!

Sheet LISTADO DE UNITARIOS
B1: SECRETARIA DE OBRAS PUBLICAS | K1: OBJETO: REPARACION Y MEJORAMIENTO DE LAS BATERIAS SANITARIA DE LA INSTITUCION EDUCATIVA LOPERENA LA ESPERANZA
B2: MUNICIPIO DE VALLEDUPAR
A3: OBJETO: MEJORAMIENTO Y REPARACIONES GENERALES BASICAS DE LA INFRAESTRUCTURA FISICA DEL JARDIN NACIONAL ANEXA A LA INSTITUCION EDUCATIVA CASD SIMON BOLIVAR DEL MUNICIPIO DE VALLEDUPAR
A4: PRESUPUESTO OFICIAL | I4: CRONOGRAMA DE ACTIVIDADES
A5: ITEMS | B5: ACTIVIDADES | C5: U.M | D5: CANTIDAD | E5: VALOR. UNITARIO | F5: VALOR TOTAL | G5: % DE INCIDENCIA | I5: TAREAS | L5: DURACION | M5: MES 1 | AQ5: MES 2 | BU5: MES 3 | CZ5: DIAS POR ITEMS
I6: DURACION EN DIAS | J6: COMIENZO | K6: FIN | L6: 90DIAS | M6: 1 | N6: 2 | O6: 3 | P6: 4 | Q6: 5 | R6: 6 | S6: 7 | T6: 8 | U6: 9 | V6: 10 | W6: 11 | X6: 12 | Y6: 13 | Z6: 14 | AA6: 15 | AB6: 16 | AC6: 17 | AD6: 18 | AE6: 19 | AF6: 20 | AG6: 21 | AH6: 22 | AI6: 23 | AJ6: 24 | AK6: 25 | AL6: 26 | AM6: 27 | AN6: 28 | AO6: 29 | AP6: 30 | AQ6: 31 | AR6: 32 | AS6: 33 | AT6: 34 | AU6: 35 | AV6: 36 | AW6: 37 | AX6: 38 | AY6: 39 | AZ6: 40 | BA6: 41 | BB6: 42 | BC6: 43 | BD6: 44 | BE6: 45 | BF6: 46 | BG6: 47 | BH6: 48 | BI6: 49 | BJ6: 50 | BK6: 51 | BL6: 52 | BM6: 53 | BN6: 54 | BO6: 55 | BP6: 56 | BQ6: 57 | BR6: 58 | BS6: 59 | BT6: 60 | BU6: 61 | BV6: 62 | BW6: 63 | BX6: 64 | BY6: 65 | BZ6: 66 | CA6: 67 | CB6: 68 | CC6: 69 | CD6: 70 | CE6: 71 | CF6: 72 | CG6: 73 | CH6: 74 | CI6: 75 | CJ6: 76 | CK6: 77 | CL6: 78 | CM6: 79 | CN6: 80 | CO6: 81 | CP6: 82 | CQ6: 83 | CR6: 84 | CS6: 85 | CT6: 86 | CU6: 87 | CV6: 88 | CW6: 89 | CX6: 90 | CY6: 91
M7: SEMANA 1 | T7: SEMANA 2 | AA7: SEMANA 3 | AH7: SEMANA 4 | AO7: SEMANA 5 | AV7: SEMANA 6 | BC7: SEMANA 3 | BJ7: SEMANA 7 | BQ7: SEMANA 8 | BX7: SEMANA 9 | CE7: SEMANA 10 | CL7: SEMANA 11 | CS7: SEMANA 12
M8: L | N8: M | O8: M | P8: J | Q8: V | R8: S | S8: D | T8: L | U8: M | V8: M | W8: J | X8: V | Y8: S | Z8: D | AA8: L | AB8: M | AC8: M | AD8: J | AE8: V | AF8: S | AG8: D | AH8: L | AI8: M | AJ8: M | AK8: J | AL8: V | AM8: S | AN8: D | AO8: L | AP8: M | AQ8: M | AR8: J | AS8: V | AT8: S | AU8: D | AV8: L | AW8: M | AX8: M | AY8: J | AZ8: V | BA8: S | BB8: D | BC8: L | BD8: M | BE8: M | BF8: J | BG8: V | BH8: S | BI8: D | BJ8: L | BK8: M | BL8: M | BM8: J | BN8: V | BO8: S | BP8: D | BQ8: L | BR8: M | BS8: M | BT8: J | BU8: V | BV8: S | BW8: D | BX8: L | BY8: M | BZ8: M | CA8: J | CB8: V | CC8: S | CD8: D | CE8: L | CF8: M | CG8: M | CH8: J | CI8: V | CJ8: S | CK8: D | CL8: L | CM8: M | CN8: M | CO8: J | CP8: V | CQ8: S | CR8: D | CS8: L | CT8: M | CU8: M | CV8: J | CW8: V | CX8: S | CY8: D
A9: =EDIFICACION!A6 -> I | B9: PRELIMINARES
A10: =EDIFICACION!A7 -> 1.1 | B10: =EDIFICACION!B7 -> CERRAMIENTO PROVISIONAL EN TELA VERDE H=2.10M | C10: =EDIFICACION!C7 -> ML | D10: =21.63+21.63 -> 43.26 | E10: =EDIFICACION!F7 -> 28915 | F10: =E10*D10 -> 1250862.9 | G10: =F10/F259 -> 0.0037770443 | I10: 1 DIA | J10: DIA 1 | K10: DIA 1 | L10: VR. PROG. | M10: =F10/CZ10*M11 -> 1250862.9 | CZ10: 1
L11: DIAS | M11: 1 | N11: 2 | O11: 3 | P11: 4 | Q11: 5 | R11: 6 | S11: 7 | T11: 1 | U11: 2 | V11: 3 | W11: 4 | X11: 5 | Y11: 6 | Z11: 7 | AA11: 1 | AB11: 2 | AC11: 3 | AD11: 4 | AE11: 5 | AF11: 6 | AG11: 7 | AH11: 1 | AI11: 2 | AJ11: 3 | AK11: 4 | AL11: 5 | AM11: 6 | AN11: 7 | AO11: 1 | AP11: 2 | AQ11: 3 | AR11: 4 | AS11: 5 | AT11: 6 | AU11: 7 | AV11: 1 | AW11: 2 | AX11: 3 | AY11: 4 | AZ11: 5 | BA11: 6 | BB11: 7 | BC11: 1 | BD11: 2 | BE11: 3 | BF11: 4 | BG11: 5 | BH11: 6 | BI11: 7 | BJ11: 1 | BK11: 2 | BL11: 3 | BM11: 4 | BN11: 5 | BO11: 6 | BP11: 7 | BQ11: 1 | BR11: 2 | BS11: 3 | BT11: 4 | BU11: 5 | BV11: 6 | BW11: 7 | BX11: 1 | BY11: 2 | BZ11: 3 | CA11: 4 | CB11: 5 | CC11: 6 | CD11: 7 | CE11: 1 | CF11: 2 | CG11: 3 | CH11: 4 | CI11: 5 | CJ11: 6 | CK11: 7 | CL11: 1 | CM11: 2 | CN11: 3 | CO11: 4 | CP11: 5 | CQ11: 6 | CR11: 7 | CS11: 1 | CT11: 2 | CU11: 3 | CV11: 4 | CW11: 5 | CX11: 6 | CY11: 7
L12: VR. MES PROG | M12: =M10+T10+AA10+AH10 -> 1250862.9 | AQ12: =AO10+AV10+BC10+BJ10 -> 0 | BU12: =BQ10+BX10+CE10+CL10+CS10 -> 0
A13: =EDIFICACION!A18 -> 1.2 | B13: =EDIFICACION!B18 -> EXCAVACION MANUAL PARA RETIRO DE TUBERIA Y ZAPATAS DE TANQUE ELEVADO | C13: =EDIFICACION!C18 -> M3 | D13: =(18*0.3*0.3)+(1.2*1.2*1.2*2) -> 5.076 | E13: =EDIFICACION!F18 -> 34994 | F13: =E13*D13 -> 177629.54 | G13: =F13/F259 -> 0.00053636147 | I13: 2 DIAS | J13: DIA 17 | K13: DIA 18 | L13: VR. PROG. | AA13: =F13/CZ13*AB14 -> 177629.54 | CZ13: 2
L14: DIAS | M14: 1 | N14: 2 | O14: 3 | P14: 4 | Q14: 5 | R14: 6 | S14: 7 | T14: 1 | U14: 2 | V14: 3 | W14: 4 | X14: 5 | Y14: 6 | Z14: 7 | AA14: 1 | AB14: 2 | AC14: 3 | AD14: 4 | AE14: 5 | AF14: 6 | AG14: 7 | AH14: 1 | AI14: 2 | AJ14: 3 | AK14: 4 | AL14: 5 | AM14: 6 | AN14: 7 | AO14: 1 | AP14: 2 | AQ14: 3 | AR14: 4 | AS14: 5 | AT14: 6 | AU14: 7 | AV14: 1 | AW14: 2 | AX14: 3 | AY14: 4 | AZ14: 5 | BA14: 6 | BB14: 7 | BC14: 1 | BD14: 2 | BE14: 3 | BF14: 4 | BG14: 5 | BH14: 6 | BI14: 7 | BJ14: 1 | BK14: 2 | BL14: 3 | BM14: 4 | BN14: 5 | BO14: 6 | BP14: 7 | BQ14: 1 | BR14: 2 | BS14: 3 | BT14: 4 | BU14: 5 | BV14: 6 | BW14: 7 | BX14: 1 | BY14: 2 | BZ14: 3 | CA14: 4 | CB14: 5 | CC14: 6 | CD14: 7 | CE14: 1 | CF14: 2 | CG14: 3 | CH14: 4 | CI14: 5 | CJ14: 6 | CK14: 7 | CL14: 1 | CM14: 2 | CN14: 3 | CO14: 4 | CP14: 5 | CQ14: 6 | CR14: 7 | CS14: 1 | CT14: 2 | CU14: 3 | CV14: 4 | CW14: 5 | CX14: 6 | CY14: 7
L15: VR. MES PROG | M15: =M13+T13+AA13+AH13 -> 177629.54 | AQ15: =AO13+AV13+BC13+BJ13 -> 0 | BU15: =BQ13+BX13+CE13+CL13+CS13 -> 0
A16: =EDIFICACION!A22 -> 1.3 | B16: =EDIFICACION!B22 -> RELLENO SELECCIONADO, INCL. SUMINISTRO Y COMPACTACION | C16: =EDIFICACION!C22 -> M3 | D16: 140 | E16: =EDIFICACION!F22 -> 52398 | F16: =E16*D16 -> 7335720 | G16: =F16/F259 -> 0.022150581 | I16: 2 DIAS | J16: DIA 34 | K16: DIA 35 | L16: VR. PROG. | AO16: =F16/CZ16*AP17 -> 7335720 | CZ16: 2
L17: DIAS | M17: 1 | N17: 2 | O17: 3 | P17: 4 | Q17: 5 | R17: 6 | S17: 7 | T17: 1 | U17: 2 | V17: 3 | W17: 4 | X17: 5 | Y17: 6 | Z17: 7 | AA17: 1 | AB17: 2 | AC17: 3 | AD17: 4 | AE17: 5 | AF17: 6 | AG17: 7 | AH17: 1 | AI17: 2 | AJ17: 3 | AK17: 4 | AL17: 5 | AM17: 6 | AN17: 7 | AO17: 1 | AP17: 2 | AQ17: 3 | AR17: 4 | AS17: 5 | AT17: 6 | AU17: 7 | AV17: 1 | AW17: 2 | AX17: 3 | AY17: 4 | AZ17: 5 | BA17: 6 | BB17: 7 | BC17: 1 | BD17: 2 | BE17: 3 | BF17: 4 | BG17: 5 | BH17: 6 | BI17: 7 | BJ17: 1 | BK17: 2 | BL17: 3 | BM17: 4 | BN17: 5 | BO17: 6 | BP17: 7 | BQ17: 1 | BR17: 2 | BS17: 3 | BT17: 4 | BU17: 5 | BV17: 6 | BW17: 7 | BX17: 1 | BY17: 2 | BZ17: 3 | CA17: 4 | CB17: 5 | CC17: 6 | CD17: 7 | CE17: 1 | CF17: 2 | CG17: 3 | CH17: 4 | CI17: 5 | CJ17: 6 | CK17: 7 | CL17: 1 | CM17: 2 | CN17: 3 | CO17: 4 | CP17: 5 | CQ17: 6 | CR17: 7 | CS17: 1 | CT17: 2 | CU17: 3 | CV17: 4 | CW17: 5 | CX17: 6 | CY17: 7
L18: VR. MES PROG | M18: =M16+T16+AA16+AH16 -> 0 | AQ18: =AO16+AV16+BC16+BJ16 -> 7335720 | BU18: =BQ16+BX16+CE16+CL16+CS16 -> 0
E19: Subtotal | F19: =SUM(F10:F18) -> 8764212.4 | G19: =F19/F259 -> 0.026463987 | M19: =M12+M15+M18 -> 1428492.4 | AQ19: =AQ12+AQ15+AQ18 -> 7335720 | BU19: =BU12+BU15+BU18 -> 0 | CZ19: =SUM(CZ10:CZ18) -> 5
I20: SUBTOTAL | N20: =M19+AQ19+BU19 -> 8764212.4
A21: =EDIFICACION!A30 -> II | B21: =EDIFICACION!B30 -> DEMOLICIONES Y DESMONTES
A22: =EDIFICACION!A31 -> 2.1 | B22: =EDIFICACION!B31 -> DEMOLICIÓN PISO ESPESOR HASTA .10 | C22: =EDIFICACION!C31 -> M2 | D22: =62.92+62.56+5+80 -> 210.48 | E22: =EDIFICACION!F31 -> 14805 | F22: =E22*D22 -> 3116156.4 | G22: =F22/F259 -> 0.0094093932 | I22: 2 DIAS | J22: DIA 14 | K22: DIA 15 | L22: VR. PROG. | T22: =F22/CZ22*T23 -> 1558078.2 | AA22: =F22/CZ22*AA23 -> 1558078.2 | CZ22: 2
L23: DIAS | M23: 1 | N23: 2 | O23: 3 | P23: 4 | Q23: 5 | R23: 6 | S23: 7 | T23: 1 | U23: 2 | V23: 3 | W23: 4 | X23: 5 | Y23: 6 | Z23: 7 | AA23: 1 | AB23: 2 | AC23: 3 | AD23: 4 | AE23: 5 | AF23: 6 | AG23: 7 | AH23: 1 | AI23: 2 | AJ23: 3 | AK23: 4 | AL23: 5 | AM23: 6 | AN23: 7 | AO23: 1 | AP23: 2 | AQ23: 3 | AR23: 4 | AS23: 5 | AT23: 6 | AU23: 7 | AV23: 1 | AW23: 2 | AX23: 3 | AY23: 4 | AZ23: 5 | BA23: 6 | BB23: 7 | BC23: 1 | BD23: 25 | BE23: 3 | BF23: 4 | BG23: 5 | BH23: 6 | BI23: 7 | BJ23: 1 | BK23: 2 | BL23: 3 | BM23: 4 | BN23: 5 | BO23: 6 | BP23: 7 | BQ23: 1 | BR23: 2 | BS23: 3 | BT23: 4 | BU23: 5 | BV23: 6 | BW23: 7 | BX23: 1 | BY23: 2 | BZ23: 3 | CA23: 4 | CB23: 5 | CC23: 6 | CD23: 7 | CE23: 1 | CF23: 2 | CG23: 3 | CH23: 4 | CI23: 5 | CJ23: 6 | CK23: 7 | CL23: 1 | CM23: 2 | CN23: 3 | CO23: 4 | CP23: 5 | CQ23: 6 | CR23: 7 | CS23: 1 | CT23: 2 | CU23: 3 | CV23: 4 | CW23: 5 | CX23: 6 | CY23: 7
L24: VR. MES PROG | M24: =M22+T22+AA22+AH22 -> 3116156.4 | AQ24: =AO22+AV22+BC22+BJ22 -> 0 | BU24: =BQ22+BX22+CE22+CL22+CS22 -> 0
A25: =EDIFICACION!A35 -> 2.2 | B25: =EDIFICACION!B35 -> DEMOLICIÓN MUROS SENCILLOS | C25: =EDIFICACION!C35 -> M2 | D25: =(7.28*0.34)+(1.97*0.25*5)+(0.5*0.6*2*3)+(1.75*0.79*3)+(0.86*2*3) -> 16.0452 | E25: =EDIFICACION!F35 -> 9421 | F25: =E25*D25 -> 151161.83 | G25: =F25/F259 -> 0.00045644086 | I25: 1 DIA | J25: DIA 16 | K25: DIA 16 | L25: VR. PROG. | AA25: =F25/CZ25*AA26 -> 151161.83 | CZ25: 1
L26: DIAS | M26: 1 | N26: 2 | O26: 3 | P26: 4 | Q26: 5 | R26: 6 | S26: 7 | T26: 1 | U26: 2 | V26: 3 | W26: 4 | X26: 5 | Y26: 6 | Z26: 7 | AA26: 1 | AB26: 2 | AC26: 3 | AD26: 4 | AE26: 5 | AF26: 6 | AG26: 7 | AH26: 1 | AI26: 2 | AJ26: 3 | AK26: 4 | AL26: 5 | AM26: 6 | AN26: 7 | AO26: 1 | AP26: 2 | AQ26: 3 | AR26: 4 | AS26: 5 | AT26: 6 | AU26: 7 | AV26: 1 | AW26: 2 | AX26: 3 | AY26: 4 | AZ26: 5 | BA26: 6 | BB26: 7 | BC26: 1 | BD26: 2 | BE26: 3 | BF26: 4 | BG26: 5 | BH26: 6 | BI26: 7 | BJ26: 1 | BK26: 2 | BL26: 3 | BM26: 4 | BN26: 5 | BO26: 6 | BP26: 7 | BQ26: 1 | BR26: 2 | BS26: 3 | BT26: 4 | BU26: 5 | BV26: 6 | BW26: 7 | BX26: 1 | BY26: 2 | BZ26: 3 | CA26: 4 | CB26: 5 | CC26: 6 | CD26: 7 | CE26: 1 | CF26: 2 | CG26: 3 | CH26: 4 | CI26: 5 | CJ26: 6 | CK26: 7 | CL26: 1 | CM26: 2 | CN26: 3 | CO26: 4 | CP26: 5 | CQ26: 6 | CR26: 7 | CS26: 1 | CT26: 2 | CU26: 3 | CV26: 4 | CW26: 5 | CX26: 6 | CY26: 7
L27: VR. MES PROG | M27: =M25+T25+AA25+AH25 -> 151161.83 | AQ27: =AO25+AV25+BC25+BJ25 -> 0 | BU27: =BQ25+BX25+CE25+CL25+CS25 -> 0
A28: =EDIFICACION!A40 -> 2.3 | B28: =EDIFICACION!B40 -> DESMONTE DE APARATOS SANITARIOS, LAVAMANOS Y LAVAPLATOS | C28: =EDIFICACION!C40 -> UN | D28: =16+21+18 -> 55 | E28: =EDIFICACION!F40 -> 26649 | F28: =E28*D28 -> 1465695 | G28: =F28/F259 -> 0.0044257408 | I28: 2 DIAS | J28: DIA 2 | K28: DIA 3 | L28: VR. PROG. | M28: =F28/CZ28*N29 -> 1465695 | CZ28: 2
L29: DIAS | M29: 1 | N29: 2 | O29: 3 | P29: 4 | Q29: 5 | R29: 6 | S29: 7 | T29: 1 | U29: 2 | V29: 3 | W29: 4 | X29: 5 | Y29: 6 | Z29: 7 | AA29: 1 | AB29: 2 | AC29: 3 | AD29: 4 | AE29: 5 | AF29: 6 | AG29: 7 | AH29: 1 | AI29: 2 | AJ29: 3 | AK29: 4 | AL29: 5 | AM29: 6 | AN29: 7 | AO29: 1 | AP29: 2 | AQ29: 3 | AR29: 4 | AS29: 5 | AT29: 6 | AU29: 7 | AV29: 1 | AW29: 2 | AX29: 3 | AY29: 4 | AZ29: 5 | BA29: 6 | BB29: 7 | BC29: 1 | BD29: 2 | BE29: 3 | BF29: 4 | BG29: 5 | BH29: 6 | BI29: 7 | BJ29: 1 | BK29: 2 | BL29: 3 | BM29: 4 | BN29: 5 | BO29: 6 | BP29: 7 | BQ29: 1 | BR29: 2 | BS29: 3 | BT29: 4 | BU29: 5 | BV29: 6 | BW29: 7 | BX29: 1 | BY29: 2 | BZ29: 3 | CA29: 4 | CB29: 5 | CC29: 6 | CD29: 7 | CE29: 1 | CF29: 2 | CG29: 3 | CH29: 4 | CI29: 5 | CJ29: 6 | CK29: 7 | CL29: 1 | CM29: 2 | CN29: 3 | CO29: 4 | CP29: 5 | CQ29: 6 | CR29: 7 | CS29: 1 | CT29: 2 | CU29: 3 | CV29: 4 | CW29: 5 | CX29: 6 | CY29: 7
L30: VR. MES PROG | M30: =M28+T28+AA28+AH28 -> 1465695 | AQ30: =AO28+AV28+BC28+BJ28 -> 0 | BU30: =BQ28+BX28+CE28+CL28+CS28 -> 0
A31: =EDIFICACION!A44 -> 2.4 | B31: =EDIFICACION!B44 -> DESMONTE DE LAMPARAS FLUORESCENTES DE 2X48 | C31: =EDIFICACION!C44 -> UN | D31: 6 | E31: =EDIFICACION!F44 -> 29610 | F31: =E31*D31 -> 177660 | G31: =F31/F259 -> 0.00053645343 | I31: 1 DIAS | J31: DIA 3 | K31: DIA 3 | L31: VR. PROG. | M31: =F31/CZ31*M32 -> 177660 | CZ31: 1
L32: DIAS | M32: 1 | N32: 2 | O32: 3 | P32: 4 | Q32: 5 | R32: 6 | S32: 7 | T32: 1 | U32: 2 | V32: 3 | W32: 4 | X32: 5 | Y32: 6 | Z32: 7 | AA32: 1 | AB32: 2 | AC32: 3 | AD32: 4 | AE32: 5 | AF32: 6 | AG32: 7 | AH32: 1 | AI32: 2 | AJ32: 3 | AK32: 4 | AL32: 5 | AM32: 6 | AN32: 7 | AO32: 1 | AP32: 2 | AQ32: 3 | AR32: 4 | AS32: 5 | AT32: 6 | AU32: 7 | AV32: 1 | AW32: 2 | AX32: 3 | AY32: 4 | AZ32: 5 | BA32: 6 | BB32: 7 | BC32: 1 | BD32: 2 | BE32: 3 | BF32: 4 | BG32: 5 | BH32: 6 | BI32: 7 | BJ32: 1 | BK32: 2 | BL32: 3 | BM32: 4 | BN32: 5 | BO32: 6 | BP32: 7 | BQ32: 1 | BR32: 2 | BS32: 3 | BT32: 4 | BU32: 5 | BV32: 6 | BW32: 7 | BX32: 1 | BY32: 2 | BZ32: 3 | CA32: 4 | CB32: 5 | CC32: 6 | CD32: 7 | CE32: 1 | CF32: 2 | CG32: 3 | CH32: 4 | CI32: 5 | CJ32: 6 | CK32: 7 | CL32: 1 | CM32: 2 | CN32: 3 | CO32: 4 | CP32: 5 | CQ32: 6 | CR32: 7 | CS32: 1 | CT32: 2 | CU32: 3 | CV32: 4 | CW32: 5 | CX32: 6 | CY32: 7
L33: VR. MES PROG | M33: =M31+T31+AA31+AH31 -> 177660
A34: =EDIFICACION!A48 -> 2.5 | B34: =EDIFICACION!B48 -> DESMONTE MARCOS Y PUERTAS | C34: =EDIFICACION!C48 -> M2 | D34: =(0.65*1.9*16)+(0.65*1.9*21)+(2.5*1*2) -> 50.695 | E34: =EDIFICACION!F48 -> 10767 | F34: =E34*D34 -> 545833.06 | G34: =F34/F259 -> 0.0016481708 | I34: 1 DIA | J34: DIA 4 | K34: DIA 4 | L34: VR. PROG. | M34: =F34/CZ34*M35 -> 545833.06 | CZ34: 1
L35: DIAS | M35: 1 | N35: 2 | O35: 3 | P35: 4 | Q35: 5 | R35: 6 | S35: 7 | T35: 1 | U35: 2 | V35: 3 | W35: 4 | X35: 5 | Y35: 6 | Z35: 7 | AA35: 1 | AB35: 2 | AC35: 3 | AD35: 4 | AE35: 5 | AF35: 6 | AG35: 7 | AH35: 1 | AI35: 2 | AJ35: 3 | AK35: 4 | AL35: 5 | AM35: 6 | AN35: 7 | AO35: 1 | AP35: 2 | AQ35: 3 | AR35: 4 | AS35: 5 | AT35: 6 | AU35: 7 | AV35: 1 | AW35: 2 | AX35: 3 | AY35: 4 | AZ35: 5 | BA35: 6 | BB35: 7 | BC35: 1 | BD35: 2 | BE35: 3 | BF35: 4 | BG35: 5 | BH35: 6 | BI35: 7 | BJ35: 1 | BK35: 2 | BL35: 3 | BM35: 4 | BN35: 5 | BO35: 6 | BP35: 7 | BQ35: 1 | BR35: 2 | BS35: 3 | BT35: 4 | BU35: 5 | BV35: 6 | BW35: 7 | BX35: 1 | BY35: 2 | BZ35: 3 | CA35: 4 | CB35: 5 | CC35: 6 | CD35: 7 | CE35: 1 | CF35: 2 | CG35: 3 | CH35: 4 | CI35: 5 | CJ35: 6 | CK35: 7 | CL35: 1 | CM35: 2 | CN35: 3 | CO35: 4 | CP35: 5 | CQ35: 6 | CR35: 7 | CS35: 1 | CT35: 2 | CU35: 3 | CV35: 4 | CW35: 5 | CX35: 6 | CY35: 7
L36: VR. MES PROG | M36: =M34+T34+AA34+AH34 -> 545833.06 | AQ36: =AO34+AV34+BC34+BJ34 -> 0 | BU36: =BQ34+BX34+CE34+CL34+CS34 -> 0
A37: =EDIFICACION!A52 -> 2.6 | B37: =EDIFICACION!B52 -> REVISION DE CUBIERTAS CANALETA ASBESTO CEMENTO, INCLUYE REPARACION DE GOTERAS | C37: =EDIFICACION!C52 -> M2 | D37: 20 | E37: =EDIFICACION!F52 -> 10716 | F37: =E37*D37 -> 214320 | G37: =F37/F259 -> 0.00064715018 | I37: 1 DIA | J37: DIA 5 | K37: DIA 5 | L37: VR. PROG. | M37: =F37/CZ37*M35 -> 214320 | CZ37: 1
L38: DIAS | M38: 1 | N38: 2 | O38: 3 | P38: 4 | Q38: 5 | R38: 6 | S38: 7 | T38: 1 | U38: 2 | V38: 3 | W38: 4 | X38: 5 | Y38: 6 | Z38: 7 | AA38: 1 | AB38: 2 | AC38: 3 | AD38: 4 | AE38: 5 | AF38: 6 | AG38: 7 | AH38: 1 | AI38: 2 | AJ38: 3 | AK38: 4 | AL38: 5 | AM38: 6 | AN38: 7 | AO38: 1 | AP38: 2 | AQ38: 3 | AR38: 4 | AS38: 5 | AT38: 6 | AU38: 7 | AV38: 1 | AW38: 2 | AX38: 3 | AY38: 4 | AZ38: 5 | BA38: 6 | BB38: 7 | BC38: 1 | BD38: 2 | BE38: 3 | BF38: 4 | BG38: 5 | BH38: 6 | BI38: 7 | BJ38: 1 | BK38: 2 | BL38: 3 | BM38: 4 | BN38: 5 | BO38: 6 | BP38: 7 | BQ38: 1 | BR38: 2 | BS38: 3 | BT38: 4 | BU38: 5 | BV38: 6 | BW38: 7 | BX38: 1 | BY38: 2 | BZ38: 3 | CA38: 4 | CB38: 5 | CC38: 6 | CD38: 7 | CE38: 1 | CF38: 2 | CG38: 3 | CH38: 4 | CI38: 5 | CJ38: 6 | CK38: 7 | CL38: 1 | CM38: 2 | CN38: 3 | CO38: 4 | CP38: 5 | CQ38: 6 | CR38: 7 | CS38: 1 | CT38: 2 | CU38: 3 | CV38: 4 | CW38: 5 | CX38: 6 | CY38: 7
L39: VR. MES PROG | M39: =M37+T37+AA37+AH37 -> 214320 | AQ39: =AO37+AV37+BC37+BJ37 -> 0 | BU39: =BQ37+BX37+CE37+CL37+CS37 -> 0
A40: =EDIFICACION!A58 -> 2.7 | B40: =EDIFICACION!B58 -> RETIRO DE TUBERIA DE 0 A 12" NO INCL. EXCAVACION | C40: =EDIFICACION!C58 -> ML | D40: 132 | E40: =EDIFICACION!F58 -> 5114 | F40: =E40*D40 -> 675048 | G40: =F40/F259 -> 0.0020383419 | I40: 2 DIAS | J40: DIA 19 | K40: DIA 20 | L40: VR. PROG. | AA40: =F40/CZ40*AB41 -> 675048 | CZ40: 2
L41: DIAS | M41: 1 | N41: 2 | O41: 3 | P41: 4 | Q41: 5 | R41: 6 | S41: 7 | T41: 1 | U41: 2 | V41: 3 | W41: 4 | X41: 5 | Y41: 6 | Z41: 7 | AA41: 1 | AB41: 2 | AC41: 3 | AD41: 4 | AE41: 5 | AF41: 6 | AG41: 7 | AH41: 1 | AI41: 2 | AJ41: 3 | AK41: 4 | AL41: 5 | AM41: 6 | AN41: 7 | AO41: 1 | AP41: 2 | AQ41: 3 | AR41: 4 | AS41: 5 | AT41: 6 | AU41: 7 | AV41: 1 | AW41: 2 | AX41: 3 | AY41: 4 | AZ41: 5 | BA41: 6 | BB41: 7 | BC41: 1 | BD41: 2 | BE41: 3 | BF41: 4 | BG41: 5 | BH41: 6 | BI41: 7 | BJ41: 1 | BK41: 2 | BL41: 3 | BM41: 4 | BN41: 5 | BO41: 6 | BP41: 7 | BQ41: 1 | BR41: 2 | BS41: 3 | BT41: 4 | BU41: 5 | BV41: 6 | BW41: 7 | BX41: 1 | BY41: 2 | BZ41: 3 | CA41: 4 | CB41: 5 | CC41: 6 | CD41: 7 | CE41: 1 | CF41: 2 | CG41: 3 | CH41: 4 | CI41: 5 | CJ41: 6 | CK41: 7 | CL41: 1 | CM41: 2 | CN41: 3 | CO41: 4 | CP41: 5 | CQ41: 6 | CR41: 7 | CS41: 1 | CT41: 2 | CU41: 3 | CV41: 4 | CW41: 5 | CX41: 6 | CY41: 7
L42: VR. MES PROG | M42: =M40+T40+AA40+AH40 -> 675048 | AQ42: =AO40+AV40+BC40+BJ40 -> 0 | BU42: =BQ40+BX40+CE40+CL40+CS40 -> 0
A43: =EDIFICACION!A62 -> 2.8 | B43: =EDIFICACION!B62 -> DEMOLICIONES DE ENCHAPES | C43: =EDIFICACION!C62 -> M2 | D43: =(96.3*1.97)+(110.18*2)+(7.28*0.34*3)+(7.28*0.15)+(6.12*0.33*3)+(6.12*0.15) -> 425.5654 | E43: =EDIFICACION!F62 -> 9421 | F43: =E43*D43 -> 4009251.6 | G43: =F43/F259 -> 0.01210614 | I43: 4 DIAS | J43: DIA 6 | K43: DIA 9 | L43: VR. PROG. | M43: =F43/CZ43*N44 -> 2004625.8 | T43: =F43/CZ43*U44 -> 2004625.8 | CZ43: 4
L44: DIAS | M44: 1 | N44: 2 | O44: 3 | P44: 4 | Q44: 5 | R44: 6 | S44: 7 | T44: 1 | U44: 2 | V44: 3 | W44: 4 | X44: 5 | Y44: 6 | Z44: 7 | AA44: 1 | AB44: 2 | AC44: 3 | AD44: 4 | AE44: 5 | AF44: 6 | AG44: 7 | AH44: 1 | AI44: 2 | AJ44: 3 | AK44: 4 | AL44: 5 | AM44: 6 | AN44: 7 | AO44: 1 | AP44: 2 | AQ44: 3 | AR44: 4 | AS44: 5 | AT44: 6 | AU44: 7 | AV44: 1 | AW44: 2 | AX44: 3 | AY44: 4 | AZ44: 5 | BA44: 6 | BB44: 7 | BC44: 1 | BD44: 2 | BE44: 3 | BF44: 4 | BG44: 5 | BH44: 6 | BI44: 7 | BJ44: 1 | BK44: 2 | BL44: 3 | BM44: 4 | BN44: 5 | BO44: 6 | BP44: 7 | BQ44: 1 | BR44: 2 | BS44: 3 | BT44: 4 | BU44: 5 | BV44: 6 | BW44: 7 | BX44: 1 | BY44: 2 | BZ44: 3 | CA44: 4 | CB44: 5 | CC44: 6 | CD44: 7 | CE44: 1 | CF44: 2 | CG44: 3 | CH44: 4 | CI44: 5 | CJ44: 6 | CK44: 7 | CL44: 1 | CM44: 2 | CN44: 3 | CO44: 4 | CP44: 5 | CQ44: 6 | CR44: 7 | CS44: 1 | CT44: 2 | CU44: 3 | CV44: 4 | CW44: 5 | CX44: 6 | CY44: 7
L45: VR. MES PROG | M45: =M43+T43+AA43+AH43 -> 4009251.6 | AQ45: =AO43+AV43+BC43+BJ43 -> 0 | BU45: =BQ43+BX43+CE43+CL43+CS43 -> 0
A46: =EDIFICACION!A66 -> 2.9 | B46: =EDIFICACION!B66 -> DEMOLICION DE PAÑETE | C46: =EDIFICACION!C66 -> M2 | D46: =(96.3*1.97)+(110.18*2) -> 410.071 | E46: =EDIFICACION!F66 -> 4576 | F46: =E46*D46 -> 1876484.9 | G46: =F46/F259 -> 0.0056661419 | I46: 4 DIAS | J46: DIA 10 | K46: DIA 13 | L46: VR. PROG. | T46: =F46/CZ46*W47 -> 1876484.9 | CZ46: 4
L47: DIAS | M47: 1 | N47: 2 | O47: 3 | P47: 4 | Q47: 5 | R47: 6 | S47: 7 | T47: 1 | U47: 2 | V47: 3 | W47: 4 | X47: 5 | Y47: 6 | Z47: 7 | AA47: 1 | AB47: 2 | AC47: 3 | AD47: 4 | AE47: 5 | AF47: 6 | AG47: 7 | AH47: 1 | AI47: 2 | AJ47: 3 | AK47: 4 | AL47: 5 | AM47: 6 | AN47: 7 | AO47: 1 | AP47: 2 | AQ47: 3 | AR47: 4 | AS47: 5 | AT47: 6 | AU47: 7 | AV47: 1 | AW47: 2 | AX47: 3 | AY47: 4 | AZ47: 5 | BA47: 6 | BB47: 7 | BC47: 1 | BD47: 2 | BE47: 3 | BF47: 4 | BG47: 5 | BH47: 6 | BI47: 7 | BJ47: 1 | BK47: 2 | BL47: 3 | BM47: 4 | BN47: 5 | BO47: 6 | BP47: 7 | BQ47: 1 | BR47: 2 | BS47: 3 | BT47: 4 | BU47: 5 | BV47: 6 | BW47: 7 | BX47: 1 | BY47: 2 | BZ47: 3 | CA47: 4 | CB47: 5 | CC47: 6 | CD47: 7 | CE47: 1 | CF47: 2 | CG47: 3 | CH47: 4 | CI47: 5 | CJ47: 6 | CK47: 7 | CL47: 1 | CM47: 2 | CN47: 3 | CO47: 4 | CP47: 5 | CQ47: 6 | CR47: 7 | CS47: 1 | CT47: 2 | CU47: 3 | CV47: 4 | CW47: 5 | CX47: 6 | CY47: 7
L48: VR. MES PROG | M48: =M46+T46+AA46+AH46 -> 1876484.9 | AQ48: =AO46+AV46+BC46+BJ46 -> 0 | BU48: =BQ46+BX46+CE46+CL46+CS46 -> 0
E49: Subtotal | F49: =SUM(F22:F48) -> 12231611 | G49: =F49/F259 -> 0.036933973 | I49: SUB TOTAL POR MES | M49: =M48+M45+M42+M39+M36+M33+M30+M27+M24 -> 12231611 | AQ49: =AQ48+AQ45+AQ42+AQ39+AQ36+AQ33+AQ30+AQ27+AQ24 -> 0 | BU49: =BU24+BU27+BU30+BU33+BU36+BU39+BU42+BU45+BU48 -> 0 | CZ49: =SUM(CZ22:CZ48) -> 18
I50: SUB TOTAL | M50: =M49+AQ49+BU49 -> 12231611
A51: =EDIFICACION!A70 -> III | B51: =EDIFICACION!B70 -> CIMENTACIONES
A52: =EDIFICACION!A71 -> 3.1 | B52: =EDIFICACION!B71 -> SOLADO CONCRETO 2.500 PSI | C52: =EDIFICACION!C71 -> M3 | D52: =1.2*1.2*0.05*2 -> 0.144 | E52: =EDIFICACION!F71 -> 509326 | F52: =E52*D52 -> 73342.944 | G52: =F52/F259 -> 0.00022146276 | I52: 1 DIA | J52: DIA 23 | K52: DIA 23 | L52: VR. PROG. | AH52: =F52/CZ52*AH53 -> 73342.944 | CZ52: 1
L53: DIAS | M53: 1 | N53: 2 | O53: 3 | P53: 4 | Q53: 5 | R53: 6 | S53: 7 | T53: 1 | U53: 2 | V53: 3 | W53: 4 | X53: 5 | Y53: 6 | Z53: 7 | AA53: 1 | AB53: 2 | AC53: 3 | AD53: 4 | AE53: 5 | AF53: 6 | AG53: 7 | AH53: 1 | AI53: 2 | AJ53: 3 | AK53: 4 | AL53: 5 | AM53: 6 | AN53: 7 | AO53: 1 | AP53: 2 | AQ53: 3 | AR53: 4 | AS53: 5 | AT53: 6 | AU53: 7 | AV53: 1 | AW53: 2 | AX53: 3 | AY53: 4 | AZ53: 5 | BA53: 6 | BB53: 7 | BC53: 1 | BD53: 2 | BE53: 3 | BF53: 4 | BG53: 5 | BH53: 6 | BI53: 7 | BJ53: 1 | BK53: 2 | BL53: 3 | BM53: 4 | BN53: 5 | BO53: 6 | BP53: 7 | BQ53: 1 | BR53: 2 | BS53: 3 | BT53: 4 | BU53: 5 | BV53: 6 | BW53: 7 | BX53: 1 | BY53: 2 | BZ53: 3 | CA53: 4 | CB53: 5 | CC53: 6 | CD53: 7 | CE53: 1 | CF53: 2 | CG53: 3 | CH53: 4 | CI53: 5 | CJ53: 6 | CK53: 7 | CL53: 1 | CM53: 2 | CN53: 3 | CO53: 4 | CP53: 5 | CQ53: 6 | CR53: 7 | CS53: 1 | CT53: 2 | CU53: 3 | CV53: 4 | CW53: 5 | CX53: 6 | CY53: 7
L54: VR. MES PROG | M54: =M52+T52+AA52+AH52 -> 73342.944
A55: =EDIFICACION!A86 -> 3.3 | B55: =EDIFICACION!B86 -> ZAPATAS EN CONCRETO 3.000 PSI | C55: =EDIFICACION!C86 -> M3 | D55: =0.6*0.3*2*3 -> 1.08 | E55: =EDIFICACION!F86 -> 582236 | F55: =E55*D55 -> 628814.88 | G55: =F55/F259 -> 0.0018987386 | I55: 2 DIAS | J55: DIA 19 | K55: DIA 20 | L55: VR. PROG. | AA55: =F55/CZ55*2 -> 628814.88 | CZ55: 2
L56: DIAS | M56: 1 | N56: 2 | O56: 3 | P56: 4 | Q56: 5 | R56: 6 | S56: 7 | T56: 1 | U56: 2 | V56: 3 | W56: 4 | X56: 5 | Y56: 6 | Z56: 7 | AA56: 1 | AB56: 2 | AC56: 3 | AD56: 4 | AE56: 5 | AF56: 6 | AG56: 7 | AH56: 1 | AI56: 2 | AJ56: 3 | AK56: 4 | AL56: 5 | AM56: 6 | AN56: 7 | AO56: 1 | AP56: 2 | AQ56: 3 | AR56: 4 | AS56: 5 | AT56: 6 | AU56: 7 | AV56: 1 | AW56: 2 | AX56: 3 | AY56: 4 | AZ56: 5 | BA56: 6 | BB56: 7 | BC56: 1 | BD56: 2 | BE56: 3 | BF56: 4 | BG56: 5 | BH56: 6 | BI56: 7 | BJ56: 1 | BK56: 2 | BL56: 3 | BM56: 4 | BN56: 5 | BO56: 6 | BP56: 7 | BQ56: 1 | BR56: 2 | BS56: 3 | BT56: 4 | BU56: 5 | BV56: 6 | BW56: 7 | BX56: 1 | BY56: 2 | BZ56: 3 | CA56: 4 | CB56: 5 | CC56: 6 | CD56: 7 | CE56: 1 | CF56: 2 | CG56: 3 | CH56: 4 | CI56: 5 | CJ56: 6 | CK56: 7 | CL56: 1 | CM56: 2 | CN56: 3 | CO56: 4 | CP56: 5 | CQ56: 6 | CR56: 7 | CS56: 1 | CT56: 2 | CU56: 3 | CV56: 4 | CW56: 5 | CX56: 6 | CY56: 7
L57: VR. MES PROG | M57: =AH55+AA55+T55+M55 -> 628814.88
E58: Subtotal | F58: =SUM(F52:F57) -> 702157.82 | G58: =F58/F259 -> 0.0021202014 | I58: SUB TOTAL POR MES | M58: =M54+M57 -> 702157.82 | AQ58: =AQ54 -> 0 | BU58: =BU54 -> 0 | CZ58: =SUM(CZ52:CZ57) -> 3
I59: SUB TOTAL | M59: =M58+AQ58+BU58 -> 702157.82
A60: =EDIFICACION!A94 -> IV | B60: =EDIFICACION!B94 -> INSTALACIONES SANITARIAS
A61: =EDIFICACION!A95 -> 4.1 | B61: =EDIFICACION!B95 -> CAJA DE INSPECCIÓN DE 60x60x60CM, EN CONCRETO DE f'c=3.000PSI IMPERMEABILIZADO, INCLUYE EXCAVACIÓN Y TAPE, TAPA Y HERRAJES, CAÑUELAS, MARCOS EN ANGULO DE 1 1/2"X3/16 E INCLUYE TODO LO NECESARIO PARA SU CORRECTO FUNCIONAMIENTO | C61: =EDIFICACION!C95 -> UN | D61: 2 | E61: =EDIFICACION!F95 -> 287179 | F61: =E61*D61 -> 574358 | G61: =F61/F259 -> 0.0017343033 | I61: 2 DIAS | J61: DIA 24 | K61: DIA 25 | L61: VR. PROG. | AH61: =F61/CZ61*AI62 -> 574358 | CZ61: 2
L62: DIAS | M62: 1 | N62: 2 | O62: 3 | P62: 4 | Q62: 5 | R62: 6 | S62: 7 | T62: 1 | U62: 2 | V62: 3 | W62: 4 | X62: 5 | Y62: 6 | Z62: 7 | AA62: 1 | AB62: 2 | AC62: 3 | AD62: 4 | AE62: 5 | AF62: 6 | AG62: 7 | AH62: 1 | AI62: 2 | AJ62: 3 | AK62: 4 | AL62: 5 | AM62: 6 | AN62: 7 | AO62: 1 | AP62: 2 | AQ62: 3 | AR62: 4 | AS62: 5 | AT62: 6 | AU62: 7 | AV62: 1 | AW62: 2 | AX62: 3 | AY62: 4 | AZ62: 5 | BA62: 6 | BB62: 7 | BC62: 1 | BD62: 2 | BE62: 3 | BF62: 4 | BG62: 5 | BH62: 6 | BI62: 7 | BJ62: 1 | BK62: 2 | BL62: 3 | BM62: 4 | BN62: 5 | BO62: 6 | BP62: 7 | BQ62: 1 | BR62: 2 | BS62: 3 | BT62: 4 | BU62: 5 | BV62: 6 | BW62: 7 | BX62: 1 | BY62: 2 | BZ62: 3 | CA62: 4 | CB62: 5 | CC62: 6 | CD62: 7 | CE62: 1 | CF62: 2 | CG62: 3 | CH62: 4 | CI62: 5 | CJ62: 6 | CK62: 7 | CL62: 1 | CM62: 2 | CN62: 3 | CO62: 4 | CP62: 5 | CQ62: 6 | CR62: 7 | CS62: 1 | CT62: 2 | CU62: 3 | CV62: 4 | CW62: 5 | CX62: 6 | CY62: 7
L63: VR. MES PROG | M63: =AA61+AH61+T61+M61 -> 574358
A64: =EDIFICACION!A107 -> 4.2 | B64: =EDIFICACION!B107 -> CONSTRUCCION DE CANAL EN CONCRETO DE 3000 PSI PARA RECOGER AGUAS LLUVIAS EN EL ACCESO PRINCIPALY LOS PATIOS Y LAS CANCHAS, INCLUYE REGILLA EN ANGULO DE 3/16 CON VARILLAS CORRUGADAS de 5/8" CADA 4CMS DE DIASTANCIA ENTRE VARILLAS, CON ANTICORROSIVO GRIS Y ESMALTE SINTETICO, SECCION 30CMS DE ANCHO X 40CMS DE PROFUNDIDAD, ESPESORES DE MUROS 15CMS Y TABLON FACHALETA DE 1E4X0,8 PARA ACABADOS DEL CANAL | C64: =EDIFICACION!C107 -> ML | D64: 10 | E64: =EDIFICACION!F107 -> 827381 | F64: =E64*D64 -> 8273810 | G64: =F64/F259 -> 0.024983191
A67: =EDIFICACION!A124 -> 4.3 | B67: =EDIFICACION!B124 -> PUNTO SANITARIO PVC 4" | C67: =EDIFICACION!C124 -> UN | D67: =16+21 -> 37 | E67: =EDIFICACION!F124 -> 101742 | F67: =E67*D67 -> 3764454 | G67: =F67/F259 -> 0.011366961 | I67: 2 DIAS | J67: DIA 26 | K67: DIA 27 | L67: VR. PROG. | AH67: =F67/CZ67*AI68 -> 3764454 | CZ67: 2
L68: DIAS | M68: 1 | N68: 2 | O68: 3 | P68: 4 | Q68: 5 | R68: 6 | S68: 7 | T68: 1 | U68: 2 | V68: 3 | W68: 4 | X68: 5 | Y68: 6 | Z68: 7 | AA68: 1 | AB68: 2 | AC68: 3 | AD68: 4 | AE68: 5 | AF68: 6 | AG68: 7 | AH68: 1 | AI68: 2 | AJ68: 3 | AK68: 4 | AL68: 5 | AM68: 6 | AN68: 7 | AO68: 1 | AP68: 2 | AQ68: 3 | AR68: 4 | AS68: 5 | AT68: 6 | AU68: 7 | AV68: 1 | AW68: 2 | AX68: 3 | AY68: 4 | AZ68: 5 | BA68: 6 | BB68: 7 | BC68: 1 | BD68: 2 | BE68: 3 | BF68: 4 | BG68: 5 | BH68: 6 | BI68: 7 | BJ68: 1 | BK68: 2 | BL68: 3 | BM68: 4 | BN68: 5 | BO68: 6 | BP68: 7 | BQ68: 1 | BR68: 2 | BS68: 3 | BT68: 4 | BU68: 5 | BV68: 6 | BW68: 7 | BX68: 1 | BY68: 2 | BZ68: 3 | CA68: 4 | CB68: 5 | CC68: 6 | CD68: 7 | CE68: 1 | CF68: 2 | CG68: 3 | CH68: 4 | CI68: 5 | CJ68: 6 | CK68: 7 | CL68: 1 | CM68: 2 | CN68: 3 | CO68: 4 | CP68: 5 | CQ68: 6 | CR68: 7 | CS68: 1 | CT68: 2 | CU68: 3 | CV68: 4 | CW68: 5 | CX68: 6 | CY68: 7
L69: VR. MES PROG | M69: =AH67+AA67+T67+T67+M67 -> 3764454
A70: =EDIFICACION!A135 -> 4.4 | B70: =EDIFICACION!B135 -> PUNTO SANITARIO PVC 2" | C70: =EDIFICACION!C135 -> UN | D70: 30 | E70: =EDIFICACION!F135 -> 62115 | F70: =E70*D70 -> 1863450 | G70: =F70/F259 -> 0.0056267824 | I70: 2 DIAS | J70: DIA 28 | K70: DIA 29 | L70: VR. PROG. | AH70: =F70/CZ70*AH71 -> 931725 | AO70: =F70/CZ70*AO71 -> 931725 | CZ70: 2
L71: DIAS | M71: 1 | N71: 2 | O71: 3 | P71: 4 | Q71: 5 | R71: 6 | S71: 7 | T71: 1 | U71: 2 | V71: 3 | W71: 4 | X71: 5 | Y71: 6 | Z71: 7 | AA71: 1 | AB71: 2 | AC71: 3 | AD71: 4 | AE71: 5 | AF71: 6 | AG71: 7 | AH71: 1 | AI71: 2 | AJ71: 3 | AK71: 4 | AL71: 5 | AM71: 6 | AN71: 7 | AO71: 1 | AP71: 2 | AQ71: 3 | AR71: 4 | AS71: 5 | AT71: 6 | AU71: 7 | AV71: 1 | AW71: 2 | AX71: 3 | AY71: 4 | AZ71: 5 | BA71: 6 | BB71: 7 | BC71: 1 | BD71: 2 | BE71: 3 | BF71: 4 | BG71: 5 | BH71: 6 | BI71: 7 | BJ71: 1 | BK71: 2 | BL71: 3 | BM71: 4 | BN71: 5 | BO71: 6 | BP71: 7 | BQ71: 1 | BR71: 2 | BS71: 3 | BT71: 4 | BU71: 5 | BV71: 6 | BW71: 7 | BX71: 1 | BY71: 2 | BZ71: 3 | CA71: 4 | CB71: 5 | CC71: 6 | CD71: 7 | CE71: 1 | CF71: 2 | CG71: 3 | CH71: 4 | CI71: 5 | CJ71: 6 | CK71: 7 | CL71: 1 | CM71: 2 | CN71: 3 | CO71: 4 | CP71: 5 | CQ71: 6 | CR71: 7 | CS71: 1 | CT71: 2 | CU71: 3 | CV71: 4 | CW71: 5 | CX71: 6 | CY71: 7
L72: VR. MES PROG | M72: =M70+T70+AA70+AH70 -> 931725 | AQ72: =AO70+AV70+BC70+BJ70 -> 931725
A73: =EDIFICACION!A146 -> 4.5 | B73: =EDIFICACION!B146 -> RED SANITARIA PVC 3" | C73: =EDIFICACION!C146 -> ML | D73: 10 | E73: =EDIFICACION!F146 -> 31519 | F73: =E73*D73 -> 315190 | G73: =F73/F259 -> 0.00095173229 | I73: 1 DIA | J73: DIA 30 | K73: DIA 30 | L73: VR. PROG. | AO73: =F73/CZ73*AO74 -> 315190 | CZ73: 1
L74: DIAS | M74: 1 | N74: 2 | O74: 3 | P74: 4 | Q74: 5 | R74: 6 | S74: 7 | T74: 1 | U74: 2 | V74: 3 | W74: 4 | X74: 5 | Y74: 6 | Z74: 7 | AA74: 1 | AB74: 2 | AC74: 3 | AD74: 4 | AE74: 5 | AF74: 6 | AG74: 7 | AH74: 1 | AI74: 2 | AJ74: 3 | AK74: 4 | AL74: 5 | AM74: 6 | AN74: 7 | AO74: 1 | AP74: 2 | AQ74: 3 | AR74: 4 | AS74: 5 | AT74: 6 | AU74: 7 | AV74: 1 | AW74: 2 | AX74: 3 | AY74: 4 | AZ74: 5 | BA74: 6 | BB74: 7 | BC74: 1 | BD74: 2 | BE74: 3 | BF74: 4 | BG74: 5 | BH74: 6 | BI74: 7 | BJ74: 1 | BK74: 2 | BL74: 3 | BM74: 4 | BN74: 5 | BO74: 6 | BP74: 7 | BQ74: 1 | BR74: 2 | BS74: 3 | BT74: 4 | BU74: 5 | BV74: 6 | BW74: 7 | BX74: 1 | BY74: 2 | BZ74: 3 | CA74: 4 | CB74: 5 | CC74: 6 | CD74: 7 | CE74: 1 | CF74: 2 | CG74: 3 | CH74: 4 | CI74: 5 | CJ74: 6 | CK74: 7 | CL74: 1 | CM74: 2 | CN74: 3 | CO74: 4 | CP74: 5 | CQ74: 6 | CR74: 7 | CS74: 1 | CT74: 2 | CU74: 3 | CV74: 4 | CW74: 5 | CX74: 6 | CY74: 7
L75: VR. MES PROG | AQ75: =AO73+AV73+BC73+BJ73 -> 315190
A76: =EDIFICACION!A157 -> 4.6 | B76: =EDIFICACION!B157 -> RED SANITARIA PVC 2" | C76: =EDIFICACION!C157 -> ML | D76: 20 | E76: =EDIFICACION!F157 -> 25495 | F76: =E76*D76 -> 509900 | G76: =F76/F259 -> 0.0015396691 | I76: 1 DIA | J76: DIA 30 | K76: DIA 30 | L76: VR. PROG. | AO76: =F76/CZ76*AO77 -> 509900 | CZ76: 1
L77: DIAS | M77: 1 | N77: 2 | O77: 3 | P77: 4 | Q77: 5 | R77: 6 | S77: 7 | T77: 1 | U77: 2 | V77: 3 | W77: 4 | X77: 5 | Y77: 6 | Z77: 7 | AA77: 1 | AB77: 2 | AC77: 3 | AD77: 4 | AE77: 5 | AF77: 6 | AG77: 7 | AH77: 1 | AI77: 2 | AJ77: 3 | AK77: 4 | AL77: 5 | AM77: 6 | AN77: 7 | AO77: 1 | AP77: 2 | AQ77: 3 | AR77: 4 | AS77: 5 | AT77: 6 | AU77: 7 | AV77: 1 | AW77: 2 | AX77: 3 | AY77: 4 | AZ77: 5 | BA77: 6 | BB77: 7 | BC77: 1 | BD77: 2 | BE77: 3 | BF77: 4 | BG77: 5 | BH77: 6 | BI77: 7 | BJ77: 1 | BK77: 2 | BL77: 3 | BM77: 4 | BN77: 5 | BO77: 6 | BP77: 7 | BQ77: 1 | BR77: 2 | BS77: 3 | BT77: 4 | BU77: 5 | BV77: 6 | BW77: 7 | BX77: 1 | BY77: 2 | BZ77: 3 | CA77: 4 | CB77: 5 | CC77: 6 | CD77: 7 | CE77: 1 | CF77: 2 | CG77: 3 | CH77: 4 | CI77: 5 | CJ77: 6 | CK77: 7 | CL77: 1 | CM77: 2 | CN77: 3 | CO77: 4 | CP77: 5 | CQ77: 6 | CR77: 7 | CS77: 1 | CT77: 2 | CU77: 3 | CV77: 4 | CW77: 5 | CX77: 6 | CY77: 7
L78: VR. MES PROG | AQ78: =AO76+AV76+BC76+BJ76 -> 509900
A79: =EDIFICACION!A168 -> 4.7 | B79: =EDIFICACION!B168 -> RED SANITARIA PVC 4- 110 MM | C79: =EDIFICACION!C168 -> ML | D79: 80 | E79: =EDIFICACION!F168 -> 42283 | F79: =E79*D79 -> 3382640 | G79: =F79/F259 -> 0.010214054 | I79: 1 DIA | J79: DIA 31 | K79: DIA 31 | L79: VR. PROG. | AO79: =F79/CZ79*AO80 -> 3382640 | CZ79: 1
L80: DIAS | M80: 1 | N80: 2 | O80: 3 | P80: 4 | Q80: 5 | R80: 6 | S80: 7 | T80: 1 | U80: 2 | V80: 3 | W80: 4 | X80: 5 | Y80: 6 | Z80: 7 | AA80: 1 | AB80: 2 | AC80: 3 | AD80: 4 | AE80: 5 | AF80: 6 | AG80: 7 | AH80: 1 | AI80: 2 | AJ80: 3 | AK80: 4 | AL80: 5 | AM80: 6 | AN80: 7 | AO80: 1 | AP80: 2 | AQ80: 3 | AR80: 4 | AS80: 5 | AT80: 6 | AU80: 7 | AV80: 1 | AW80: 2 | AX80: 3 | AY80: 4 | AZ80: 5 | BA80: 6 | BB80: 7 | BC80: 1 | BD80: 2 | BE80: 3 | BF80: 4 | BG80: 5 | BH80: 6 | BI80: 7 | BJ80: 1 | BK80: 2 | BL80: 3 | BM80: 4 | BN80: 5 | BO80: 6 | BP80: 7 | BQ80: 1 | BR80: 2 | BS80: 3 | BT80: 4 | BU80: 5 | BV80: 6 | BW80: 7 | BX80: 1 | BY80: 2 | BZ80: 3 | CA80: 4 | CB80: 5 | CC80: 6 | CD80: 7 | CE80: 1 | CF80: 2 | CG80: 3 | CH80: 4 | CI80: 5 | CJ80: 6 | CK80: 7 | CL80: 1 | CM80: 2 | CN80: 3 | CO80: 4 | CP80: 5 | CQ80: 6 | CR80: 7 | CS80: 1 | CT80: 2 | CU80: 3 | CV80: 4 | CW80: 5 | CX80: 6 | CY80: 7
L81: VR. MES PROG | AQ81: =AO79+AV79+BC79+BJ79 -> 3382640
A82: =EDIFICACION!A179 -> 4.8 | B82: =EDIFICACION!B179 -> RED AGUAS NEGRAS PVC 6" - 160 MM - INSTALACION | C82: =EDIFICACION!C179 -> ML | D82: 100 | E82: =EDIFICACION!F179 -> 58046 | F82: =E82*D82 -> 5804600 | G82: =F82/F259 -> 0.017527286
E85: Subtotal | F85: =SUM(F61:F84) -> 24488402 | G85: =F85/F259 -> 0.073943979 | I85: SUB TOTAL POR MES | M85: =M81+M78+M75+M72+M69+M63 -> 5270537 | AQ85: =AQ81+AQ78+AQ75+AQ72+AQ69+AQ63 -> 5139455 | BU85: =BU81+BU78+BU75+BU72+BU69+BU63 -> 0 | CZ85: =SUM(CZ61:CZ81) -> 9
I86: SUB TOTAL | M86: =M85+AQ85+BU85 -> 10409992
A87: =EDIFICACION!A189 -> V | B87: =EDIFICACION!B189 -> MUROS Y PAÑETES
A88: =EDIFICACION!A190 -> 5.1 | B88: =EDIFICACION!B190 -> PAÑETE IMPERMEABILIZADO EN MUROS 1:4 | C88: =EDIFICACION!C190 -> M2 | D88: =(96.3*1.97)+(110.18*2)+(7.28*0.34*3)+(7.28*0.15)+(6.12*0.33*3)+(6.12*0.15)+(9.83*0.8*2)+(9.83*0.61*2)+(0.8*0.3*2)+(0.61*3.18*2)+(0.43*0.3)+(6.98*1.77*4) -> 507.193 | E88: =EDIFICACION!F190 -> 20431 | F88: =E88*D88 -> 10362460 | G88: =F88/F259 -> 0.031289977 | I88: 9 DIA | J88: DIA 34 | K88: DIA 42 | L88: VR. PROG. | AO88: =F88/CZ88*2 -> 2302768.9 | AV88: =F88/CZ88*7 -> 8059691.3 | CZ88: 9
L89: DIAS | M89: 1 | N89: 2 | O89: 3 | P89: 4 | Q89: 5 | R89: 6 | S89: 7 | T89: 1 | U89: 2 | V89: 3 | W89: 4 | X89: 5 | Y89: 6 | Z89: 7 | AA89: 1 | AB89: 2 | AC89: 3 | AD89: 4 | AE89: 5 | AF89: 6 | AG89: 7 | AH89: 1 | AI89: 2 | AJ89: 3 | AK89: 4 | AL89: 5 | AM89: 6 | AN89: 7 | AO89: 1 | AP89: 2 | AQ89: 3 | AR89: 4 | AS89: 5 | AT89: 6 | AU89: 7 | AV89: 1 | AW89: 2 | AX89: 3 | AY89: 4 | AZ89: 5 | BA89: 6 | BB89: 7 | BC89: 1 | BD89: 2 | BE89: 3 | BF89: 4 | BG89: 5 | BH89: 6 | BI89: 7 | BJ89: 1 | BK89: 2 | BL89: 3 | BM89: 4 | BN89: 5 | BO89: 6 | BP89: 7 | BQ89: 1 | BR89: 2 | BS89: 3 | BT89: 4 | BU89: 5 | BV89: 6 | BW89: 7 | BX89: 1 | BY89: 2 | BZ89: 3 | CA89: 4 | CB89: 5 | CC89: 6 | CD89: 7 | CE89: 1 | CF89: 2 | CG89: 3 | CH89: 4 | CI89: 5 | CJ89: 6 | CK89: 7 | CL89: 1 | CM89: 2 | CN89: 3 | CO89: 4 | CP89: 5 | CQ89: 6 | CR89: 7 | CS89: 1 | CT89: 2 | CU89: 3 | CV89: 4 | CW89: 5 | CX89: 6 | CY89: 7
L90: VR. MES PROG | AQ90: =AO88+AV88+BC88+BJ88 -> 10362460
A91: =EDIFICACION!A214 -> 5.4 | B91: =EDIFICACION!B214 -> MURO SENCILLO 0.15, H=15 LADRILLO RUSTICO 6X11X24CM INCLUYE MORTERO 1:4 | C91: =EDIFICACION!C214 -> Ml | D91: 16 | E91: =EDIFICACION!F214 -> 16437 | F91: =E91*D91 -> 262992 | G91: =F91/F259 -> 0.00079411776 | I91: 1 DIA | J91: DIA 33 | K91: DIA 34 | L91: VR. PROG. | AO91: =F91/CZ91*1 -> 262992 | CZ91: 1
L92: DIAS | M92: 1 | N92: 2 | O92: 3 | P92: 4 | Q92: 5 | R92: 6 | S92: 7 | T92: 1 | U92: 2 | V92: 3 | W92: 4 | X92: 5 | Y92: 6 | Z92: 7 | AA92: 1 | AB92: 2 | AC92: 3 | AD92: 4 | AE92: 5 | AF92: 6 | AG92: 7 | AH92: 1 | AI92: 2 | AJ92: 3 | AK92: 4 | AL92: 5 | AM92: 6 | AN92: 7 | AO92: 1 | AP92: 2 | AQ92: 3 | AR92: 4 | AS92: 5 | AT92: 6 | AU92: 7 | AV92: 1 | AW92: 2 | AX92: 3 | AY92: 4 | AZ92: 5 | BA92: 6 | BB92: 7 | BC92: 1 | BD92: 2 | BE92: 3 | BF92: 4 | BG92: 5 | BH92: 6 | BI92: 7 | BJ92: 1 | BK92: 2 | BL92: 3 | BM92: 4 | BN92: 5 | BO92: 6 | BP92: 7 | BQ92: 1 | BR92: 2 | BS92: 3 | BT92: 4 | BU92: 5 | BV92: 6 | BW92: 7 | BX92: 1 | BY92: 2 | BZ92: 3 | CA92: 4 | CB92: 5 | CC92: 6 | CD92: 7 | CE92: 1 | CF92: 2 | CG92: 3 | CH92: 4 | CI92: 5 | CJ92: 6 | CK92: 7 | CL92: 1 | CM92: 2 | CN92: 3 | CO92: 4 | CP92: 5 | CQ92: 6 | CR92: 7 | CS92: 1 | CT92: 2 | CU92: 3 | CV92: 4 | CW92: 5 | CX92: 6 | CY92: 7
L93: VR. MES PROG | AQ93: =AO91+AV91+BC91+BJ91 -> 262992
A94: =EDIFICACION!A223 -> 5.5 | B94: =EDIFICACION!B223 -> MURO PARA SOPORTE DE PLACA DE CONCRETO PARA LAVAAMOS | C94: =EDIFICACION!C223 -> UN | D94: 9 | E94: =EDIFICACION!F223 -> 41503 | F94: =E94*D94 -> 373527 | G94: =F94/F259 -> 0.0011278838 | I94: 1 DIA | J94: DIA 33 | K94: DIA 34 | L94: VR. PROG. | AO94: =F94/CZ94*1 -> 373527 | CZ94: 1
L95: DIAS | M95: 1 | N95: 2 | O95: 3 | P95: 4 | Q95: 5 | R95: 6 | S95: 7 | T95: 1 | U95: 2 | V95: 3 | W95: 4 | X95: 5 | Y95: 6 | Z95: 7 | AA95: 1 | AB95: 2 | AC95: 3 | AD95: 4 | AE95: 5 | AF95: 6 | AG95: 7 | AH95: 1 | AI95: 2 | AJ95: 3 | AK95: 4 | AL95: 5 | AM95: 6 | AN95: 7 | AO95: 1 | AP95: 2 | AQ95: 3 | AR95: 4 | AS95: 5 | AT95: 6 | AU95: 7 | AV95: 1 | AW95: 2 | AX95: 3 | AY95: 4 | AZ95: 5 | BA95: 6 | BB95: 7 | BC95: 1 | BD95: 2 | BE95: 3 | BF95: 4 | BG95: 5 | BH95: 6 | BI95: 7 | BJ95: 1 | BK95: 2 | BL95: 3 | BM95: 4 | BN95: 5 | BO95: 6 | BP95: 7 | BQ95: 1 | BR95: 2 | BS95: 3 | BT95: 4 | BU95: 5 | BV95: 6 | BW95: 7 | BX95: 1 | BY95: 2 | BZ95: 3 | CA95: 4 | CB95: 5 | CC95: 6 | CD95: 7 | CE95: 1 | CF95: 2 | CG95: 3 | CH95: 4 | CI95: 5 | CJ95: 6 | CK95: 7 | CL95: 1 | CM95: 2 | CN95: 3 | CO95: 4 | CP95: 5 | CQ95: 6 | CR95: 7 | CS95: 1 | CT95: 2 | CU95: 3 | CV95: 4 | CW95: 5 | CX95: 6 | CY95: 7
L96: VR. MES PROG | AQ96: =AO94+AV94+BC94+BJ94 -> 373527
E97: Subtotal | F97: =SUM(F88:F96) -> 10998979 | G97: =F97/F259 -> 0.033211979 | I97: SUB TOTAL POR MES | M97: =M90+M96+M93 -> 0 | AQ97: =AQ90+AQ96+AQ93 -> 10998979 | BU97: =BU90+BU96+BU93 -> 0 | CZ97: =SUM(CZ91:CZ96) -> 2
I98: SUB TOTAL | M98: =M97+AQ97+BU97 -> 10998979
A99: =EDIFICACION!A240 -> VI | B99: =EDIFICACION!B240 -> ESTRUCTURAS
A100: =EDIFICACION!A241 -> 6.1 | B100: =EDIFICACION!B241 -> ESTRUCTURA EN CONCRETO REFORZADO PARA SOPORTE DE TANQUE 4.30 X 2.00 X 8.00H SEGÚN DISEÑO. | C100: =EDIFICACION!C241 -> UN | D100: 1 | E100: =EDIFICACION!F241 -> 10263964 | F100: =E100*D100 -> 10263964 | G100: =F100/F259 -> 0.030992563 | I100: 3 DIA | J100: DIA 26 | K100: DIA 28 | L100: VR. PROG. | AH100: =F100/CZ100*3 -> 10263964 | CZ100: 3
L101: DIAS | M101: 1 | N101: 2 | O101: 3 | P101: 4 | Q101: 5 | R101: 6 | S101: 7 | T101: 1 | U101: 2 | V101: 3 | W101: 4 | X101: 5 | Y101: 6 | Z101: 7 | AA101: 1 | AB101: 2 | AC101: 3 | AD101: 4 | AE101: 5 | AF101: 6 | AG101: 7 | AH101: 1 | AI101: 2 | AJ101: 3 | AK101: 4 | AL101: 5 | AM101: 6 | AN101: 7 | AO101: 1 | AP101: 2 | AQ101: 3 | AR101: 4 | AS101: 5 | AT101: 6 | AU101: 7 | AV101: 1 | AW101: 2 | AX101: 3 | AY101: 4 | AZ101: 5 | BA101: 6 | BB101: 7 | BC101: 1 | BD101: 2 | BE101: 3 | BF101: 4 | BG101: 5 | BH101: 6 | BI101: 7 | BJ101: 1 | BK101: 2 | BL101: 3 | BM101: 4 | BN101: 5 | BO101: 6 | BP101: 7 | BQ101: 1 | BR101: 2 | BS101: 3 | BT101: 4 | BU101: 5 | BV101: 6 | BW101: 7 | BX101: 1 | BY101: 2 | BZ101: 3 | CA101: 4 | CB101: 5 | CC101: 6 | CD101: 7 | CE101: 1 | CF101: 2 | CG101: 3 | CH101: 4 | CI101: 5 | CJ101: 6 | CK101: 7 | CL101: 1 | CM101: 2 | CN101: 3 | CO101: 4 | CP101: 5 | CQ101: 6 | CR101: 7 | CS101: 1 | CT101: 2 | CU101: 3 | CV101: 4 | CW101: 5 | CX101: 6 | CY101: 7
L102: VR. MES PROG | M102: =AH100+AA100+T100+M100 -> 10263964 | AQ102: =AO100+AV100+BC100+BJ100 -> 0
A103: =EDIFICACION!A251 -> 6.2 | B103: =EDIFICACION!B251 -> PLACA MACIZA EN MESONES H/.07 X .60 DE ANCHO, INCLUYE MORTERO NIVELACION | C103: =EDIFICACION!C251 -> ML | D103: =3.06*3 -> 9.18 | E103: =EDIFICACION!F251 -> 88777 | F103: =E103*D103 -> 814972.86 | G103: =F103/F259 -> 0.0024608521 | I103: 1 DIA | J103: DIA 32 | K103: DIA 33 | L103: VR. PROG. | AO103: =F103/CZ103*1 -> 814972.86 | CZ103: 1
L104: DIAS | M104: 1 | N104: 2 | O104: 3 | P104: 4 | Q104: 5 | R104: 6 | S104: 7 | T104: 1 | U104: 2 | V104: 3 | W104: 4 | X104: 5 | Y104: 6 | Z104: 7 | AA104: 1 | AB104: 2 | AC104: 3 | AD104: 4 | AE104: 5 | AF104: 6 | AG104: 7 | AH104: 1 | AI104: 2 | AJ104: 3 | AK104: 4 | AL104: 5 | AM104: 6 | AN104: 7 | AO104: 1 | AP104: 2 | AQ104: 3 | AR104: 4 | AS104: 5 | AT104: 6 | AU104: 7 | AV104: 1 | AW104: 2 | AX104: 3 | AY104: 4 | AZ104: 5 | BA104: 6 | BB104: 7 | BC104: 1 | BD104: 2 | BE104: 3 | BF104: 4 | BG104: 5 | BH104: 6 | BI104: 7 | BJ104: 1 | BK104: 2 | BL104: 3 | BM104: 4 | BN104: 5 | BO104: 6 | BP104: 7 | BQ104: 1 | BR104: 2 | BS104: 3 | BT104: 4 | BU104: 5 | BV104: 6 | BW104: 7 | BX104: 1 | BY104: 2 | BZ104: 3 | CA104: 4 | CB104: 5 | CC104: 6 | CD104: 7 | CE104: 1 | CF104: 2 | CG104: 3 | CH104: 4 | CI104: 5 | CJ104: 6 | CK104: 7 | CL104: 1 | CM104: 2 | CN104: 3 | CO104: 4 | CP104: 5 | CQ104: 6 | CR104: 7 | CS104: 1 | CT104: 2 | CU104: 3 | CV104: 4 | CW104: 5 | CX104: 6 | CY104: 7
...

Sheet EDIFICACION
B1: SECRETARIA DE OBRAS PUBLICAS
B2: MUNICIPIO DE VALLEDUPAR
A3: ANALISIS UNITARIOS ÀRA EL PROYECTO MEJORAMIENTO Y REPARACIONES GENERALES BASICAS DE LA INFRAESTRUCTURA FISICA DEL JARDIN NACIONAL ANEXA A LA INSTITUCION EDUCATIVA CASD SIMON BOLIVAR DEL MUNICIPIO DE VALLEDUPAR
A4: FECHA: ENERO DE 2021
A5: ITEMS | B5: DESCRIPCION | C5: U.M | D5: CANTIDAD | E5: VR. UNITARIO | F5: VR. PARCIAL
A6: I | B6: ACTIVIDADES PRELIMINARES
A7: 1.1 | B7: CERRAMIENTO PROVISIONAL EN TELA VERDE H=2.10M | C7: ML | F7: =ROUND(SUM(F8:F16),0) -> 28915 | M7: =SUM(F8:F16) -> 28915.094 | W7: 26999 | AD7: ÍTEM: | AE7: Cerramiento provisional en lámina metálica h=2,4m | AG7: No. | AI7: UNIDAD: | AJ7: ML
B8: =INSUMOS!B27 -> TELA VERDE ESTABILIZADA 2.1 | C8: ML | D8: 1 | E8: =+INSUMOS!D27 -> 1666 | F8: =+D8*E8 -> 1666
B9: =INSUMOS!B42 -> PUNTILLA CON CABEZA 3/4 a 1" | C9: lb | D9: 0.027 | E9: =INSUMOS!D42 -> 5261.18 | F9: =+D9*E9 -> 142.05186 | AD9: I. MATERIALES
B10: =INSUMOS!B6 -> ALGARROBILLO 4"X2"X3.00MT | C10: UN | D10: 0.8 | E10: =+INSUMOS!D6 -> 15470 | F10: =+D10*E10 -> 12376
B11: LISTON EN MADERA 2X2" | C11: UN | D11: 0.8 | E11: =INSUMOS!D7 -> 8050.35 | F11: =+D11*E11 -> 6440.28 | AD11: DESCRIPCIÓN | AF11: UN. | AG11: CANTIDAD | AH11: PRECIO UNIT. | AI11: VR. PARCIAL
B12: CONCRETO 2500 PSI ELABORADO EN OBRA | C12: m3 | D12: 0.008 | E12: =BASICOS!E144 -> 39201.447 | F12: =D12*E12 -> 313.61158 | AD12: Teja de zinc para cerramiento h=2.4m | AF12: =IFERROR(INDEX([2]ListaInsumos!$B$11:$D$195,MATCH(AD12,[2]ListaInsumos!$B$11:$B$195,0),2),"") -> un | AG12: 1.35 | AH12: =IFERROR(INDEX([2]ListaInsumos!$B$11:$D$195,MATCH(AD12,[2]ListaInsumos!$B$11:$B$195,0),3),0) -> 16100 | AI12: =+ROUNDUP(AH12*AG12,0) -> 21735
B13: DESPERDICIO | C13: % | D13: 0.05 | E13: =SUM(F8:F10) -> 14184.052 | F13: =+D13*E13 -> 709.20259 | AD13: Listón en amargo de 2x4" | AF13: =IFERROR(INDEX([2]ListaInsumos!$B$11:$D$195,MATCH(AD13,[2]ListaInsumos!$B$11:$B$195,0),2),"") -> un | AG13: 0.5 | AH13: =IFERROR(INDEX([2]ListaInsumos!$B$11:$D$195,MATCH(AD13,[2]ListaInsumos!$B$11:$B$195,0),3),0) -> 29900 | AI13: =+ROUNDUP(AH13*AG13,0) -> 14950
B14: TRANSPORTE | C14: % | E14: =SUM(F8:F13) -> 21647.146 | F14: =+D14*E14 -> 0 | AD14: Vara de madera rolliza L=6m | AF14: =IFERROR(INDEX([2]ListaInsumos!$B$11:$D$195,MATCH(AD14,[2]ListaInsumos!$B$11:$B$195,0),2),"") -> un | AG14: 0.5 | AH14: =IFERROR(INDEX([2]ListaInsumos!$B$11:$D$195,MATCH(AD14,[2]ListaInsumos!$B$11:$B$195,0),3),0) -> 18000 | AI14: =+ROUNDUP(AH14*AG14,0) -> 9000
B15: HERRAMIENTAS MENORES | C15: %MO | D15: 0.03 | E15: =+F16 -> 7056.2605 | F15: =+D15*E15 -> 211.68781 | AD15: Alambre negro N° 18 | AF15: =IFERROR(INDEX([2]ListaInsumos!$B$11:$D$195,MATCH(AD15,[2]ListaInsumos!$B$11:$B$195,0),2),"") -> kg | AG15: 0.1 | AH15: =IFERROR(INDEX([2]ListaInsumos!$B$11:$D$195,MATCH(AD15,[2]ListaInsumos!$B$11:$B$195,0),3),0) -> 3616 | AI15: =+ROUNDUP(AH15*AG15,0) -> 362
B16: MANO DE OBRA AA | C16: hc | D16: 0.27 | E16: =+'VALOR CUADRILLAS MO'!D75 -> 26134.298 | F16: =+D16*E16 -> 7056.2605 | AD16: Puntilla de 1 a 6" | AF16: =IFERROR(INDEX([2]ListaInsumos!$B$11:$D$195,MATCH(AD16,[2]ListaInsumos!$B$11:$B$195,0),2),"") -> kg | AG16: 0.05 | AH16: =IFERROR(INDEX([2]ListaInsumos!$B$11:$D$195,MATCH(AD16,[2]ListaInsumos!$B$11:$B$195,0),3),0) -> 4700 | AI16: =+ROUNDUP(AH16*AG16,0) -> 235
AD17: Concreto mezclado en obra 14 MPa | AF17: =IFERROR(INDEX([2]ListaInsumos!$B$11:$D$195,MATCH(AD17,[2]ListaInsumos!$B$11:$B$195,0),2),"") -> m3 | AG17: 0.008 | AH17: =IFERROR(INDEX([2]ListaInsumos!$B$11:$D$195,MATCH(AD17,[2]ListaInsumos!$B$11:$B$195,0),3),0) -> 251712 | AI17: =+ROUNDUP(AH17*AG17,0) -> 2014
A18: 1.2 | B18: EXCAVACION MANUAL PARA RETIRO DE TUBERIA Y ZAPATAS DE TANQUE ELEVADO | C18: M3 | F18: =ROUND(SUM(F19:F20),0) -> 34994
B19: HERRAMIENTAS MENORES | C19: %MO | D19: 0.03 | E19: =+F20 -> 33974.587 | F19: =(D19*E19) -> 1019.2376
B20: MANO DE OBRA AA | C20: hc | D20: 1.3 | E20: =+'VALOR CUADRILLAS MO'!D75 -> 26134.298 | F20: =+D20*E20 -> 33974.587 | G20: Asotecva 2.015 | I20: 15000 | J20: =I20-F19 -> 13980.762
A22: 1.3 | B22: RELLENO SELECCIONADO, INCL. SUMINISTRO Y COMPACTACION | C22: M3 | F22: =ROUND(SUM(F23:F28),0) -> 52398
B23: RELLENO SELECCIONADO | C23: M3 | D23: 1 | E23: =BASICOS!D18 -> 14280 | F23: =+D23*E23 -> 14280
B24: PORCENTAJE POR COMPACTACION | C24: M3 | D24: 0.3 | E24: =E23 -> 14280 | F24: =+D24*E24 -> 4284
B25: TRANSPORTE | C25: KM-M3 | D25: =1.3*10 -> 13 | E25: =+INSUMOS!D23 -> 1094.8912 | F25: =+D25*E25 -> 14233.586
B26: VIBROCOMPACTADOR TIPO RANA | C26: d | D26: 0.045 | E26: =+BASICOS!D42 -> 136480.48 | F26: =+D26*E26 -> 6141.6215
B27: HERRAMIENTAS MENORES | C27: %MO | D27: 0.03 | E27: =+F28 -> 13067.149 | F27: =(D27*E27) -> 392.01447
B28: MANO DE OBRA AA | C28: hc | D28: 0.5 | E28: =+'VALOR CUADRILLAS MO'!D75 -> 26134.298 | F28: =+D28*E28 -> 13067.149 | G28: =F28/0.3 -> 43557.163 | M28: =F28*0.15 -> 1960.0723
A30: II | B30: DEMOLICIONES Y DESMONTES
A31: 2.1 | B31: DEMOLICIÓN PISO ESPESOR HASTA .10 | C31: M2 | F31: =ROUND(SUM(F32:F33),0) -> 14805
B32: HERRAMIENTAS MENORES | C32: %MO | D32: 0.03 | E32: =+F33 -> 14373.864 | F32: =(D32*E32) -> 431.21592
B33: MANO DE OBRA AA | C33: hc | D33: 0.55 | E33: ='VALOR CUADRILLAS MO'!D75 -> 26134.298 | F33: =+D33*E33 -> 14373.864
A35: 2.2 | B35: DEMOLICIÓN MUROS SENCILLOS | C35: M2 | F35: =ROUND(SUM(F36:F37),0) -> 9421
B36: HERRAMIENTAS MENORES | C36: %MO | D36: 0.03 | E36: =+F37 -> 9147.0043 | F36: =(D36*E36) -> 274.41013
B37: MANO DE OBRA AA | C37: hc | D37: 0.35 | E37: =+'VALOR CUADRILLAS MO'!D75 -> 26134.298 | F37: =+D37*E37 -> 9147.0043
A40: 2.3 | B40: DESMONTE DE APARATOS SANITARIOS, LAVAMANOS Y LAVAPLATOS | C40: UN | F40: =ROUND(SUM(F41:F42),0) -> 26649
B41: HERRAMIENTA MENOR | C41: %MO | D41: 0.03 | E41: =+F42 -> 25872.955 | F41: =+D41*E41 -> 776.18865
B42: MANO DE OBRA BB | C42: hc | D42: 0.9 | E42: =+BASICOS!D55 -> 28747.728 | F42: =+D42*E42 -> 25872.955
A44: 2.4 | B44: DESMONTE DE LAMPARAS FLUORESCENTES DE 2X48 | C44: UN | F44: =ROUND(SUM(F45:F46),0) -> 29610
B45: HERRAMIENTA MENOR | C45: %MO | D45: 0.03 | E45: =+F46 -> 28747.728 | F45: =+D45*E45 -> 862.43183
B46: MANO DE OBRA BB | C46: hc | D46: 1 | E46: =E42 -> 28747.728 | F46: =+D46*E46 -> 28747.728
A48: 2.5 | B48: DESMONTE MARCOS Y PUERTAS | C48: M2 | F48: =ROUND(SUM(F49:F50),0) -> 10767 | G48: x2,5 = $17.465,00 UN
B49: HERRAMIENTAS MENORES | C49: %MO | D49: 0.03 | E49: =+F50 -> 10453.719 | F49: =(D49*E49) -> 313.61158
B50: MANO DE OBRA AA | C50: hc | D50: =0.4 -> 0.4 | E50: =+'VALOR CUADRILLAS MO'!D75 -> 26134.298 | F50: =+D50*E50 -> 10453.719
A52: 2.6 | B52: REVISION DE CUBIERTAS CANALETA ASBESTO CEMENTO, INCLUYE REPARACION DE GOTERAS | C52: M2 | F52: =ROUND(SUM(F53:F56),0) -> 10716
B53: ANDAMIO TUBULAR | C53: d | D53: 0.5 | E53: =+BASICOS!D33 -> 2856 | F53: =+D53*E53 -> 1428
B54: =INSUMOS!B260 -> TAPAGOTERA SUPER EPOXICO METALICO 1/8 | D54: 0.05 | E54: =INSUMOS!D260 -> 13474.37 | F54: =+D54*E54 -> 673.7185
B55: HERRAMIENTAS MENORES | C55: %MO | D55: 0.03 | E55: =+F56 -> 8362.9754 | F55: =(D55*E55) -> 250.88926
B56: MANO DE OBRA AA | C56: hc | D56: 0.32 | E56: =+'VALOR CUADRILLAS MO'!D75 -> 26134.298 | F56: =+D56*E56 -> 8362.9754
A58: 2.7 | B58: RETIRO DE TUBERIA DE 0 A 12" NO INCL. EXCAVACION | C58: ML | F58: =ROUND(SUM(F59:F60),0) -> 5114
B59: HERRAMIENTAS MENORES | C59: %MO | D59: 0.03 | E59: =+F60 -> 4965.5166 | F59: =(D59*E59) -> 148.9655
B60: MANO DE OBRA AA | C60: hc | D60: =0.19 -> 0.19 | E60: =+'VALOR CUADRILLAS MO'!D75 -> 26134.298 | F60: =+D60*E60 -> 4965.5166
A62: 2.8 | B62: DEMOLICIONES DE ENCHAPES | C62: M2 | F62: =ROUND(SUM(F63:F64),0) -> 9421
B63: HERRAMIENTAS MENORES | C63: %MO | D63: 0.03 | E63: =F64 -> 9147.0043 | F63: =D63*E63 -> 274.41013
B64: MANO DE OBRA AA | C64: hc | D64: 0.35 | E64: =+'VALOR CUADRILLAS MO'!D75 -> 26134.298 | F64: =D64*E64 -> 9147.0043
A66: 2.9 | B66: DEMOLICION DE PAÑETE | C66: M2 | F66: =ROUND(SUM(F67:F68),0) -> 4576
B67: HERRAMIENTAS MENORES | C67: %MO | D67: 0.03 | E67: =+F68 -> 4442.8307 | F67: =(D67*E67) -> 133.28492
B68: MANO DE OBRA AA | C68: hc | D68: 0.17 | E68: =+'VALOR CUADRILLAS MO'!D75 -> 26134.298 | F68: =+D68*E68 -> 4442.8307
A70: III | B70: CIMENTACIONES
A71: 3.1 | B71: SOLADO CONCRETO 2.500 PSI | C71: M3 | F71: =ROUND(SUM(F72:F76),0) -> 509326 | M71: M2 | N71: =F71*0.05 -> 25466.3
B72: CONCRETO 2500 PSI ELABORADO EN OBRA | C72: M3 | D72: 1 | E72: =+BASICOS!E156 -> 367144 | F72: =+D72*E72 -> 367144
B73: DESPERDICIO | C73: % | D73: 0.05 | E73: =SUM(F72) -> 367144 | F73: =+D73*E73 -> 18357.2
B74: TRANSPORTE | C74: % | E74: =SUM(F72:F73) -> 385501.2 | F74: =+D74*E74 -> 0
B75: HERRAMIENTAS MENORES | C75: %MO | D75: 0.03 | E75: =+F76 -> 120217.77 | F75: =(D75*E75) -> 3606.5331
B76: MANO DE OBRA AA | C76: hc | D76: 4.6 | E76: =+'VALOR CUADRILLAS MO'!D75 -> 26134.298 | F76: =+D76*E76 -> 120217.77 | G76: ASOTEVA 2.014 | H76: =4050/0.05 -> 81000 | I76: =F76*0.05 -> 6010.8885
A78: 3.2 | B78: CICLOPEOS 60% CONCRETO 3000 PSI Y 40% PIEDRA | C78: M3 | F78: 444423
B79: CONCRETO 3000 PSI ELABORADO EN OBRA | C79: M3 | D79: 0.6 | E79: 373121 | F79: 223872.6
B80: PIEDRA | C80: M3 | D80: 0.4 | E80: 65000 | F80: 26000
B81: DESPERDICIO | C81: % | D81: 0.05 | E81: 249872.6 | F81: 12493.63
B82: TRANSPORTE | C82: % | E82: 262366.23 | F82: 0
B83: HERRAMIENTAS MENORES | C83: %MO | D83: 0.03 | E83: 176753.73 | F83: 5302.6118
B84: MANO DE OBRA AA | C84: hc | D84: 7 | E84: 25250.532 | F84: 176753.73
A86: 3.3 | B86: ZAPATAS EN CONCRETO 3.000 PSI | C86: M3 | F86: =ROUND(SUM(F87:F92),0) -> 582236
B87: CONCRETO 3000 PSI ELABORADO EN OBRA | C87: M3 | D87: 1 | E87: =BASICOS!E146 -> 392821 | F87: =+D87*E87 -> 392821
B88: DESPERDICIO | C88: % | D88: 0.05 | E88: =SUM(F87) -> 392821 | F88: =+D88*E88 -> 19641.05
B89: VIBRADOR CON OPERADOR | C89: d | D89: 0.1 | E89: =BASICOS!D42 -> 136480.48 | F89: =+D89*E89 -> 13648.048
B90: TRANSPORTE | C90: % | E90: =SUM(F87:F89) -> 426110.1 | F90: =+D90*E90 -> 0
B91: HERRAMIENTAS MENORES | C91: %MO | D91: 0.03 | E91: =+F92 -> 151578.93 | F91: =(D91*E91) -> 4547.3679
B92: MANO DE OBRA AA | C92: hc | D92: =5.8 -> 5.8 | E92: ='VALOR CUADRILLAS MO'!D75 -> 26134.298 | F92: =+D92*E92 -> 151578.93
A94: IV | B94: INSTALACIONES SANITARIAS
A95: 4.1 | B95: CAJA DE INSPECCIÓN DE 60x60x60CM, EN CONCRETO DE f'c=3.000PSI IMPERMEABILIZADO, INCLUYE EXCAVACIÓN Y TAPE, TAPA Y HERRAJES, CAÑUELAS, MARCOS EN ANGULO DE 1 1/2"X3/16 E INCLUYE TODO LO NECESARIO PARA SU CORRECTO FUNCIONAMIENTO | C95: UN | F95: =ROUND(SUM(F96:F105),0) -> 287179
B96: CONCRETO 3000 PSI IMPERMEABILIZADO | C96: M3 | D96: 0.17 | E96: =+BASICOS!E135 -> 425444 | F96: =+D96*E96 -> 72325.48
B97: MORTERO 1:4 IMPERMEABILIZADIO PARA CAÑUELAS | C97: M3 | D97: 0.02 | E97: =+BASICOS!E96 -> 405781 | F97: =+D97*E97 -> 8115.62
B98: ACERO DE REFUERZO PDR-60 | C98: kg | D98: 6.72 | E98: =+INSUMOS!D46 -> 5600 | F98: =+D98*E98 -> 37632
B99: ALAMBRE NEGRO NO.18 | C99: kg | D99: =+D98*3% -> 0.2016 | E99: =+INSUMOS!D44 -> 7066.22 | F99: =+D99*E99 -> 1424.55
B100: TAPA Y MARCO PARA REGISTRO ELECTRICO O SANITARIO 0.60X0.60, EN ANGULO 3/16X1 1/2" EN TAPA Y MARCO, INCL. VARILLAS DE 6MM Y ANTICORROSIVO | C100: UN | D100: 1 | E100: =+INSUMOS!D194 -> 75000 | F100: =+D100*E100 -> 75000
B101: DESPERDICIO | C101: % | D101: 0.05 | E101: =SUM(F96:F99) -> 119497.65 | F101: =+D101*E101 -> 5974.8825
B102: FORMALETA | C102: UN | D102: 0.53 | E102: =+INSUMOS!D8 -> 21387.87 | F102: =+D102*E102 -> 11335.571
B103: TRANSPORTE | C103: % | E103: =SUM(F96:F102) -> 211808.1 | F103: =+D103*E103 -> 0
B104: HERRAMIENTAS MENORES | C104: %MO | D104: 0.03 | E104: =+F105 -> 73176.034 | F104: =(D104*E104) -> 2195.281
B105: MANO DE OBRA AA | C105: hc | D105: =2.8 -> 2.8 | E105: =+'VALOR CUADRILLAS MO'!D75 -> 26134.298 | F105: =+D105*E105 -> 73176.034
A107: 4.2 | B107: CONSTRUCCION DE CANAL EN CONCRETO DE 3000 PSI PARA RECOGER AGUAS LLUVIAS EN EL ACCESO PRINCIPALY LOS PATIOS Y LAS CANCHAS, INCLUYE REGILLA EN ANGULO DE 3/16 CON VARILLAS CORRUGADAS de 5/8" CADA 4CMS DE DIASTANCIA ENTRE VARILLAS, CON ANTICORROSIVO GRIS Y ESMALTE SINTETICO, SECCION 30CMS DE ANCHO X 40CMS DE PROFUNDIDAD, ESPESORES DE MUROS 15CMS Y TABLON FACHALETA DE 1E4X0,8 PARA ACABADOS DEL CANAL | C107: ML | F107: =ROUND(SUM(F108:F122),0) -> 827381
B108: CONCRETO 3000 PSI IMPERMEABILIZADO | C108: M3 | D108: 0.21 | E108: =BASICOS!E135 -> 425444 | F108: =+D108*E108 -> 89343.24
B109: MORTERO 1:4 IMPERMEABILIZADIO PARA CAÑUELAS | C109: M3 | D109: =(0.4+0.4+0.3)*0.02 -> 0.022 | E109: =BASICOS!E96 -> 405781 | F109: =+D109*E109 -> 8927.182
B110: ACERO DE REFUERZO PDR-60 | C110: kg | D110: 6.72 | E110: =+INSUMOS!D58 -> 4678.1175 | F110: =+D110*E110 -> 31436.95
B111: ALAMBRE NEGRO NO.18 | C111: kg | D111: 25.11 | E111: =INSUMOS!D44 -> 7066.22 | F111: =+D111*E111 -> 177432.78
B112: ANGULO 3/16" X 2 1/2" X 6 ML | C112: UN | D112: 2.1 | E112: =INSUMOS!D62 -> 17324.417 | F112: =+D112*E112 -> 36381.275
B113: =INSUMOS!B272 -> SOLD. W/ARCO 6010 X 1/8 504195 | C113: KL | D113: 5 | E113: =INSUMOS!D272 -> 15232 | F113: =E113*D113 -> 76160
B114: =BASICOS!A52 -> EQUIPO DE SOLDADURA | C114: DIA | D114: 0.5 | E114: =BASICOS!D52 -> 350000 | F114: =E114*D114 -> 175000
B115: TABLON FACHALETA 14 X 0.8 SHORA X 1 MTR | C115: UN | D115: 0.3 | E115: =INSUMOS!D273 -> 19523.14 | F115: =E115*D115 -> 5856.942
B116: FORMALETA | C116: UN | D116: 0.53 | E116: =INSUMOS!D8 -> 21387.87 | F116: =+D116*E116 -> 11335.571
...

Sheet URBANISMO
B1: =+'LISTADO DE UNITARIOS'!$A$3:$C$3 -> 0
A2: ANALISIS DE PRECIOS UNITARIOS URBANISMO -VALLEDUPAR
A3: FECHA: ENERO DE 2020
A4: ITEMS | B4: DESCRIPCION | C4: U.M | D4: CANTIDAD | E4: VR. UNITARIO | F4: VR. PARCIAL
A5: I | B5: ACTIVIDADES PRELIMINARES
A6: 1 | B6: DESCAPOTE A MANUAL EN TERRENO COMUN, HASTA ESP .15 MT | C6: M2 | F6: =ROUND(SUM(F7:F8),0) -> 3499
B7: HERRAMIENTAS MENORES | C7: %MO | D7: 0.03 | E7: =+F8 -> 3397.4587 | F7: =+F8*3% -> 101.92376
B8: MANO DE OBRA AA | C8: hc | D8: =0.13 -> 0.13 | E8: =+'VALOR CUADRILLAS MO'!D75 -> 26134.298 | F8: =+D8*E8 -> 3397.4587
A10: =A6+1 -> 2 | B10: LOCALIZACION Y REPLANTEO CON EQUIPO EN VIAS URBANAS | C10: M2 | F10: =ROUND(SUM(F11:F16),0) -> #REF!
B11: ESTACA DE MADERA | C11: UN | D11: 0.15 | E11: =+INSUMOS!D5 -> 2067.03 | F11: =+D11*E11 -> 310.0545
B12: PUNTILLA CON CABEZA 2 | C12: lb | D12: 0.0015 | E12: =+INSUMOS!D41 -> 3464.09 | F12: =+D12*E12 -> 5.196135
B13: EQUIPO DE TOPOGRAFIA | C13: MES | D13: 8e-05 | E13: =+INSUMOS!D19 -> 3267000 | F13: =+D13*E13 -> 261.36
B14: CADENERO 1 | C14: MES | D14: 9e-05 | E14: =+INSUMOS!D20 -> 1526000 | F14: =+D14*E14 -> 137.34
B15: CADENERO 2 | C15: MES | D15: 9e-05 | E15: =+INSUMOS!D21 -> 1329000 | F15: =+D15*E15 -> 119.61
B16: TOPOGRAFO | C16: MES | D16: 8e-05 | E16: =+INSUMOS!#REF! -> #REF! | F16: =+D16*E16 -> #REF!
H17: TOPOGRAFIA VIAS URBANAS $1.500.000 KM
A18: =A10+1 -> 3 | B18: CERRAMIENTO PROVISIONAL EN TELA VERDE 2.1 | C18: ML | F18: =ROUND(SUM(F19:F26),0) -> #REF!
B19: TELA VERDE ESTABILIZADA 2.1 | C19: ML | D19: 1 | E19: =+INSUMOS!D27 -> 1666 | F19: =+D19*E19 -> 1666
B20: PUNTILLA CON CABEZA 2 | C20: lb | D20: 0.027 | E20: =INSUMOS!D42 -> 5261.18 | F20: =+D20*E20 -> 142.05186
B21: ALGARROBILLO 4X2"de 2,50 ml largo | C21: UN | D21: 0.8 | E21: =+INSUMOS!D6 -> 15470 | F21: =+D21*E21 -> 12376
B22: LISTON EN MADERA 2X2" | C22: UN | D22: 0.8 | E22: =INSUMOS!#REF! -> #REF! | F22: =+D22*E22 -> #REF!
B23: DESPERDICIO | C23: % | D23: 0.05 | E23: =SUM(F19:F21) -> 14184.052 | F23: =+D23*E23 -> 709.20259
B24: TRANSPORTE | C24: % | E24: =SUM(F19:F23) -> #REF! | F24: =+D24*E24 -> #REF!
B25: HERRAMIENTAS MENORES | C25: %MO | D25: 0.03 | E25: =+F26 -> 7056.2605 | F25: =+D25*E25 -> 211.68781
B26: MANO DE OBRA AA | C26: hc | D26: 0.27 | E26: =+'VALOR CUADRILLAS MO'!D75 -> 26134.298 | F26: =+D26*E26 -> 7056.2605
A28: =A18+1 -> 4 | B28: TRAZADO Y REPLANTEO | C28: M2 | F28: =ROUND(SUM(F29:F34),0) -> 4513
B29: ESTACA DE MADERA | C29: UN | D29: 0.3 | E29: =+INSUMOS!D5 -> 2067.03 | F29: =+D29*E29 -> 620.109
B30: PUNTILLA CON CABEZA 2 | C30: lb | D30: 0.0027 | E30: =+INSUMOS!D41 -> 3464.09 | F30: =+D30*E30 -> 9.353043
B31: DESPERDICIO | C31: % | D31: 0.05 | E31: =SUM(F29:F30) -> 629.46204 | F31: =+D31*E31 -> 31.473102
B32: TRANSPORTE | C32: % | E32: =SUM(F29:F31) -> 660.93515 | F32: =+D32*E32 -> 0
B33: HERRAMIENTAS MENORES | C33: %MO | D33: 0.03 | E33: =+F34 -> 3739.52 | F33: =(D33*E33) -> 112.1856
B34: MANO DE OBRA AA | C34: hc | D34: 0.1430886 | E34: =+'VALOR CUADRILLAS MO'!D75 -> 26134.298 | F34: =+D34*E34 -> 3739.52
A36: II | B36: DEMOLICIONES Y DESMONTES
A37: =A28+1 -> 5 | B37: RETIRO SOBRANTES | C37: M3 | F37: =ROUND(SUM(F38:F39),0) -> 20551
B38: VOLQUETA 6 M3 | C38: vj | D38: 0.17 | E38: =+INSUMOS!D31 -> 120000 | F38: =+D38*E38 -> 20400
B39: =+INSUMOS!B32 -> CARGADOR : POTENCIA EN EL VOLANTE 110 HP, CLASIFICACIÓN DE RPM DEL MOTOR 2300. | C39: h | D39: 0.001 | E39: =+INSUMOS!D32 -> 151027.54 | F39: =+D39*E39 -> 151.02754
A41: =A37+1 -> 6 | B41: DEMOLICIÓN PISO ESPESOR HASTA .10 | C41: M2 | F41: =ROUND(SUM(F42:F43),0) -> 14805
B42: HERRAMIENTAS MENORES | C42: %MO | D42: 0.03 | E42: =+F43 -> 14373.864 | F42: =(D42*E42) -> 431.21592
B43: MANO DE OBRA AA | C43: hc | D43: 0.55 | E43: =+'VALOR CUADRILLAS MO'!D75 -> 26134.298 | F43: =+D43*E43 -> 14373.864
A45: =+A41+1 -> 7 | B45: CORTE CALZADA EN CONCRETO | C45: ML | F45: =ROUND(SUM(F46:F47),0) -> 6523
B46: CORTADORA DE CONCRETO | C46: ML | D46: 1 | E46: =BASICOS!D40 -> 6000 | F46: =+D46*E46 -> 6000
B47: MANO DE OBRA AA | C47: hc | D47: 0.02 | E47: =+'VALOR CUADRILLAS MO'!D75 -> 26134.298 | F47: =+D47*E47 -> 522.68596
A49: =+A45+1 -> 8 | B49: DEMOLICIÓN ANDENES MENORES DE 50CM | C49: Ml | F49: =ROUND(SUM(F50:F51),0) -> 7268
B50: HERRAMIENTAS MENORES | C50: %MO | D50: 0.03 | E50: =+F51 -> 7056.2605 | F50: =(D50*E50) -> 211.68781
B51: MANO DE OBRA AA | C51: hc | D51: 0.27 | E51: =+'VALOR CUADRILLAS MO'!D75 -> 26134.298 | F51: =+D51*E51 -> 7056.2605
A53: =+A49+1 -> 9 | B53: DEMOLICIÓN ANDENES | C53: M2 | F53: =ROUND(SUM(F54:F55),0) -> 7268
B54: HERRAMIENTAS MENORES | C54: %MO | D54: 0.03 | E54: =+F55 -> 7056.2605 | F54: =(D54*E54) -> 211.68781
B55: MANO DE OBRA AA | C55: hc | D55: 0.27 | E55: =+'VALOR CUADRILLAS MO'!D75 -> 26134.298 | F55: =+D55*E55 -> 7056.2605
A57: =+A53+1 -> 10 | B57: DEMOLICION BORDILLO EN CONCRETO EXISTENTES | C57: Ml | F57: =ROUND(SUM(F58:F59),0) -> 6730
B58: HERRAMIENTAS MENORES | C58: %MO | D58: 0.03 | E58: =+F59 -> 6533.5745 | F58: =(D58*E58) -> 196.00723
B59: MANO DE OBRA AA | C59: hc | D59: 0.25 | E59: =+'VALOR CUADRILLAS MO'!D75 -> 26134.298 | F59: =+D59*E59 -> 6533.5745
A61: =+A57+1 -> 11 | B61: DEMOLICIÓN PAVIMENTOS EN CONCRETO e= 0,15 y 0,20 m | C61: M2 | F61: =ROUND(SUM(F62:F63),0) -> 18843
B62: HERRAMIENTAS MENORES | C62: %MO | D62: 0.03 | E62: =+F63 -> 18294.009 | F62: =(D62*E62) -> 548.82026
B63: MANO DE OBRA AA | C63: hc | D63: 0.7 | E63: =+'VALOR CUADRILLAS MO'!D75 -> 26134.298 | F63: =+D63*E63 -> 18294.009
A65: =+A61+1 -> 12 | B65: DEMOLICIÓN MANUAL DE PAVIMENTOS EN CONCRETO | C65: M3 | F65: =ROUND(SUM(F66:F67),0) -> 96044
B66: HERRAMIENTAS MENORES | C66: %MO | D66: 0.03 | E66: =+F67 -> 93246.663 | F66: =(D66*E66) -> 2797.3999
B67: MANO DE OBRA AA | C67: hc | D67: 3.5679804 | E67: =+'VALOR CUADRILLAS MO'!D75 -> 26134.298 | F67: =+D67*E67 -> 93246.663
A69: =+A65+1 -> 13 | B69: DEMOLICIÓN PAVIMENTOS EN EMPEDRADOS | C69: M3 | F69: =ROUND(SUM(F70:F71),0) -> 53837
B70: HERRAMIENTAS MENORES | C70: %MO | D70: 0.03 | E70: =+F71 -> 52268.596 | F70: =(D70*E70) -> 1568.0579
B71: MANO DE OBRA AA | C71: hc | D71: 2 | E71: =+'VALOR CUADRILLAS MO'!D75 -> 26134.298 | F71: =+D71*E71 -> 52268.596
A73: =+A69+1 -> 14 | B73: DEMOLICIÓN MECANICA DE PAVIMENTOS EN CONCRETO | C73: M3 | F73: =ROUND(SUM(F74:F77),0) -> #REF! | G73: =F73*0.15 -> #REF!
B74: EQUIPO DE DEMOLICIÓN (COMPRESOR 2 MARTILLOS ) TRASLADO | C74: HR | D74: 1.1 | E74: =INSUMOS!#REF! -> #REF! | F74: =+D74*E74 -> #REF! | I74: =F74*0.15 -> #REF!
B75: MATERIALES VARIOS PARA DEMARCACIÓN | C75: UN | D75: 1.03 | E75: =INSUMOS!#REF! -> #REF! | F75: =+D75*E75 -> #REF!
B76: HERRAMIENTAS MENORES | C76: M | D76: 0.03 | E76: =+F77 -> 10453.719 | F76: =+D76*E76 -> 313.61158
B77: MANO DE OBRA AA | C77: hc | D77: 0.4 | E77: =+'VALOR CUADRILLAS MO'!D75 -> 26134.298 | F77: =+D77*E77 -> 10453.719
A79: =+A73+1 -> 15 | B79: DEMOLICIÓN DE PAVIMENTOS EN CONCRETO ASFÁLTICO MANUAL | C79: M3 | F79: =ROUND(SUM(F80:F83),0) -> #REF!
B80: EQUIPO DE DEMOLICIÓN (COMPRESOR) | C80: HR | D80: 0.16 | E80: =INSUMOS!#REF! -> #REF! | F80: =+D80*E80 -> #REF!
B81: MATERIALES VARIOS PARA DEMARCACIÓN | C81: UN | D81: 1 | E81: =INSUMOS!#REF! -> #REF! | F81: =+D81*E81 -> #REF!
B82: HERRAMIENTAS MENORES | C82: M3 | D82: 0.03 | E82: =+F83 -> 16987.294 | F82: =+D82*E82 -> 509.61881
B83: MANO DE OBRA AA | C83: Día | D83: 0.65 | E83: =+'VALOR CUADRILLAS MO'!D75 -> 26134.298 | F83: =+D83*E83 -> 16987.294
A85: =A79+1 -> 16 | B85: RETIRO DE TUBERIA DE 0 A 12" NO INCL. EXCAVACION | C85: ML | F85: =ROUND(SUM(F86:F87),0) -> 5114
B86: HERRAMIENTAS MENORES | C86: %MO | D86: 0.03 | E86: =+F87 -> 4965.5166 | F86: =(D86*E86) -> 148.9655
B87: MANO DE OBRA AA | C87: hc | D87: =0.19 -> 0.19 | E87: =+'VALOR CUADRILLAS MO'!D75 -> 26134.298 | F87: =+D87*E87 -> 4965.5166
A89: =+A85+1 -> 17 | B89: ACARREO MATERIALES PETREOS POR KILOMETRO | C89: M3/Km | F89: =ROUND(SUM(F90),0) -> 1100
B90: VOLQUETA 6 M3 | C90: vj | D90: 0.0091633333 | E90: =+INSUMOS!D31 -> 120000 | F90: =+D90*E90 -> 1099.6
A92: =+A89+1 -> 18 | B92: ACARREO EN CARRETILLA DE MATERIALES, ESCOMBROS Y OTROS, DISTANCIA MAXIMA 100ML | C92: M3 | F92: =ROUND(SUM(F93:F94),0) -> 12348
B93: HERRAMIENTAS MENORES | C93: %MO | D93: 0.05 | E93: =+F94 -> 11760.434 | F93: =(D93*E93) -> 588.0217
B94: MANO DE OBRA AA | C94: hc | D94: =0.45 -> 0.45 | E94: =+'VALOR CUADRILLAS MO'!D75 -> 26134.298 | F94: =+D94*E94 -> 11760.434
A96: =+A92+1 -> 19 | B96: CORTE DE ARBOL PORTE BAJO SACADO DE RAIZ, HASTA 0.20 MT DE DIAMETRO, INCL. RETIRO AL BOTADERO OFICIAL, RELLENO DE HUECO Y PERMISO DE CORPOCESAR | C96: UN | F96: =ROUND(SUM(F97:F99),0) -> 221510
B97: VOLQUETA 6 M3 | C97: vj | D97: 0.5 | E97: =+INSUMOS!D31 -> 120000 | F97: =+D97*E97 -> 60000
B98: HERRAMIENTAS MENORES | C98: %MO | D98: 0.03 | E98: =+F99 -> 156805.79 | F98: =(D98*E98) -> 4704.1736
B99: MANO DE OBRA AA | C99: hc | D99: 6 | E99: =+'VALOR CUADRILLAS MO'!D75 -> 26134.298 | F99: =+D99*E99 -> 156805.79
A101: =+A96+1 -> 20 | B101: CORTE DE ARBOL PORTE MEDIO SACADO DE RAIZ, HASTA 0.80 MT DE DIAMETRO, INCL. RETIRO AL BOTADERO OFICIAL, RELLENO DE HUECO Y PERMISO DE CORPOCESAR | C101: UN | F101: =ROUND(SUM(F102:F104),0) -> 509183
B102: VOLQUETA 6 M3 | C102: vj | D102: 2 | E102: =+INSUMOS!D31 -> 120000 | F102: =+D102*E102 -> 240000
B103: HERRAMIENTAS MENORES | C103: %MO | D103: 0.03 | E103: =+F104 -> 261342.98 | F103: =(D103*E103) -> 7840.2894
B104: MANO DE OBRA AA | C104: hc | D104: 10 | E104: =+'VALOR CUADRILLAS MO'!D75 -> 26134.298 | F104: =+D104*E104 -> 261342.98
A106: =+A101+1 -> 21 | B106: CORTE DE ARBOL GRAN PORTE SACADO DE RAIZ, MAYOR DE 0.80 MT DE DIAMETRO, INCL. RETIRO AL BOTADERO OFICIAL, RELLENO DE HUECO Y PERMISO DE CORPOCESAR | C106: UN | F106: =ROUND(SUM(F107:F109),0) -> 898367
B107: VOLQUETA 6 M3 | C107: vj | D107: 3 | E107: =+INSUMOS!D31 -> 120000 | F107: =+D107*E107 -> 360000
B108: HERRAMIENTAS MENORES | C108: %MO | D108: 0.03 | E108: =+F109 -> 522685.96 | F108: =(D108*E108) -> 15680.579
B109: MANO DE OBRA AA | C109: hc | D109: 20 | E109: =+'VALOR CUADRILLAS MO'!D75 -> 26134.298 | F109: =+D109*E109 -> 522685.96
A111: =+A106+1 -> 22 | B111: MANEJO DE TRÁFICO (INCLUYE COLOMBINAS DELIMITADORAS DE CARRILES, CINTA REFLECTIVA, PERSONAL DIRIGIENDO TRÁFICO, ETC.) | C111: ML | F111: =ROUND(SUM(F112:F116),0) -> #REF!
B112: CINTA SEGURIDAD DE 75 MM X 500 MTS | C112: ML | D112: 3 | E112: =INSUMOS!D26 -> 112.76 | F112: =+D112*E112 -> 338.28
B113: DESPERDICIO | C113: % | D113: 0.05 | E113: =F112 -> 338.28 | F113: =+D113*E113 -> 16.914
B114: COLOMBINAS CON PARAL EN MADERA Y BASE EN CONCRETO POBRE | C114: UN | D114: 0.12 | E114: =INSUMOS!#REF! -> #REF! | F114: =+D114*E114 -> #REF!
B115: HERRAMIENTAS MENORES | C115: %MO | D115: 0.03 | E115: =+F116 -> 261.34298 | F115: =(D115*E115) -> 7.8402894
B116: MANO DE OBRA AA | C116: hc | D116: 0.01 | E116: =+'VALOR CUADRILLAS MO'!D75 -> 26134.298 | F116: =+D116*E116 -> 261.34298
A118: =A111+1 -> 23 | B118: BARRERA CON BOMBONES PLASTICOS Y CINTA DE SEGURIDAD | C118: ML | F118: =ROUND(SUM(F119:F123),0) -> #REF!
B119: BOMBÓN PLASTICO (20 USOS) | C119: UN | D119: 0.01010101 | E119: =+INSUMOS!#REF! -> #REF! | F119: =+D119*E119 -> #REF!
B120: CINTA SEGURIDAD DE 75 MM X 500 MTS | C120: ML | D120: 3 | E120: =INSUMOS!D26 -> 112.76 | F120: =+D120*E120 -> 338.28
B121: DESPERDICIO | C121: % | D121: 0.05 | E121: =SUM(F120) -> 338.28 | F121: =+D121*E121 -> 16.914
...

Sheet REDES ALCANTARILLADO
B1: SECRETARÍA DE OBRAS PÚBLICAS
A2: ANALISIS DE PRECIOS UNITARIOS REDES ALCANTARILLADO -VALLEDUPAR
A3: FECHA: ENERO DE 2020
A4: ITEMS | B4: DESCRIPCION | C4: U.M. | D4: CANTIDAD | E4: VR. UNITARIO | F4: VR. PARCIAL
A5: I | B5: ACTIVIDADES PRELIMINARES
A6: 1 | B6: LOCALIZACION Y REPLANTEO CON EQUIPO | C6: ML | F6: =ROUND(SUM(F7:F13),0) -> #REF!
B7: ESTACA DE MADERA | C7: UN | D7: 0.25 | E7: =+INSUMOS!D5 -> 2067.03 | F7: =+D7*E7 -> 516.7575
B8: LIENZA DE NYLON | C8: Rllo | D8: 0.01 | E8: =INSUMOS!#REF! -> #REF! | F8: =+D8*E8 -> #REF!
B9: PUNTILLA CON CABEZA 2 | C9: lb | D9: 0.0027 | E9: =+INSUMOS!D41 -> 3464.09 | F9: =+D9*E9 -> 9.353043
B10: EQUIPO DE TOPOGRAFIA | C10: MES | D10: 0.0002 | E10: =+INSUMOS!D19 -> 3267000 | F10: =+D10*E10 -> 653.4
B11: CADENERO 1 | C11: MES | D11: 0.0001 | E11: =+INSUMOS!D20 -> 1526000 | F11: =+D11*E11 -> 152.6
B12: CADENERO 2 | C12: MES | D12: 0.0001 | E12: =+INSUMOS!D21 -> 1329000 | F12: =+D12*E12 -> 132.9
B13: TOPOGRAFO | C13: MES | D13: 0.0001 | E13: =+INSUMOS!#REF! -> #REF! | F13: =+D13*E13 -> #REF!
A15: =A6+1 -> 2 | B15: EXCAVACION MANUAL HASTA .20 X .30 EN TERRENO COMUN | C15: ML | F15: =ROUND(SUM(F16:F17),0) -> 1750
B16: HERRAMIENTAS MENORES | C16: %MO | D16: 0.03 | E16: =+F17 -> 1698.7294 | F16: =(D16*E16) -> 50.961881
B17: MANO DE OBRA AA | C17: hc | D17: =0.065 -> 0.065 | E17: =+'VALOR CUADRILLAS MO'!D75 -> 26134.298 | F17: =+D17*E17 -> 1698.7294
A19: =+A15+1 -> 3 | B19: EXCAVACION MANUAL BAJO NIVEL FREATICO, PROFUNDIDA MAXIMA 2.00 MT | C19: M3 | F19: =ROUND(SUM(F20:F22),0) -> 80944
B20: MOTOBOMBA A GASOLINA CON OPERADOR | C20: Día | D20: 0.1 | E20: =+BASICOS!D42 -> 136480.48 | F20: =+D20*E20 -> 13648.048
B21: HERRAMIENTAS MENORES | C21: %MO | D21: 0.03 | E21: =+F22 -> 65335.745 | F21: =(D21*E21) -> 1960.0723
B22: MANO DE OBRA AA | C22: hc | D22: 2.5 | E22: =+'VALOR CUADRILLAS MO'!D75 -> 26134.298 | F22: =+D22*E22 -> 65335.745
A24: =+A19+1 -> 4 | B24: EXCAVACION A MAQUINA SIN RETIRO DE SOBRANTES | C24: M3 | F24: =ROUND(SUM(F25:F26),0) -> 11744
B25: =INSUMOS!B34 -> RETROEXCAVADORA SOBRE LLANTAS, MOTOR 62HP, PROFUNDIDAD DE EXCAVACIÓN DE 5.41 METROS. | C25: h | D25: 0.05 | E25: =INSUMOS!D34 -> 193073 | F25: =+D25*E25 -> 9653.65
B26: MANO DE OBRA AA- Incluye manejo de trafico | C26: hc | D26: =0.08 -> 0.08 | E26: =+'VALOR CUADRILLAS MO'!D75 -> 26134.298 | F26: =+D26*E26 -> 2090.7438
A28: =+A24+1 -> 5 | B28: EXCAVACION EN ROCA | C28: M3 | F28: =ROUND(SUM(F29:F32),0) -> 117068
B29: COMPRESOR DE 2 MARTILLOS | C29: h | D29: 1.2 | E29: =+INSUMOS!D35 -> 82148.32 | F29: =+D29*E29 -> 98577.984
B30: =+INSUMOS!B34 -> RETROEXCAVADORA SOBRE LLANTAS, MOTOR 62HP, PROFUNDIDAD DE EXCAVACIÓN DE 5.41 METROS. | C30: h | D30: 0.04 | E30: =+INSUMOS!D34 -> 193073 | F30: =+D30*E30 -> 7722.92
B31: HERRAMIENTAS MENORES | C31: %MO | D31: 0.03 | E31: =+F32 -> 10453.719 | F31: =(D31*E31) -> 313.61158
B32: MANO DE OBRA AA | C32: hc | D32: =0.4 -> 0.4 | E32: =+'VALOR CUADRILLAS MO'!D75 -> 26134.298 | F32: =+D32*E32 -> 10453.719
A34: =+A28+1 -> 6 | B34: EXCAVACION A MAQUINA ACUEDUCTOS Y ALCANTARILLADOS | C34: M3 | F34: =ROUND(SUM(F35:F36),0) -> 15345 | H34: =F34*1*0.6 -> 9207
B35: =+INSUMOS!B34 -> RETROEXCAVADORA SOBRE LLANTAS, MOTOR 62HP, PROFUNDIDAD DE EXCAVACIÓN DE 5.41 METROS. | C35: h | D35: 0.07 | E35: =+INSUMOS!D34 -> 193073 | F35: =+D35*E35 -> 13515.11 | I35: 130000
B36: MANO DE OBRA AA | C36: hc | D36: =0.07 -> 0.07 | E36: =+'VALOR CUADRILLAS MO'!D75 -> 26134.298 | F36: =+D36*E36 -> 1829.4009
A38: =A34+1 -> 7 | B38: RELLENOS DE EXCAVACION-COMPACTADO | C38: M3 | F38: =ROUND(SUM(F39:F41),0) -> 27210
B39: VIBROCOMPACTADOR TIPO RANA | C39: d | D39: 0.012 | E39: =+BASICOS!D42 -> 136480.48 | F39: =+D39*E39 -> 1637.7657
B40: HERRAMIENTAS MENORES | C40: %MO | D40: 0.03 | E40: =+F41 -> 24827.583 | F40: =(D40*E40) -> 744.82749
B41: MANO DE OBRA AA | C41: hc | D41: 0.95 | E41: =+'VALOR CUADRILLAS MO'!D75 -> 26134.298 | F41: =+D41*E41 -> 24827.583
A43: =A38+1 -> 8 | B43: RELLENO SELECCIONADO, INCL. SUMINISTRO Y COMPACTACION | C43: M3 | F43: =ROUND(SUM(F44:F49),0) -> 52398
B44: RELLENO COMUN | C44: M3 | D44: 1 | E44: =BASICOS!D18 -> 14280 | F44: =+D44*E44 -> 14280
B45: PORCENTAJE POR COMPACTACION | C45: M3 | D45: 0.3 | E45: =E44 -> 14280 | F45: =+D45*E45 -> 4284
B46: TRANSPORTE | C46: KM-M3 | D46: =1.3*10 -> 13 | E46: =+INSUMOS!D23 -> 1094.8912 | F46: =+D46*E46 -> 14233.586
B47: VIBROCOMPACTADOR TIPO RANA | C47: d | D47: 0.045 | E47: =+BASICOS!D42 -> 136480.48 | F47: =+D47*E47 -> 6141.6215
B48: HERRAMIENTAS MENORES | C48: %MO | D48: 0.03 | E48: =+F49 -> 13067.149 | F48: =(D48*E48) -> 392.01447
B49: MANO DE OBRA AA | C49: hc | D49: 0.5 | E49: =+'VALOR CUADRILLAS MO'!D75 -> 26134.298 | F49: =+D49*E49 -> 13067.149 | G49: =F49/0.3 -> 43557.163
A51: =+A43+1 -> 9 | B51: RELLENO GRANULAR, INCL. SUMINISTRO Y COMPACTACION | C51: M3 | F51: =ROUND(SUM(F52:F57),0) -> 81791
B52: RELLENO GRANULAR-SUB-BASE | C52: M3 | D52: 1 | E52: =BASICOS!D16 -> 36890 | F52: =+D52*E52 -> 36890
B53: PORCENTAJE POR COMPACTACION | C53: M3 | D53: 0.3 | E53: =E52 -> 36890 | F53: =+D53*E53 -> 11067
B54: TRANSPORTE | C54: KM-M3 | D54: =1.3*10 -> 13 | E54: =+INSUMOS!D23 -> 1094.8912 | F54: =+D54*E54 -> 14233.586
B55: VIBROCOMPACTADOR TIPO RANA - OPERADOR | C55: d | D55: 0.045 | E55: =+BASICOS!D42 -> 136480.48 | F55: =+D55*E55 -> 6141.6215
B56: HERRAMIENTAS MENORES | C56: %MO | D56: 0.03 | E56: =+F57 -> 13067.149 | F56: =(D56*E56) -> 392.01447
B57: MANO DE OBRA AA | C57: hc | D57: 0.5 | E57: =+'VALOR CUADRILLAS MO'!D75 -> 26134.298 | F57: =+D57*E57 -> 13067.149
A59: =+A51+1 -> 10 | B59: CAMA EN ARENA ESPESOR ,10MT | C59: M3 | F59: =ROUND(SUM(F60:F64),0) -> 68050
B60: ARENA | C60: M3 | D60: 1 | E60: =BASICOS!D9 -> 37500 | F60: =+D60*E60 -> 37500
B61: TRANSPORTE | C61: KM/M3 | D61: =(D60)*10 -> 10 | E61: =+INSUMOS!D23 -> 1094.8912 | F61: =+D61*E61 -> 10948.912
B62: VIBROCOMPACTADOR TIPO RANA - OPERADOR | C62: d | D62: 0.045 | E62: =+BASICOS!D42 -> 136480.48 | F62: =+D62*E62 -> 6141.6215
B63: HERRAMIENTAS MENORES | C63: %MO | D63: 0.03 | E63: =+F64 -> 13067.149 | F63: =(D63*E63) -> 392.01447
B64: MANO DE OBRA AA | C64: hc | D64: 0.5 | E64: =+'VALOR CUADRILLAS MO'!D75 -> 26134.298 | F64: =+D64*E64 -> 13067.149
A66: II | B66: DEMOLICIONES Y DESMONTES
A67: =+A59+1 -> 11 | B67: RETIRO SOBRANTES | C67: M3 | F67: =ROUND(SUM(F68:F69),0) -> 20551
B68: VOLQUETA 6 M3 | C68: vj | D68: 0.17 | E68: =+INSUMOS!D31 -> 120000 | F68: =+D68*E68 -> 20400
B69: =+INSUMOS!B32 -> CARGADOR : POTENCIA EN EL VOLANTE 110 HP, CLASIFICACIÓN DE RPM DEL MOTOR 2300. | C69: h | D69: 0.001 | E69: =+INSUMOS!D32 -> 151027.54 | F69: =+D69*E69 -> 151.02754
A71: =A67+1 -> 12 | B71: DEMOLICIÓN PISO ESPESOR HASTA .10 | C71: M2 | F71: =ROUND(SUM(F72:F73),0) -> 14805
B72: HERRAMIENTAS MENORES | C72: %MO | D72: 0.03 | E72: =+F73 -> 14373.864 | F72: =(D72*E72) -> 431.21592
B73: MANO DE OBRA AA | C73: hc | D73: 0.55 | E73: =+'VALOR CUADRILLAS MO'!D75 -> 26134.298 | F73: =+D73*E73 -> 14373.864
A75: =+A71+1 -> 13 | B75: CORTE CALZADA EN CONCRETO | C75: ML | F75: =ROUND(SUM(F76:F77),0) -> #REF!
B76: CORTADORA DE CONCRETO | C76: ML | D76: 1 | E76: =INSUMOS!#REF! -> #REF! | F76: =+D76*E76 -> #REF!
B77: MANO DE OBRA AA | C77: hc | D77: 0.02 | E77: =+'VALOR CUADRILLAS MO'!D75 -> 26134.298 | F77: =+D77*E77 -> 522.68596
A79: =+A75+1 -> 14 | B79: DEMOLICIÓN ANDENES MENORES DE 50CM | C79: Ml | F79: =ROUND(SUM(F80:F81),0) -> 7268
B80: HERRAMIENTAS MENORES | C80: %MO | D80: 0.03 | E80: =+F81 -> 7056.2605 | F80: =(D80*E80) -> 211.68781
B81: MANO DE OBRA AA | C81: hc | D81: 0.27 | E81: =+'VALOR CUADRILLAS MO'!D75 -> 26134.298 | F81: =+D81*E81 -> 7056.2605
A83: =+A79+1 -> 15 | B83: DEMOLICIÓN ANDENES | C83: M2 | F83: =ROUND(SUM(F84:F85),0) -> 7268
B84: HERRAMIENTAS MENORES | C84: %MO | D84: 0.03 | E84: =+F85 -> 7056.2605 | F84: =(D84*E84) -> 211.68781
B85: MANO DE OBRA AA | C85: hc | D85: 0.27 | E85: =+'VALOR CUADRILLAS MO'!D75 -> 26134.298 | F85: =+D85*E85 -> 7056.2605
A87: =+A83+1 -> 16 | B87: DEMOLICION BORDILLO EN CONCRETO EXISTENTES | C87: Ml | F87: =ROUND(SUM(F88:F89),0) -> 6730
B88: HERRAMIENTAS MENORES | C88: %MO | D88: 0.03 | E88: =+F89 -> 6533.5745 | F88: =(D88*E88) -> 196.00723
B89: MANO DE OBRA AA | C89: hc | D89: 0.25 | E89: =+'VALOR CUADRILLAS MO'!D75 -> 26134.298 | F89: =+D89*E89 -> 6533.5745
A91: =+A87+1 -> 17 | B91: DEMOLICIÓN PAVIMENTOS EN CONCRETO e= 0,15 y 0,20 m | C91: M2 | F91: =ROUND(SUM(F92:F93),0) -> 18843
B92: HERRAMIENTAS MENORES | C92: %MO | D92: 0.03 | E92: =+F93 -> 18294.009 | F92: =(D92*E92) -> 548.82026
B93: MANO DE OBRA AA | C93: hc | D93: 0.7 | E93: =+'VALOR CUADRILLAS MO'!D75 -> 26134.298 | F93: =+D93*E93 -> 18294.009
A95: =+A91+1 -> 18 | B95: DEMOLICIÓN MANUAL DE PAVIMENTOS EN CONCRETO | C95: M3 | F95: =ROUND(SUM(F96:F97),0) -> 96044
B96: HERRAMIENTAS MENORES | C96: %MO | D96: 0.03 | E96: =+F97 -> 93246.663 | F96: =(D96*E96) -> 2797.3999
B97: MANO DE OBRA AA | C97: hc | D97: 3.5679804 | E97: =+'VALOR CUADRILLAS MO'!D75 -> 26134.298 | F97: =+D97*E97 -> 93246.663
A99: =A95+1 -> 19 | B99: DEMOLICIÓN MECANICA DE PAVIMENTOS EN CONCRETO | C99: M3 | F99: =ROUND(SUM(F100:F103),0) -> #REF! | G99: =F99*0.15 -> #REF!
B100: EQUIPO DE DEMOLICIÓN (COMPRESOR 2 MARTILLOS ) TRASLADO | C100: HR | D100: 1.1 | E100: =INSUMOS!#REF! -> #REF! | F100: =+D100*E100 -> #REF! | I100: =F100*0.15 -> #REF!
B101: MATERIALES VARIOS PARA DEMARCACIÓN | C101: M3 | D101: 1.03 | E101: =INSUMOS!#REF! -> #REF! | F101: =+D101*E101 -> #REF!
B102: HERRAMIENTAS MENORES | C102: M | D102: 0.03 | E102: =+F103 -> 10453.719 | F102: =+D102*E102 -> 313.61158
B103: MANO DE OBRA AA | C103: hc | D103: 0.4 | E103: =+'VALOR CUADRILLAS MO'!D75 -> 26134.298 | F103: =+D103*E103 -> 10453.719
A105: =+A99+1 -> 20 | B105: DEMOLICIÓN DE PAVIMENTOS EN CONCRETO ASFÁLTICO MANUAL | C105: M3 | F105: =ROUND(SUM(F106:F109),0) -> #REF!
B106: EQUIPO DE DEMOLICIÓN (COMPRESOR 2 MARTILLOS ) TRASLADO | C106: HR | D106: 0.15245714 | E106: =INSUMOS!#REF! -> #REF! | F106: =+D106*E106 -> #REF!
B107: MATERIALES VARIOS PARA DEMARCACIÓN | C107: GL | D107: 1 | E107: =INSUMOS!#REF! -> #REF! | F107: =+D107*E107 -> #REF!
B108: HERRAMIENTAS MENORES | C108: M3 | D108: 0.03 | E108: =+F109 -> 16987.294 | F108: =+D108*E108 -> 509.61881
B109: MANO DE OBRA AA | C109: Día | D109: 0.65 | E109: =+'VALOR CUADRILLAS MO'!D75 -> 26134.298 | F109: =+D109*E109 -> 16987.294
A111: =A105+1 -> 21 | B111: RETIRO DE TUBERIA DE 0 A 12" NO INCL. EXCAVACION | C111: ML | F111: =ROUND(SUM(F112:F113),0) -> 5114
B112: HERRAMIENTAS MENORES | C112: %MO | D112: 0.03 | E112: =+F113 -> 4965.5166 | F112: =(D112*E112) -> 148.9655
B113: MANO DE OBRA AA | C113: hc | D113: =0.19 -> 0.19 | E113: =+'VALOR CUADRILLAS MO'!D75 -> 26134.298 | F113: =+D113*E113 -> 4965.5166
A115: =+A111+1 -> 22 | B115: ACARREO MATERIALES PETREOS POR KILOMETRO | C115: M3/Km | F115: =ROUND(SUM(F116),0) -> 1100
B116: VOLQUETA 6 M3 | C116: vj | D116: 0.0091633333 | E116: =+INSUMOS!D31 -> 120000 | F116: =+D116*E116 -> 1099.6
A118: =+A115+1 -> 23 | B118: ACARREO EN CARRETILLA DE MATERIALES, ESCOMBROS Y OTROS, DISTANCIA MAXIMA 100ML | C118: M3 | F118: =ROUND(SUM(F119:F120),0) -> 12348
B119: HERRAMIENTAS MENORES | C119: %MO | D119: 0.05 | E119: =+F120 -> 11760.434 | F119: =(D119*E119) -> 588.0217
B120: MANO DE OBRA AA | C120: hc | D120: =0.45 -> 0.45 | E120: =+'VALOR CUADRILLAS MO'!D75 -> 26134.298 | F120: =+D120*E120 -> 11760.434
A122: =+A118+1 -> 24 | B122: CORTE DE ARBOL PORTE BAJO SACADO DE RAIZ, HASTA .20 MT DE DIAMETRO, INCL. RETIRO AL BOTADERO OFICIAL, RELLENO DE HUECO Y PERMISO DE CORPOCESAR | C122: UN | F122: =ROUND(SUM(F123:F125),0) -> 221510
B123: VOLQUETA 6 M3 | C123: vj | D123: 0.5 | E123: =+INSUMOS!D31 -> 120000 | F123: =+D123*E123 -> 60000
...

Sheet VIAS RURALES
B1: SECRETARÍA DE OBRAS PÚBLICAS MUNICIPAL
A2: ANALISIS DE PRECIOS UNITARIOS VIAS URBANAS Y RURALES -VALLEDUPAR
A3: FECHA: ENERO DE 2020
A4: ITEMS | B4: DESCRIPCION | C4: U.M. | D4: CANTIDAD | E4: VR. UNITARIO | F4: VR. PARCIAL
A5: I | B5: ACTIVIDADES PRELIMINARES
A6: 1 | B6: DESCAPOTE A MANUAL EN TERRENO COMUN, HASTA ESP .15 MT | C6: M2 | F6: =ROUND(SUM(F7:F8),0) -> 3499
B7: HERRAMIENTAS MENORES | C7: %MO | D7: 0.03 | E7: =+F8 -> 3397.4587 | F7: =+F8*3% -> 101.92376
B8: MANO DE OBRA AA | C8: hc | D8: =0.13 -> 0.13 | E8: =+'VALOR CUADRILLAS MO'!D75 -> 26134.298 | F8: =+D8*E8 -> 3397.4587
A10: =+A6+1 -> 2 | B10: LOCALIZACION Y REPLANTEO CON EQUIPO | C10: M2 | F10: =ROUND(SUM(F11:F17),0) -> #REF!
B11: ESTACA DE MADERA | C11: UN | D11: 0.25 | E11: =+INSUMOS!D5 -> 2067.03 | F11: =+D11*E11 -> 516.7575
B12: LIENZA DE NYLON | C12: Rllo | D12: 0.01 | E12: =INSUMOS!#REF! -> #REF! | F12: =+D12*E12 -> #REF!
B13: PUNTILLA CON CABEZA 2 | C13: lb | D13: 0.0027 | E13: =+INSUMOS!D41 -> 3464.09 | F13: =+D13*E13 -> 9.353043
B14: EQUIPO DE TOPOGRAFIA | C14: MES | D14: 0.0002 | E14: =+INSUMOS!D19 -> 3267000 | F14: =+D14*E14 -> 653.4
B15: CADENERO 1 | C15: MES | D15: 0.0001 | E15: =+INSUMOS!D20 -> 1526000 | F15: =+D15*E15 -> 152.6
B16: CADENERO 2 | C16: MES | D16: 0.0001 | E16: =+INSUMOS!D21 -> 1329000 | F16: =+D16*E16 -> 132.9
B17: TOPOGRAFO | C17: MES | D17: 0.0001 | E17: =+INSUMOS!#REF! -> #REF! | F17: =+D17*E17 -> #REF!
A19: =+A10+1 -> 3 | B19: LOCALIZACION Y REPLANTEO CON EQUIPO EN VIAS URBANAS | C19: M2 | F19: =ROUND(SUM(F20:F25),0) -> #REF!
B20: ESTACA DE MADERA | C20: UN | D20: 0.15 | E20: =+INSUMOS!D5 -> 2067.03 | F20: =+D20*E20 -> 310.0545
B21: PUNTILLA CON CABEZA 2 | C21: lb | D21: 0.0015 | E21: =+INSUMOS!D41 -> 3464.09 | F21: =+D21*E21 -> 5.196135
B22: EQUIPO DE TOPOGRAFIA | C22: MES | D22: 8e-05 | E22: =+INSUMOS!D19 -> 3267000 | F22: =+D22*E22 -> 261.36
B23: CADENERO 1 | C23: MES | D23: 9e-05 | E23: =+INSUMOS!D20 -> 1526000 | F23: =+D23*E23 -> 137.34
B24: CADENERO 2 | C24: MES | D24: 9e-05 | E24: =+INSUMOS!D21 -> 1329000 | F24: =+D24*E24 -> 119.61
B25: TOPOGRAFO | C25: MES | D25: 8e-05 | E25: =+INSUMOS!#REF! -> #REF! | F25: =+D25*E25 -> #REF!
A27: II | B27: EXCAVACIONES Y RELLENOS
A28: =+A19+1 -> 4 | B28: DESCAPOTE A MANUAL EN TERRENO CON PIEDRA, HASTA ESP .15 MT | C28: M2 | F28: =ROUND(SUM(F29:F30),0) -> 4307
B29: HERRAMIENTAS MENORES | C29: %MO | D29: 0.03 | E29: =+F30 -> 4181.4877 | F29: =+D29*E29 -> 125.44463
B30: MANO DE OBRA AA | C30: hc | D30: =0.16 -> 0.16 | E30: =+'VALOR CUADRILLAS MO'!D75 -> 26134.298 | F30: =+D30*E30 -> 4181.4877
A32: =+A28+1 -> 5 | B32: DESCAPOTE A MAQUINA ESP < O = A .20-AREAS MAYORES A 2000M2-INCL.RETIRO SOBRANTE A 2KM | C32: M2 | F32: =ROUND(SUM(F33:F35),0) -> 3388
B33: =+INSUMOS!B29 -> MOTONIVELADORA POTENCIA 215 HP, ANCHO DE CUCHILLA 4,27 M, PESO 18 TON. | C33: h | D33: 0.0013 | E33: =+INSUMOS!D29 -> 182992.44 | F33: =+D33*E33 -> 237.89017
B34: VOLQUETA 6 M3 | C34: vj | D34: 0.026 | E34: =+INSUMOS!D31 -> 120000 | F34: =+D34*E34 -> 3120
B35: =+INSUMOS!B32 -> CARGADOR : POTENCIA EN EL VOLANTE 110 HP, CLASIFICACIÓN DE RPM DEL MOTOR 2300. | C35: h | D35: 0.0002 | E35: =+INSUMOS!D32 -> 151027.54 | F35: =+D35*E35 -> 30.205508
A37: =A32+1 -> 6 | B37: EXCAVACION MANUAL | C37: M3 | F37: =ROUND(SUM(F38:F39),0) -> 34994
B38: HERRAMIENTAS MENORES | C38: %MO | D38: 0.03 | E38: =+F39 -> 33974.587 | F38: =(D38*E38) -> 1019.2376
B39: MANO DE OBRA AA | C39: hc | D39: 1.3 | E39: =+'VALOR CUADRILLAS MO'!D75 -> 26134.298 | F39: =+D39*E39 -> 33974.587
A41: =A37+1 -> 7 | B41: EXCAVACION A MAQUINA SIN RETIRO DE SOBRANTES | C41: M3 | F41: =ROUND(SUM(F42:F43),0) -> 11744
B42: =INSUMOS!B34 -> RETROEXCAVADORA SOBRE LLANTAS, MOTOR 62HP, PROFUNDIDAD DE EXCAVACIÓN DE 5.41 METROS. | C42: h | D42: 0.05 | E42: =INSUMOS!D34 -> 193073 | F42: =+D42*E42 -> 9653.65
B43: MANO DE OBRA AA- Incluye manejo de trafico | C43: hc | D43: =0.08 -> 0.08 | E43: =+'VALOR CUADRILLAS MO'!D75 -> 26134.298 | F43: =+D43*E43 -> 2090.7438
A45: =+A41+1 -> 8 | B45: EXCAVACION EN ROCA | C45: M3 | F45: =ROUND(SUM(F46:F49),0) -> 117068
B46: COMPRESOR DE 2 MARTILLOS | C46: h | D46: 1.2 | E46: =+INSUMOS!D35 -> 82148.32 | F46: =+D46*E46 -> 98577.984
B47: =+INSUMOS!B34 -> RETROEXCAVADORA SOBRE LLANTAS, MOTOR 62HP, PROFUNDIDAD DE EXCAVACIÓN DE 5.41 METROS. | C47: h | D47: 0.04 | E47: =+INSUMOS!D34 -> 193073 | F47: =+D47*E47 -> 7722.92
B48: HERRAMIENTAS MENORES | C48: %MO | D48: 0.03 | E48: =+F49 -> 10453.719 | F48: =(D48*E48) -> 313.61158
B49: MANO DE OBRA AA | C49: hc | D49: =0.4 -> 0.4 | E49: =+'VALOR CUADRILLAS MO'!D75 -> 26134.298 | F49: =+D49*E49 -> 10453.719
A51: =A45+1 -> 9 | B51: CONFORMACION Y NIVELACION DE TERRENO CON MAQUINA CALZADA EXISTENTE CARRETERAS | C51: M2 | F51: =ROUND(SUM(F52:F57),0) -> #REF!
B52: =INSUMOS!#REF! -> #REF! | C52: lt | D52: 3 | E52: =INSUMOS!#REF! -> #REF! | F52: =+D52*E52 -> #REF!
B53: =+INSUMOS!B38 -> Carrotanque de agua(1000 Galones) | C53: h | D53: 600 | E53: =+INSUMOS!D38 -> 71700 | F53: =+E53/D53 -> 119.5
B54: =+INSUMOS!B29 -> MOTONIVELADORA POTENCIA 215 HP, ANCHO DE CUCHILLA 4,27 M, PESO 18 TON. | C54: h | D54: 600 | E54: =+INSUMOS!D29 -> 182992.44 | F54: =+E54/D54 -> 304.9874
B55: =INSUMOS!B37 -> Vibrocompatador, potencia 153 HP, peso 10 Ton. | C55: h | D55: 600 | E55: =+INSUMOS!D37 -> 116620 | F55: =+E55/D55 -> 194.36667
B56: HERRAMIENTAS MENORES | C56: %MO | D56: 0.03 | E56: =+F57 -> 104.53719 | F56: =(D56*E56) -> 3.1361158
B57: MANO DE OBRA AA | C57: hc | D57: =0.004 -> 0.004 | E57: =+'VALOR CUADRILLAS MO'!D75 -> 26134.298 | F57: =+D57*E57 -> 104.53719
A59: =+A51+1 -> 10 | B59: RELLENOS DE EXCAVACION-COMPACTADO | C59: M3 | F59: =ROUND(SUM(F60:F62),0) -> 27210
B60: VIBROCOMPACTADOR TIPO RANA | C60: d | D60: 0.012 | E60: =+BASICOS!D42 -> 136480.48 | F60: =+D60*E60 -> 1637.7657
B61: HERRAMIENTAS MENORES | C61: %MO | D61: 0.03 | E61: =+F62 -> 24827.583 | F61: =(D61*E61) -> 744.82749
B62: MANO DE OBRA AA | C62: hc | D62: 0.95 | E62: =+'VALOR CUADRILLAS MO'!D75 -> 26134.298 | F62: =+D62*E62 -> 24827.583
A64: =+A59+1 -> 11 | B64: SUB-BASE GRANULAR, INCL. SUMINISTRO Y COMPACTACION | C64: M3 | F64: =ROUND(SUM(F65:F72),0) -> #REF!
B65: SUB-BASE GRANULAR | C65: M3 | D65: 1.3 | E65: =BASICOS!D16 -> 36890 | F65: =+D65*E65 -> 47957
B66: TRANSPORTE | C66: KM-M3 | D66: =10*D65 -> 13 | E66: =+INSUMOS!D23 -> 1094.8912 | F66: =+D66*E66 -> 14233.586
B67: BULDOZER, POTENCIA AL VOLANTE DE 140 HP, MOTOR DE 2200 RPM, LONGITUD DE HOJA 4,80M. | C67: h | D67: 45 | E67: =INSUMOS!#REF! -> #REF! | F67: =+E67/D67 -> #REF!
B68: =+INSUMOS!B29 -> MOTONIVELADORA POTENCIA 215 HP, ANCHO DE CUCHILLA 4,27 M, PESO 18 TON. | C68: h | D68: 45 | E68: =+INSUMOS!D29 -> 182992.44 | F68: =+E68/D68 -> 4066.4987
B69: =+INSUMOS!B38 -> Carrotanque de agua(1000 Galones) | C69: h | D69: 45 | E69: =+INSUMOS!D38 -> 71700 | F69: =+E69/D69 -> 1593.3333
B70: =+INSUMOS!B25 -> VIBROCOMPACTADOR TIPO DINAPAC CA 15 | C70: h | D70: 45 | E70: =+INSUMOS!D25 -> 136408.61 | F70: =+E70/D70 -> 3031.3024
B71: HERRAMIENTAS MENORES | C71: %MO | D71: 0.03 | E71: =+F72 -> 13067.149 | F71: =(D71*E71) -> 392.01447
B72: MANO DE OBRA AA | C72: hc | D72: 0.5 | E72: =+'VALOR CUADRILLAS MO'!D75 -> 26134.298 | F72: =+D72*E72 -> 13067.149
A74: =+A64+1 -> 12 | B74: BASE GRANULAR, INCL. SUMINISTRO Y COMPACTACION | C74: M3 | F74: =ROUND(SUM(F75:F82),0) -> #REF!
B75: BASE GRANULAR | C75: M3 | D75: 1.3 | E75: =BASICOS!D17 -> 58310 | F75: =+D75*E75 -> 75803
B76: TRANSPORTE | C76: KM-M3 | D76: =10*D75 -> 13 | E76: =+INSUMOS!D23 -> 1094.8912 | F76: =+D76*E76 -> 14233.586
B77: BULDOZER, POTENCIA AL VOLANTE DE 140 HP, MOTOR DE 2200 RPM, LONGITUD DE HOJA 4,80M. | C77: h | D77: 45 | E77: =INSUMOS!#REF! -> #REF! | F77: =+E77/D77 -> #REF!
B78: =+INSUMOS!B29 -> MOTONIVELADORA POTENCIA 215 HP, ANCHO DE CUCHILLA 4,27 M, PESO 18 TON. | C78: h | D78: 45 | E78: =+INSUMOS!D29 -> 182992.44 | F78: =+E78/D78 -> 4066.4987
B79: =+INSUMOS!B38 -> Carrotanque de agua(1000 Galones) | C79: h | D79: 45 | E79: =+INSUMOS!D38 -> 71700 | F79: =+E79/D79 -> 1593.3333
B80: =+INSUMOS!B25 -> VIBROCOMPACTADOR TIPO DINAPAC CA 15 | C80: h | D80: 45 | E80: =+INSUMOS!D25 -> 136408.61 | F80: =+E80/D80 -> 3031.3024
B81: HERRAMIENTAS MENORES | C81: %MO | D81: 0.03 | E81: =+F82 -> 13067.149 | F81: =(D81*E81) -> 392.01447
B82: MANO DE OBRA AA | C82: hc | D82: 0.5 | E82: =+'VALOR CUADRILLAS MO'!D75 -> 26134.298 | F82: =+D82*E82 -> 13067.149
A84: =A74+1 -> 13 | B84: BASE GRANULAR, CON CEMENTO GRIS INCL. SUMINISTRO Y COMPACTACION | C84: M3 | F84: =ROUND(SUM(F85:F92),0) -> 153887
B85: BASE GRANULAR | C85: M3 | D85: 1.3 | E85: =BASICOS!D17 -> 58310 | F85: =+D85*E85 -> 75803
B86: TRANSPORTE | C86: KM-M3 | D86: 13 | E86: =INSUMOS!D23 -> 1094.8912 | F86: =+D86*E86 -> 14233.586
B87: CEMENTO GRIS | C87: KG | D87: 90 | E87: =BASICOS!D7 -> 606.9 | F87: =+D87*E87 -> 54621
B88: MOTONIVELADORA ( POT 215 HP, ancho de cuchilla 4,27 m, peso 18 ton.) | C88: h | D88: 45 | E88: =+INSUMOS!D29 -> 182992.44 | F88: =E88/D88 -> 4066.4987
B89: CARROTANQUE (1.000 Litros) | C89: h | D89: 45 | E89: =+INSUMOS!D38 -> 71700 | F89: =E89/D89 -> 1593.3333
B90: VIBROCOMPACTADOR TIPO DINAPAC CA 15 | C90: h | D90: 45 | E90: =+INSUMOS!D25 -> 136408.61 | F90: =E90/D90 -> 3031.3024
B91: HERRAMIENTAS MENORES | C91: %MO | D91: 0.03 | E91: =F92 -> 522.68596 | F91: =+D91*E91 -> 15.680579
B92: MANO DE OBRA AA | C92: hc | D92: 0.02 | E92: ='VALOR CUADRILLAS MO'!D75 -> 26134.298 | F92: =+D92*E92 -> 522.68596
A94: =A84+1 -> 14 | B94: RELLENO SELECCIONADO, INCL. SUMINISTRO Y COMPACTACION | C94: M3 | F94: =ROUND(SUM(F95:F100),0) -> 52398
B95: RELLENO ELECCIONADO | C95: M3 | D95: 1 | E95: =BASICOS!D18 -> 14280 | F95: =+D95*E95 -> 14280
B96: PORCENTAJE POR COMPACTACION | C96: M3 | D96: 0.3 | E96: =E95 -> 14280 | F96: =+D96*E96 -> 4284
B97: TRANSPORTE | C97: KM-M3 | D97: =1.3*10 -> 13 | E97: =+INSUMOS!D23 -> 1094.8912 | F97: =+D97*E97 -> 14233.586
B98: VIBROCOMPACTADOR TIPO RANA | C98: d | D98: 0.045 | E98: =+BASICOS!D42 -> 136480.48 | F98: =+D98*E98 -> 6141.6215
B99: HERRAMIENTAS MENORES | C99: %MO | D99: 0.03 | E99: =+F100 -> 13067.149 | F99: =(D99*E99) -> 392.01447
B100: MANO DE OBRA AA | C100: hc | D100: 0.5 | E100: =+'VALOR CUADRILLAS MO'!D75 -> 26134.298 | F100: =+D100*E100 -> 13067.149
A102: =+A94+1 -> 15 | B102: RELLENO GRANULAR, INCL. SUMINISTRO Y COMPACTACION ANDENES | C102: M3 | F102: =ROUND(SUM(F103:F108),0) -> 81791
B103: RELLENO GRANULAR-SUB-BASE | C103: M3 | D103: 1 | E103: =BASICOS!D16 -> 36890 | F103: =+D103*E103 -> 36890
B104: PORCENTAJE POR COMPACTACION | C104: M3 | D104: 0.3 | E104: =E103 -> 36890 | F104: =+D104*E104 -> 11067
B105: TRANSPORTE | C105: KM-M3 | D105: =1.3*10 -> 13 | E105: =+INSUMOS!D23 -> 1094.8912 | F105: =+D105*E105 -> 14233.586
B106: VIBROCOMPACTADOR TIPO RANA - OPERADOR | C106: d | D106: 0.045 | E106: =+BASICOS!D42 -> 136480.48 | F106: =+D106*E106 -> 6141.6215
B107: HERRAMIENTAS MENORES | C107: %MO | D107: 0.03 | E107: =+F108 -> 13067.149 | F107: =(D107*E107) -> 392.01447
B108: MANO DE OBRA AA | C108: hc | D108: 0.5 | E108: =+'VALOR CUADRILLAS MO'!D75 -> 26134.298 | F108: =+D108*E108 -> 13067.149
A110: =A102+1 -> 16 | B110: SUMINISTRO, TRANSPORTE E INSTALACION DE TERRAPLEN SELECTO | C110: M3 | F110: =ROUND(SUM(F111:F117),0) -> 90988
B111: RELLENO GRANULAR-SUB-BASE | C111: M3 | D111: 1.3 | E111: =BASICOS!D16 -> 36890 | F111: =+D111*E111 -> 47957
B112: TRANSPORTE | C112: KM-M3 | D112: 20 | E112: =+INSUMOS!D23 -> 1094.8912 | F112: =+D112*E112 -> 21897.824
B113: MOTONIVELADORA POTENCIA 215 HP, ANCHO DE CUCHILLA 4,27 M, PESO 18 TON | C113: h | D113: 60 | E113: =+INSUMOS!D29 -> 182992.44 | F113: =E113/D113 -> 3049.874
B114: CARROTANQUE (1.000 Litros) | C114: h | D114: 45 | E114: =+INSUMOS!D38 -> 71700 | F114: =E114/D114 -> 1593.3333
B115: VIBROCOMPACTADOR TIPO DINAPAC CA 15 | C115: h | D115: 45 | E115: =+INSUMOS!D25 -> 136408.61 | F115: =E115/D115 -> 3031.3024
...

Sheet BASICOS
A1: SECRETARIA DE OBRAS PUBLICAS MUNICIPAL
A2: ANALISIS DE PRECIOS UNITARIOS BASICO-VALLEDUPAR
A3: FECHA: ENERO DE 2020
A4: DESCRIPCION | B4: U.M. | C4: CANTIDAD | D4: VR. UNITARIO | E4: VR. PARCIAL | T4: VR. UNITARIO 2018
A5: MATERIALES BASICOS
A6: CONCRETO PREMEZCLADO PUESTO EN OBRA MR 42 | B6: M3 | D6: =394838.43 -> 394838.43 | I6: 375930 | J6: Puesto en obra Valledupar | K6: Fuera de V/dupar $800,00 Km/ M3 | T6: 391726.58
A7: CEMENTO GRIS | B7: kg | D7: 606.9 | E7: FERRECESAR | J7: MR 41 | K7: 320600 | L7: =K7*1.16 -> 371896 | T7: 552
A8: PIEDRA | B8: M3 | D8: 73185 | E8: gobernacon 2020 | T8: 42483
A9: ARENA LAVADA CANTERA | B9: M3 | D9: 37500 | E9: ojo preguntar | I9: 35000 | J9: Valor en cantera el Dorado | L9: Enero 2.015 | T9: 49980
A10: GRAVILLA FINA 1/2" | B10: M3 | D10: 88160 | E10: gobernacon 2020 | I10: 60000 | J10: Valor en cantera el Dorado | L10: Enero 2.015 | T10: 77469
A11: AGUA | B11: lt | D11: 65 | E11: invias | I11: Invias | T11: 65
A12: TRITURADO 3/4 | B12: M3 | D12: =52000*1.19 -> 61880 | E12: gobernacon 2020 | I12: 47000 | J12: Valor en cantera el Dorado | L12: Enero 2.015 | T12: 52479
A13: ABONO | B13: M3 | D13: 43000 | E13: FERRECESAR | T13: 30000
A14: REVUELTO | B14: M3 | D14: 55000 | E14: FERRECESAR | T14: 33000
A15: RELLENO SELECCIONADO | B15: M3 | D15: 51170 | E15: GOBERNACION 2020 | T15: 18742.5
A16: RELLENO GRANULAR-SUB-BASE | B16: M3 | D16: =31000*1.19 -> 36890 | E16: gobernacon 2020 | I16: 15000 | J16: Valor en cantera el Dorado | L16: Enero 2.015 | T16: 29988
A17: RELLENO GRANULAR-BASE | B17: M3 | D17: =49000*1.19 -> 58310 | E17: gobernacon 2020 | I17: 35000 | J17: Valor en cantera el Dorado | L17: Enero 2.015 | T17: 48730.5
A18: RELLENO SELECCIONADO | B18: M3 | D18: =12000*1.19 -> 14280 | T18: 18742.5
A19: LADRILLO RUSTICO 6X11X24CM 38U/M2 3.1K | B19: UN | D19: 400 | E19: gobernacon 2020 | T19: 400
A20: LADRILLO BOCADILLO 19 x 15x 9 | B20: UN | D20: 400 | E20: gobernacon 2020 | T20: 350
A21: LADRILLO BOCADILLO 30 X 15 X 9.0 | B21: UN | D21: 700 | E21: SE DEJO EL MISMO | T21: 1200
A22: LADRILLO A LA VISTA .07X.09X.25 CORAL 56 M2 | B22: UN | D22: 1500 | E22: EL MISMO | T22: 850
A23: LADRILLO A LA VISTA .07X.09X.25 ESFUMADO 56 M2 | B23: UN | D23: 1375 | E23: FERRECESAR | T23: 1375
A24: CARAVISTA ESTRUCTURAL 6X12X24CM | B24: UN | D24: 550 | E24: INTERNET | T24: 550
A25: LADRILLO 9X19X30 | B25: UN | D25: 1300 | E25: EL MISMO | T25: 1300
A26: ALGARROBILLO | B26: PIE | D26: 1930.53 | E26: FERRECESAR | T26: 1200
A27: ABARCO | B27: PIE
A28: TOLUA | B28: PIE | D28: 4000 | E28: EL MISMO | T28: 4000
A29: CARRETO | B29: PIE | D29: 3000 | E29: EL MISMO | T29: 3000
A30: RETIRO ESCOMBROS | B30: M3 | D30: 25351 | E30: gobernacon 2020 | T30: 20550
A32: EQUIPOS
A33: ALQUILER DE ANDAMIOS COMPLETO CON TABLON | B33: DIA | D33: 2856 | T33: 1190
A34: CERCHAS METALICAS | B34: DIA | D34: 214.2 | E34: FERRECESAR | T34: 238
A35: PARALES METALICOS 3 Y 4MT | B35: DIA | D35: 214.2 | E35: FERRECESAR | T35: 238
A36: TABLONES | B36: DIA | D36: 1000 | T36: 595
A37: TABLERO MADERA .60 X 1.20 (CHAZAS) | B37: DIA | D37: 273.7 | E37: EL MISMO | T37: 297.5
A38: GUARDERAS .40 X 1.40 | B38: DIA | D38: 238 | E38: FERRECESAR | O38: 5711122 | T38: 273.7
A39: TABLEROS PARA MUROS .40 X 1.20 | B39: DIA | D39: 714 | E39: EL MISMO | O39: 5701106 | T39: 297.5
A40: CORTADORA PAVIMENTO 5CM | B40: ML | D40: 6000 | E40: EL MISMO | O40: 3175049473 | T40: 6000
A41: MEZCLADORA, RANA, VIBRADOR, MOTOBOMBA SIN OPERADOR | B41: DIA | D41: =50000*1.19 -> 59500 | E41: FERRECESAR | G41: 60000 | T41: 59500
A42: MEZCLADORA, RANA, VIBRADOR, MOTOBOMBA CON OPERADOR | B42: DIA | D42: =D41+D59 -> 136480.48 | E42: EL MISMO | G42: 70000 | T42: 82110
A43: FORMALETA METALICA COLUMNA CIRCULAR Ø .2 A .3 LONG. 3.00MT | B43: DIA | D43: 28560 | E43: EL MISMO | T43: 23800
A44: FORMALETA METALICA COLUMNA CIRCULAR Ø .4 A .5 LONG. 3.00MT | B44: DIA | D44: 44000 | E44: GOBERNACION | T44: 39270
A45: FORMALETA METALICA COLUMNA CIRCULAR Ø .6 LONG. 3.00MT | B45: DIA | D45: =55000*1.19 -> 65450 | E45: EL MISMO | H45: 2.2678334 | T45: 65450
A46: FORMALETA METALICA COLUMNA CUADRADA HASTA .40 X .40 LONG. 2.40MT | B46: DIA | D46: 20416 | E46: GOBERNACION | T46: 15470
A47: COSTO ADICIONAL BOMBEO | B47: M3 | D47: =40000*1.19 -> 47600 | E47: EL MISMO | T47: 42920
A48: RIEL PAVIMENTO 3ML | B48: DIA | D48: 1785 | E48: EL MISMO | T48: 1276
A49: MARTILLO DEMOLEDOR ELECTRICO (HILTI) | B49: HR | D49: 83300 | E49: EL MISMO | T49: 82110
A50: CORTADORA DE CONCRETO | B50: ML | D50: 8000 | T50: 6000
A51: EQUIPOS PINTURA | B51: DIA | D51: 50000 | T51: 50000
A52: EQUIPO DE SOLDADURA | B52: DIA | D52: 350000
A53: MANO DE OBRA
A54: MANO DE OBRA AA-ALBAÑILERIA | B54: HC | D54: =+'VALOR CUADRILLAS MO'!D75 -> 26134.298 | T54: 23821.256
A55: MANO DE OBRA BB-PLOMERIA Y ELECTRICAS | B55: HC | D55: =+'VALOR CUADRILLAS MO'!D89 -> 28747.728 | T55: 26203.381
A56: MANO DE OBRA CC-PINTURA | B56: HC | D56: =+'VALOR CUADRILLAS MO'!D101 -> 30054.443 | T56: 27394.444
A57: MANO DE OBRA DD-CARPINTERIA MADERA Y METAL. | B57: HC | D57: =+'VALOR CUADRILLAS MO'!D113 -> 31361.158 | T57: 28585.507
A58: CUADRILLA "EE" (CABLEADO ESTRUCTURAL) | B58: HC | D58: =+'VALOR CUADRILLAS MO'!D125 -> 33974.587 | T58: 30967.633
A59: JORNAL DIARIO AYUDANTE | B59: DIA | D59: =+'VALOR CUADRILLAS MO'!D66 -> 76980.478 | T59: 70167.244
A60: AYUDANTE | B60: HR | D60: =+'VALOR CUADRILLAS MO'!D67 -> 9622.5598 | T60: 8770.9055
A62: ANALISIS BASICOS
A63: MORTERO 1:3 | B63: M3 | E63: =ROUND(SUM(E64:E69),0) -> 379735
A64: CEMENTO GRIS | B64: kg | C64: 454 | D64: =+D7 -> 606.9 | E64: =+C64*D64 -> 275532.6 | T64: 552
A65: AGUA | B65: lt | C65: 220 | D65: =+D11 -> 65 | E65: =+C65*D65 -> 14300 | T65: 65
A66: ARENA | B66: M3 | C66: 1.3 | D66: =+D9 -> 37500 | E66: =+C66*D66 -> 48750 | T66: 49980
A67: HERRAMIENTAS MENORES | B67: d | C67: 0.03 | D67: =+E69 -> 26134.298 | E67: =(C67*D67) -> 784.02894 | T67: 23821.256
A68: TRANSPORTE DE AGREGADOS PETROS | B68: km/m3 | C68: =C66*10 -> 13 | D68: =INSUMOS!D24 -> 1094.8912 | E68: =(C68*D68) -> 14233.586 | T68: 1100
A69: MANO DE OBRA AA-ALBAÑILERIA | B69: hr | C69: 1 | D69: =D54 -> 26134.298 | E69: =+C69*D69 -> 26134.298 | T69: 23821.256
A71: MORTERO 1:3 IMPERMEABILIZADO | B71: M3 | E71: =ROUND(SUM(E72:E78),0) -> 488807
A72: CEMENTO GRIS | B72: kg | C72: 454 | D72: =D7 -> 606.9 | E72: =+C72*D72 -> 275532.6 | T72: 552
A73: AGUA | B73: lt | C73: 220 | D73: =D11 -> 65 | E73: =+C73*D73 -> 14300 | T73: 65
A74: ARENA | B74: M3 | C74: 1.3 | D74: =+D9 -> 37500 | E74: =+C74*D74 -> 48750 | T74: 49980
A75: SIKA-1 | B75: kg | C75: 6.6104396 | D75: =INSUMOS!D114 -> 16500 | E75: =+C75*D75 -> 109072.25 | T75: 9559.27
A76: HERRAMIENTAS MENORES | B76: d | C76: 0.03 | D76: =E78 -> 26134.298 | E76: =(C76*D76) -> 784.02894 | T76: 23821.256
A77: TRANSPORTE DE AGREGADOS PETROS | B77: km/m3 | C77: =C74*10 -> 13 | D77: =INSUMOS!D24 -> 1094.8912 | E77: =(C77*D77) -> 14233.586 | T77: 1100
A78: AYUDANTE ALBAÑILERÍA (A) | B78: hr | C78: 1 | D78: =D54 -> 26134.298 | E78: =+C78*D78 -> 26134.298 | T78: 23821.256
A80: MORTERO 1:4 | B80: M3 | E80: =ROUND(SUM(E81:E86),0) -> 318331
A81: CEMENTO GRIS | B81: kg | C81: 364 | D81: =+D7 -> 606.9 | E81: =+C81*D81 -> 220911.6 | T81: 552
A82: AGUA | B82: lt | C82: 220 | D82: =+D11 -> 65 | E82: =+C82*D82 -> 14300 | T82: 65
A83: ARENA | B83: M3 | C83: 1.16 | D83: =+D9 -> 37500 | E83: =+C83*D83 -> 43500 | T83: 49980
A84: HERRAMIENTAS MENORES | B84: d | C84: 0.03 | D84: =+E86 -> 26134.298 | E84: =(C84*D84) -> 784.02894 | T84: 23821.256
A85: TRANSPORTE DE AGREGADOS PETROS | B85: km/m3 | C85: =C83*10 -> 11.6 | D85: =INSUMOS!D24 -> 1094.8912 | E85: =(C85*D85) -> 12700.738 | T85: 1100
A86: MANO DE OBRA AA-ALBAÑILERIA | B86: hr | C86: 1 | D86: =D69 -> 26134.298 | E86: =+C86*D86 -> 26134.298 | T86: 23821.256
A88: MORTERO 1:5 | B88: M3 | E88: =ROUND(SUM(E89:E94),0) -> 280171
A89: CEMENTO GRIS | B89: kg | C89: 302 | D89: =+D7 -> 606.9 | E89: =+C89*D89 -> 183283.8 | T89: 552
A90: AGUA | B90: lt | C90: 182 | D90: =+D11 -> 65 | E90: =+C90*D90 -> 11830 | T90: 65
A91: ARENA | B91: M3 | C91: 1.2 | D91: =+D9 -> 37500 | E91: =+C91*D91 -> 45000 | T91: 49980
A92: HERRAMIENTAS MENORES | B92: d | C92: 0.03 | D92: =+E94 -> 26134.298 | E92: =(C92*D92) -> 784.02894 | T92: 23821.256
A93: TRANSPORTE DE AGREGADOS PETROS | B93: km/m3 | C93: =C91*10 -> 12 | D93: =INSUMOS!D24 -> 1094.8912 | E93: =(C93*D93) -> 13138.694 | T93: 1100
A94: MANO DE OBRA AA-ALBAÑILERIA | B94: hr | C94: 1 | D94: =D69 -> 26134.298 | E94: =+C94*D94 -> 26134.298 | T94: 23821.256
A96: MORTERO 1:4 IMPERMEABILIZADO | B96: M3 | E96: =ROUND(SUM(E97:E103),0) -> 405781
A97: CEMENTO GRIS | B97: kg | C97: 364 | D97: =+D7 -> 606.9 | E97: =+C97*D97 -> 220911.6 | T97: 552
A98: AGUA | B98: lt | C98: 220 | D98: =+D11 -> 65 | E98: =+C98*D98 -> 14300 | T98: 65
A99: ARENA | B99: M3 | C99: 1.16 | D99: =+D9 -> 37500 | E99: =+C99*D99 -> 43500 | T99: 49980
A100: SIKA-1 | B100: kg | C100: 5.3 | D100: =+INSUMOS!D114 -> 16500 | E100: =+C100*D100 -> 87450 | T100: 9559.27
A101: HERRAMIENTAS MENORES | B101: d | C101: 0.03 | D101: =+E103 -> 26134.298 | E101: =(C101*D101) -> 784.02894 | T101: 23821.256
A102: TRANSPORTE DE AGREGADOS PETROS | B102: km/m3 | C102: =C99*10 -> 11.6 | D102: =INSUMOS!D24 -> 1094.8912 | E102: =(C102*D102) -> 12700.738 | T102: 1100
A103: MANO DE OBRA AA-ALBAÑILERIA | B103: hr | C103: 1 | D103: =D69 -> 26134.298 | E103: =+C103*D103 -> 26134.298 | T103: 23821.256
A105: CONCRETO 1:1 1/2:2 ELABORADO EN OBRA (4000 PSI) | B105: M3 | E105: =ROUND(SUM(E106:E113),0) -> 463590
A106: CEMENTO GRIS | B106: kg | C106: 475 | D106: =+D7 -> 606.9 | E106: =+C106*D106 -> 288277.5 | T106: 552
A107: AGUA | B107: lt | C107: 200 | D107: =+D11 -> 65 | E107: =+C107*D107 -> 13000 | T107: 65
...

Sheet INSUMOS
B1: SECRETARÍA DE OBRAS PÚBLICAS MUNICIPAL
A2: LISTADO DE MATERIALES-VALLEDUPAR
A3: FECHA: ENERO DE 2020
A4: ITEMS | B4: INSUMOS | C4: U.M. | D4: VR. UNITARIO | F4: VR. UNITARIO 2018
A5: 1 | B5: ESTACA DE MADERA | C5: UN | D5: 2067.03 | F5: 1000 | P5: FERRECESAR
A6: 2 | B6: ALGARROBILLO 4"X2"X3.00MT | C6: UN | D6: 15470 | F6: 11000 | K6: pino patula 4 cmx9x3 mts | L6: 25236 | P6: FERRECESAR
A7: 3 | B7: ALGARROBILLO 2"X2"X3.00MT | C7: UN | D7: 8050.35 | F7: 5700 | L7: 11592 | P7: FERRECESAR
A8: 4 | B8: TABLA 1''X12"X3.00MT ALGARROBILLO | C8: UN | D8: 21387.87 | F8: 15000 | P8: FERRECESAR
A9: 5 | B9: TABLA 1''X12"X3.00MT TOLUA | C9: UN | D9: 61000 | F9: 45000 | P9: GOBERNACION
A10: 6 | B10: TABLA 1''X4"X3.00MT ALGARROBILLO | C10: UN | D10: 7455 | F10: 5700 | P10: FERRECESAR
A11: 7 | B11: TABLA 1''X10"X3.00MT ALGARROBILLO | C11: UN | D11: 18000 | F11: 14000 | P11: GOBERNACION
A12: 8 | B12: TABLA 1''X8"X3.00MT ALGARROBILLO | C12: UN | D12: 18000 | F12: 14000 | P12: GOBERNACION
A13: 9 | B13: ALGARROBILLO | C13: PIE | D13: 1930.53 | F13: 1400 | P13: FERRECESAR
A14: 10 | B14: TOLUA | C14: PIE | D14: 5000 | F14: 4100 | P14: GOBERNACION
A15: 11 | B15: CEDRO | C15: PIE | D15: 5000 | F15: 3100 | P15: GOBERNACION
A16: 12 | B16: ROBLE | C16: PIE | D16: 5000 | F16: 3100 | P16: GOBERNACION
A17: 13 | B17: CARRETO | C17: PIE | D17: 5000 | F17: 3100 | P17: GOBERNACION
A18: 14 | B18: ABARCO | C18: PIE
A19: 15 | B19: EQUIPO DE TOPOGRAFIA (INCLUYE TRANSITO, NIVEL Y COMPLEMENTARIOS) | C19: MES | D19: ='RES 747 TARIFAS PROF.'!X55 -> 3267000 | F19: ='RES 747 TARIFAS PROF.'!X55 -> 3267000 | P19: EL MISMO
A20: 16 | B20: CADENERO 1 | C20: MES | D20: ='RES 747 TARIFAS PROF.'!X40 -> 1526000 | F20: ='RES 747 TARIFAS PROF.'!X40 -> 1526000 | P20: EL MISMO
A21: 17 | B21: CADENERO 2 | C21: MES | D21: ='RES 747 TARIFAS PROF.'!X41 -> 1329000 | F21: ='RES 747 TARIFAS PROF.'!X41 -> 1329000 | P21: EL MISMO
A22: 18 | B22: TOPOGRAFO | C22: DIA | D22: 150050 | F22: =#REF!/30 -> #REF! | P22: GOBERNACION
A23: 19 | B23: TRANSPORTE MATERIAL | C23: M3/KM | D23: =D24 -> 1094.8912 | F23: 1100 | P23: POR PORCENTAJE
A24: 20 | B24: TRANSPORTE MEZCLA | C24: M3/KM | D24: =1052.78*1.04 -> 1094.8912 | F24: 1100 | P24: POR PORCENTAJE
A25: 21 | B25: VIBROCOMPACTADOR TIPO DINAPAC CA 15 | C25: h | D25: 136408.61 | F25: 127800 | P25: GOBERNACION
A26: 22 | B26: CINTA SEGURIDAD DE 75 MM X 100 MTS | C26: ML | D26: 112.76 | F26: 112.76 | L26: 11276 | P26: GOBERNACION
A27: 23 | B27: TELA VERDE ESTABILIZADA 2.1 | C27: ML | D27: 1666 | F27: 6366.5 | P27: FERRECESAR
A28: 24 | B28: TRANSPORTE MOTONIVELADORA | C28: km | D28: 90000 | F28: 90000 | P28: EL MISMO
A29: 25 | B29: MOTONIVELADORA POTENCIA 215 HP, ANCHO DE CUCHILLA 4,27 M, PESO 18 TON. | C29: h | D29: 182992.44 | F29: 181050 | P29: EL MISMO
A30: 26 | B30: MOTONIVELADORA | C30: h | D30: =D29 -> 182992.44 | F30: 170000 | P30: EL MISMO
A31: 27 | B31: VOLQUETA 6 M3 | C31: vj | D31: 120000 | F31: 120000 | K31: Volqueta a mano | M31: 100000 | P31: EL MISMO
A32: 28 | B32: CARGADOR : POTENCIA EN EL VOLANTE 110 HP, CLASIFICACIÓN DE RPM DEL MOTOR 2300. | C32: h | D32: 151027.54 | F32: 150165 | P32: EL MISMO
A33: 29 | B33: CARGADOR : POTENCIA EN EL VOLANTE 125 HP, CLASIFICACIÓN DE RPM DEL MOTOR 2300. | C33: h | D33: 161699.24 | F33: 162413 | P33: EL MISMO
A34: 30 | B34: RETROEXCAVADORA SOBRE LLANTAS, MOTOR 62HP, PROFUNDIDAD DE EXCAVACIÓN DE 5.41 METROS. | C34: h | D34: 193073 | F34: 130000 | P34: GOBERNACION
A35: 31 | B35: COMPRESOR 120 HP, CON MARTILLO. | C35: h | D35: 82148.32 | F35: 105000 | P35: EL MISMO
A36: 32 | B36: AGUA DE CARROTANQUE | C36: lt | D36: =BASICOS!D11 -> 65 | F36: =N36 -> 0 | L36: =46000*1.16/2000 -> 26.68 | P36: EL MISMO
A37: 33 | B37: Vibrocompatador, potencia 153 HP, peso 10 Ton. | C37: h | D37: 116620 | F37: 127800 | P37: GOBERNACION
A38: 34 | B38: Carrotanque de agua(1000 Galones) | C38: h | D38: 71700 | F38: 63900 | P38: GOBERNACION
A39: 35 | B39: VIBROCOMPACTADOR TIPO RANA CON OPERADOR | C39: d | D39: =(7500*8)+BASICOS!D59 -> 136980.48 | F39: 85000 | P39: EL MISMO
A40: 36 | B40: PUNTILLA EL CABALLO 2 1/2" X 11 CC | C40: LB | D40: 3464.09 | F40: 2779.84 | K40: 3115.76 | L40: =2255*1.16 -> 2615.8 | P40: FERRECESAR
A41: 37 | B41: PUNTILLA CON CABEZA 2" 159UN/LB | C41: lb | D41: 3464.09 | F41: =136797.64/50 -> 2735.9528 | K41: 3135.48 | P41: FERRECESAR
A42: 38 | B42: PUNTILLA CON CABEZA 3/4 a 1" | C42: lb | D42: 5261.18 | F42: 5261.18 | K42: 5261.18 | L42: =2842*1.16 -> 3296.72 | P42: FERRECESAR
A43: 39 | B43: PUNTILLA CON CABEZA 1 1/ 2 a 3 1/2" | C43: lb | D43: 4605.3 | F43: 4605.3 | K43: 3648.432 | L43: 2691.2 | P43: FERRECESAR
A44: 40 | B44: ALAMBRE NEGRO No.17 kG | C44: kg | D44: 7066.22 | F44: 4835.565 | K44: 3841.92 | L44: 2016 | P44: FERRECESAR
A45: 41 | B45: ACERO DE REFUERZO PDR-40 | C45: kg | D45: 3648 | F45: 2582 | G45: 3391.5 | K45: 3841.92 | P45: GOBERNACION
A46: 42 | B46: ACERO DE REFUERZO PDR-60 | C46: kg | D46: 5600 | F46: 3249 | K46: 3406.98 | L46: 2016 | P46: GOBERNACION
A47: 43 | B47: ACERO DE Ø1/4 CORRUGADA | C47: ml | D47: =6545/6 -> 1090.8333 | F47: 652.52 | K47: 888.75 | L47: 2016 | P47: FERRECESAR
A48: 44 | B48: ACERO DE Ø1/4 CORRUGADA | C48: kg | D48: 4380.84 | F48: 2582 | K48: 3555.01 | P48: FERRECESAR
A49: 45 | B49: ACERO DE Ø3/8 CORRUGADA | C49: ml | D49: =9894.85/6 -> 1649.1417 | F49: 1436 | K49: 1907.91 | L49: 2016 | P49: FERRECESAR
A50: 46 | B50: ACERO DE Ø3/8 CORRUGADA | C50: kg | D50: 2944.9 | F50: 2582 | K50: 3406.9821 | L50: 2016 | P50: FERRECESAR
A51: 47 | B51: ACERO DE Ø1/2 CORRUGADA | C51: ml | D51: =17731/6 -> 2955.1667 | F51: 3227.042 | K51: 3330.7467 | L51: 2016 | P51: EL MISMO
A52: 48 | B52: ACERO DE Ø1/2 CORRUGADA | C52: kg | D52: 2973 | F52: 2955.17 | K52: 3330.7467 | P52: FERRECESAR
A53: 49 | B53: ACERO DE Ø5/8 CORRUGADA | C53: ml | D53: =27560.4/6 -> 4593.4 | F53: 4593.4 | K53: 5229.6667 | L53: 2016 | P53: FERRECESAR
A54: 50 | B54: ACERO DE Ø5/8 CORRUGADA | C54: kg | D54: 3408.98 | F54: =F53/1.552 -> 2959.6649 | K54: 3352.3504 | P54: EL MISMO
A55: 51 | B55: ACERO DE Ø3/4 CORRUGADA | C55: ml | D55: =39369.96/6 -> 6561.66 | F55: 6561.66 | K55: 7509.55 | L55: 2016 | P55: FERRECESAR
A56: 52 | B56: ACERO DE Ø3/4 CORRUGADA | C56: kg | D56: 3391.54 | F56: =F55/2.235 -> 2935.8658 | K56: 3330.7708 | P56: EL MISMO
A57: 53 | B57: ACERO DE Ø3/4 LISO | C57: kg | D57: 3737.71 | F57: =6997.2/2.235 -> 3130.7383 | K57: 3330.7708 | P57: FERRECESAR
A58: 54 | B58: ACERO DE Ø1 CORRUGADA | C58: kg | D58: 4678.1175 | F58: =10250.66/3.973 -> 2580.0805 | K58: 3391.3484 | L58: 2016 | P58: FERRECESAR
A59: 55 | B59: ANGULO 6M 2-1/2 * 1/4 | C59: ml | D59: =132894.44/6 -> 22149.073 | F59: =118894.09/6 -> 19815.682 | K59: 22028.207 | L59: 107563 | P59: FERRECESAR
A60: 56 | B60: ANGULO 6M 2'' * 1/4 | C60: ml | D60: =106029/6 -> 17671.5 | F60: =97633.55/6 -> 16272.258 | L60: 71519 | P60: FERRECESAR
A61: 57 | B61: ANGULO 6M 2'' * 1/8 | C61: ml | D61: =62773.69/6 -> 10462.282 | F61: =48033.16/6 -> 8005.5267 | L61: 36610 | P61: FERRECESAR
A62: 58 | B62: ANGULO 3/16" X 2 1/2" X 6 ML | C62: ML | D62: =103946.5/6 -> 17324.417 | P62: FERRECESAR
A63: 59 | B63: PLATINA DE 1 1/2" x1/4"-20X20CM | C63: ML | D63: =40797.96/6 -> 6799.66 | F63: =35694.05/6 -> 5949.0083 | L63: =31130.4*1.16 -> 36111.264 | P63: FERRECESAR
A64: 60 | B64: ALAMBRE GALV BWG 10 | C64: KG | D64: 5295.5 | F64: 4879 | P64: FERRECESAR
A65: 61 | B65: SEGUETA NICHOLSON | C65: UN | D65: 26622.68 | F65: 26622.68 | P65: se dejop el m,mismo
A66: 62 | B66: CODO SANITARIO PVC CXC DE 45° DE 2" | C66: UN | D66: 3660.44 | F66: 2998 | P66: FERRECESAR
A67: 63 | B67: YEE SANITARIA PVC REDUCIDA 4 X 2 | C67: UN | D67: 21323.61 | F67: 17463 | P67: FERRECESAR
A68: 64 | B68: TUBO PVC SANITARIO 4 | C68: ML | D68: 23460.85 | F68: 19372.83 | P68: FERRECESAR
A69: 65 | B69: CODO 90° 1/4 CXC SANITARIO 4 | C69: UN | D69: 13552 | F69: 12320 | M69: Referencia | N69: Diámetro / Pulg. | O69: Precio sin IVA | P69: Precio con IVA
A70: 66 | B70: CODO SANITARIO PVC CXC DE 45° DE 4 | C70: UN | D70: 13727.84 | F70: 11243 | M70: 2900322 | N70: 2 | O70: 60933 | P70: 70682
A71: 67 | B71: UNIÓN PVC SANITARIA 4 | C71: UN | D71: 7109.06 | F71: 5823 | M71: 2900325 | N71: 3 | O71: 91028 | P71: 105592
A72: 68 | B72: TUBO VENTILACION 4" | C72: ML | D72: =100961.98/6 -> 16826.997 | F72: 14034.33 | M72: 2900329 | N72: 4 | O72: 126856 | P72: 147153 | Q72: =P72/6 -> 24525.5
A73: 69 | B73: SOLDADURA PVC PAVCO 1/4 | C73: UN | D73: 94253.95 | F73: 77194 | M73: 2900334 | N73: 6 | O73: 268629 | P73: 311610
A74: 70 | B74: LIMPIADOR REMOV. 1/4 PAVCO. | C74: UN | D74: 45447.29 | F74: 37221 | P74: FERRECESAR
A75: 71 | B75: TUBO PVC SANITARIO 2 | C75: ML | D75: =66954.16/6 -> 11159.027 | F75: 9306.83 | P75: FERRECESAR
A76: 72 | B76: YEE SANITARIA 2 | C76: UN | D76: 7013.86 | F76: 5744 | P76: FERRECESAR
A77: 73 | B77: UNIÓN PVC SANIT 2 | C77: UN | D77: 2465.68 | F77: 2019 | P77: FERRECESAR
A78: 74 | B78: CODO 90° 1/4 CXC SANITARIO 2 | C78: UN | D78: 3297 | F78: 3088 | P78: FERRECESAR
A79: 75 | B79: TUBO VENTILACION 2" | C79: ML | D79: =43869.35/6 -> 7311.5583 | F79: 6098 | P79: FERRECESAR
A80: 76 | B80: UNIÓN PVC SANIT 3" | C80: UN | D80: 3559.29 | F80: 2916 | P80: FERRECESAR
A81: 77 | B81: UNIÓN PVC SANIT 1 1/2 | C81: UN | D81: 2153.9 | F81: 1765 | P81: FERRECESAR
A82: 78 | B82: CODO 90° 1/4 CXC SANITARIO 1 1/2 | C82: UN | D82: 2608.48 | F82: 2611 | M82: Tubos S8 (PS 8 kN/m² - 57 psi.) tramos por 6 m. | P82: FERRECESAR
A83: 79 | B83: TUBO PVC SANITARIO 1 1/2 | C83: ML | D83: =54003.39/6 -> 9000.565 | F83: 7506.67 | M83: 2900075 4-110 mm $87.368 $101.347 | N83: =101347/6 -> 16891.167 | P83: FERRECESAR | Q83: 2905226 1.1/2 70 $1.927 $2.235
A84: 80 | B84: CODO 90° 1/4 CXC SANITARIO 3" | C84: UN | D84: 7081.69 | F84: 6714 | M84: 2900077 6-160 mm $170.643 $197.946 | P84: FERRECESAR | Q84: 2906070 2 70 $2.210 $2.563
A85: 81 | B85: TUBO PVC SANITARIO 3" | C85: ML | D85: =100005.22/6 -> 16667.537 | F85: 13901.17 | M85: 2900079 8-200 mm $233.035 $270.320 | P85: FERRECESAR | Q85: 2905309 3 40 $3.186 $3.696
A86: 82 | B86: CODO SANITARIO PVC CXC DE 45° DE 3" | C86: UN | D86: 7865.9 | F86: 6443 | M86: 2900065 10-250 mm $340.359 $394.816 | P86: FERRECESAR | Q86: 2905359 4 40 $6.353 $7.369
A87: 83 | B87: TUBO VENTILACION 3" | C87: ML | D87: =58551.57/6 -> 9758.595 | F87: 8138.83 | M87: 2900067 12-315 mm $503.225 $583.741 | P87: FERRECESAR | Q87: 2901704 6 8 $27.853 $32.310
A88: 84 | B88: TUBO PVC SANITARIO 6" | C88: ML | D88: =295134.28/6 -> 49189.047 | F88: 41025 | M88: 2902478 14-355 mm $586.924 $680.831 | P88: FERRECESAR | Q88: Unión
A89: 85 | B89: CODO SANITARIO PVC CXC DE 45° DE 6" | C89: UN | D89: 50378.65 | F89: 41261 | M89: 2900069 16-400 mm $823.154 $954.859 | P89: FERRECESAR
A90: 86 | B90: UNIÓN PVC SANITARIA 6 | C90: UN | D90: 31163.72 | F90: 25523 | M90: 2900071 18-450 mm $1.092.230 $1.266.987 | P90: FERRECESAR
A91: 87 | B91: LUBRICANTE PVC 500 GRAMOS | C91: UN | D91: 20790.49 | F91: 17028 | P91: FERRECESAR
A92: 88 | B92: TUBO PVC AGUAS NEGRAS 6" Novafor de pavco 160 MM | C92: ML | D92: =190872.43/6 -> 31812.072 | F92: 26532 | M92: 2900073 20-500 mm $1.367.737 $1.586.575 | P92: FERRECESAR
A93: 89 | B93: TUBO PVC AGUAS NEGRAS 8" Novafor de pavco 200 MM | C93: ML | D93: =260671.88/6 -> 43445.313 | F93: 36234.5 | P93: FERRECESAR
A94: 90 | B94: TUBO PVC AGUAS NEGRAS 10" Novafor 250 MM | C94: ML | D94: =380725.03/6 -> 63454.172 | F94: 52920.83 | P94: FERRECESAR
A95: 91 | B95: TUBO PVC AGUAS NEGRAS 12" Novafor 315 MM | C95: ML | D95: =562916.41/6 -> 93819.402 | F95: 78248 | P95: FERRECESAR
A96: 92 | B96: TUBO PVC AGUAS NEGRAS 14" Novafor 355MM | C96: ML | D96: =806605.8/6 -> 134434.3 | F96: 112122 | M96: Tubos S4 (PS 4 kN/m² - 28 psi.) tramos por 6,5 m. | P96: FERRECESAR
A97: 93 | B97: TUBO PVC AGUAS NEGRAS 16" Novafor 400 MM | C97: ML | D97: =986565.93/6 -> 164427.65 | F97: 137137.33 | M97: 2900514 27 pulg. $2.359.891 $2.737.474 | P97: FERRECESAR
A98: 94 | B98: TUBO PVC AGUAS NEGRAS 20" Novafor 500 MM | C98: ML | D98: =1661115.05/6 -> 276852.51 | F98: 230902.83 | M98: 2906380 30 pulg. $3.074.063 $3.565.914 | P98: FERRECESAR
A99: 95 | B99: TUBO PVC AGUAS NEGRAS 30" Novafor | C99: ML | D99: =3818313.73/6.5 -> 587432.88 | F99: 449107.69 | M99: 2900506 33 pulg. $3.809.630 $4.419.171 | P99: FERRECESAR
A100: 96 | B100: BAJANTE X 3 MTS PVC PAVCO. B.S | C100: UN | D100: 114888 | F100: 114888 | P100: FERRECESAR
...

Sheet VALOR CUADRILLAS MO
A1: SECRETARÍA DE OBRAS PÚBLICAS
A2: TARIFAS MANO DE OBRA Y PRESTACIONES SOCIALES
A3: FECHA: ENERO DE 2019 | V3: Tendrá un incremento del 6%, equivalente a $46.874. Auxilio de transporte queda en $97.032. El total que recibirán los trabajadores es de $925.148.
A4: 1.-SALARIOS DE MANO DE OBRA | E4: % | S4: 2019 | V4: Al anunciar el aumento del 6% para el salario y del 10% para el auxilio del transporte, el presidente señaló que "es el aumento real más significativo en 25 años".
V5: De igual manera, agregó: "Esto muestra que nos podemos poner de acuerdo en lo que le conviene al país. Colombia necesita reactivar la economía y al mismo tiempo ir mejorando las condiciones de todos los trabajadores y generando más empleos formales".
A6: A- Salario Minimo Legal | C6: 908526 | H6: Con este incremento, el salario mínimo pasa de $737.717 a $781.242 y el auxilio de transporte pasa de $83.140 a $88.211. | S6: 828116 | V6: El aumento fue celebrado tanto por empresarios com
A7: B- Auxilio de Transporte | C7: 106454 | S7: 97032
A8: C- Total Mensual | C8: =SUM(C6:C7) -> 1014980 | S8: =SUM(S6:S7) -> 925148
A9: D- Anual (A/30x365) | C9: =+C6/30*365 -> 11053733 | E9: 1 | F9: =C9/C$9 -> 1
A10: Subsidio de Transporte Anual | C10: =+C7*12 -> 1277448 | E10: =C10/C$9 -> 0.11556711
A11: E- Anual con Subsidio de Transporte | C11: =+C9+C10 -> 12331181
A13: PRESTACIONES | B13: BASE
A14: Cesantias | B14: E | C14: 0.1 | D14: =+C11*36/365 -> 1216226.1 | E14: =D14/C$9 -> 0.11002854
A15: Intereses | B15: =+A14 -> Cesantias | C15: 0.12 | D15: =+D14*C15 -> 145947.13 | E15: =D15/C$9 -> 0.013203424
A16: Vacaciones 15 Dias | B16: A | C16: 0.5 | D16: =+C6/2 -> 454263 | E16: =D16/C$9 -> 0.04109589
A17: Primas 30 Dias | B17: C | C17: 1 | D17: =+C8 -> 1014980 | E17: =D17/C$9 -> 0.091822373
A19: OTROS COSTOS
A20: Botas y Overol | B20: 82500 | C20: 3 | D20: =+B20*C20 -> 247500 | E20: =D20/C$9 -> 0.022390626
A21: Seguro Colectivo | B21: D | C21: 0.005 | D21: =+C9*C21 -> 55268.665 | E21: =D21/C$9 -> 0.005
A23: SEGURIDAD SOCIAL
A24: Pensiones | B24: D | C24: 0.12 | D24: =+C9*C24 -> 1326448 | E24: =D24/C$9 -> 0.12
A25: Medicina Familiar | B25: D | C25: 0.085 | D25: =+C9*C25 -> 939567.31 | E25: =D25/C$9 -> 0.085
A26: Riesgos Profesionales | B26: D | C26: 0.056 | D26: =+C9*C26 -> 619009.05 | E26: =D26/C$9 -> 0.056
L27: 6045617
A28: APORTES SENA | L28: =+L27*10.98% -> 663808.75
A29: Aporte Ordinario | B29: D | C29: 0.02 | D29: =+C9*C29 -> 221074.66 | E29: =D29/C$9 -> 0.02
A30: F.I.C | B30: Nota 4 | C30: 0.18 | D30: =+C10*C30 -> 229940.64 | E30: =D30/C$9 -> 0.02080208
L31: 556200
A32: OTROS APORTES | L32: =+L31/30*365 -> 6767100
A33: I.C.B.F | B33: D | C33: 0.03 | D33: =+C9*C33 -> 331611.99 | E33: =D33/C$9 -> 0.03 | L33: =+L32*10.98% -> 743027.58
A34: Subsidio Familiar | B34: D | C34: 0.04 | D34: =+C9*C34 -> 442149.32 | E34: =D34/C$9 -> 0.04
A36: VALOR REAL DEL SALARIO | D36: =SUM(D14:D35)+C11 -> 19575167 | E36: =SUM(E14:E35) -> 0.65534293
A38: NOTAS:
A39: 1.- Subsidio de transporte solo se paga hasta sueldos de 2 salarios minimos mensules legales vigentes.
A40: 2.- Subsidio de transporte anual = Subsidio mensual / 30 x (365 dias-18 fiestas - 3 permisos- 15 dias vacaciones).
A41: 3.- Porcentajes solo son validos para actividades de construccion. Para otros empleados se debe utilizar 30 dias de cesantia y 2.2% (promedio para empresas de bajo riesgo).
A42: 4.- Un salario minimo por cada 40 trabajadores. El valor se obtiene asi: (Salario minimo x 12 / 40) / Salario anual estudiado.
A43: 5.- El crecimiento promedio del PIB entre 2005 y 2006 fue superior al 4%y por ello la cotizacion a pensiones por parte del patrono durante 2009 debe aumentar al 12%, segun lo dispuesto por la ley 297 del 2003.
A44: * Todos los porcentajes estan relacionados con el salario para 365 dias.
A45: * Los 18 feriados hacen referencia a los dias feriados que de lunes a viernes .
A47: 2- CALCULO DE SOBRECOSTO POR HORAS EFECTIVAS TRABAJADAS-OBREROS CON UN SALARIO MINIMO TRABAJADO
A49: A- Anual con Subsidio de Transporte | D49: =+D36 -> 19575167
A50: B- Horas Calendario Anuales | C50: 365 x 8 Hhr | D50: 2920 | L50: =+J50*8 -> 0
A51: C- Horas Laborales Anuales | C51: (52 Sem x 48 Hr)+8Hr | D51: 2504
A52: D- Horas Habiles Anuales | C52: 2920 Hr-((52 Dom + 18 Fiestas + 3 Permisos) x 8 Hr) | D52: 2344
A53: E- Valor Hora Calendario | C53: A/B | D53: =+D49/D50 -> 6703.8242 | E53: 1
A54: F- Valor Hora Laboral | C54: A/C | D54: =+D49/D51 -> 7817.5586 | E54: =D54/D53 -> 1.1661342
A55: G- Valor Hora Efectiva | C55: A/D | D55: =+D49/D52 -> 8351.1804 | E55: =D55/D53 -> 1.2457338
A57: NOTAS:
A58: Los factores de sobrecostos se utilizan para valorizar el tiempo efectivo que un obrero dedica a su labor y refleja el costo del tiempo durante el cual no esta trabajando pero si esta devengando.
A59: Si se toma como base la hora calendario, se incrementa 24.57% para obtener la hora efectiva.
A60: Si se toma como base la hora laboral, se incrementa 6.83% para obtener la hora efectiva.
A62: CALCULO DE CUADRILLAS
A64: CUADRILLA "AA" (Albañileria)
A65: Jornal Ayudante | C65: 1.2 Minimos | D65: =(+C6*12/365)*1.2 -> 35843.218
A66: Valor Real del Jornal | C66: 2.1477 | D66: =+D65*C66 -> 76980.478
A67: Valor Total Hr Ayudante | D67: =+D66/8 -> 9622.5598
A69: Jornal Oficial | C69: 2.1 Minimos | D69: =(+C6*12/365)*2.1 -> 62725.631
A70: Valor Real del Jornal | C70: 2.1059 | D70: =+D69*C70 -> 132093.91
A71: Valor Total Hr Oficial | D71: =+D70/8 -> 16511.738
G72: 2017
A74: Valor Dia Cuadrilla | D74: =+D70+D66 -> 209074.38 | G74: 169766.99
A75: Valor Hr Cuadrilla | D75: =+D71+D67 -> 26134.298 | G75: 21220.874
A77: Salida Electrica | C77: 1.55 Hr AA
A79: CUADRILLA "BB" (Instalaciones)
A80: Jornal Ayudante | C80: 1.2 Minimos | D80: =+D65*1.1 -> 39427.539
A81: Valor Real del Jornal | C81: 2.1477 | D81: =+D66*1.1 -> 84678.526
A82: Valor Total Hr Ayudante | D82: =+D67*1.1 -> 10584.816
A84: Jornal Oficial | C84: 2.1 Minimos | D84: =+D69*1.1 -> 68998.194
A85: Valor Real del Jornal | C85: 2.1059 | D85: =+D70*1.1 -> 145303.3
A86: Valor Total Hr Oficial | D86: =+D71*1.1 -> 18162.912
A88: Valor Dia Cuadrilla | D88: =+D85+D81 -> 229981.82 | G88: 186743.69
A89: Valor Hr Cuadrilla | D89: =+D86+D82 -> 28747.728 | G89: 23342.962
A91: CUADRILLA "CC" (Pintura)
A92: Jornal Ayudante | C92: 1.2 Minimos | D92: =+D65*1.15 -> 41219.7
A93: Valor Real del Jornal | C93: 2.1477 | D93: =+D66*1.15 -> 88527.55
A94: Valor Total Hr Ayudante | D94: =+D67*1.15 -> 11065.944
A96: Jornal Oficial | C96: 2.1 Minimos | D96: =+D69*1.15 -> 72134.475
A97: Valor Real del Jornal | C97: 2.1059 | D97: =+D70*1.15 -> 151907.99
A98: Valor Total Hr Oficial | D98: =+D71*1.15 -> 18988.499
A100: Valor Dia Cuadrilla | D100: =+D97+D93 -> 240435.54 | G100: 195232.04
A101: Valor Hr Cuadrilla | D101: =+D98+D94 -> 30054.443 | G101: 24404.005
A103: CUADRILLA "DD" (Carpinterias)
A104: Jornal Ayudante | C104: 1.2 Minimos | D104: =+D65*1.2 -> 43011.861
A105: Valor Real del Jornal | C105: 2.1477 | D105: =+D66*1.2 -> 92376.574
A106: Valor Total Hr Ayudante | D106: =+D67*1.2 -> 11547.072
A108: Jornal Oficial | C108: 2.1 Minimos | D108: =+D69*1.2 -> 75270.757
A109: Valor Real del Jornal | C109: 2.1059 | D109: =+D70*1.2 -> 158512.69
A110: Valor Total Hr Oficial | D110: =+D71*1.2 -> 19814.086
A112: Valor Dia Cuadrilla | D112: =+D109+D105 -> 250889.26 | G112: 203720.39
A113: Valor Hr Cuadrilla | D113: =+D110+D106 -> 31361.158 | G113: 25465.049
A115: CUADRILLA "EE" (Cableado Estructural)
A116: Jornal Ayudante | C116: 1.2 Minimos | D116: =+D65*1.3 -> 46596.183
A117: Valor Real del Jornal | C117: 2.1477 | D117: =+D66*1.3 -> 100074.62
A118: Valor Total Hr Ayudante | D118: =+D67*1.3 -> 12509.328
A120: Jornal Oficial | C120: 2.1 Minimos | D120: =+D69*1.3 -> 81543.32
A121: Valor Real del Jornal | C121: 2.1059 | D121: =+D70*1.3 -> 171722.08
A122: Valor Total Hr Oficial | D122: =+D71*1.3 -> 21465.26
A124: Valor Dia Cuadrilla | D124: =+D121+D117 -> 271796.7 | G124: 220697.09
A125: Valor Hr Cuadrilla | D125: =+D122+D118 -> 33974.587 | G125: 27587.136
...

Sheet CONCRETO PREMEZCLADO
A2: CONCRETO EL DORADO AÑO 2019 | H2: CONCRETO EL DORADO AÑO 2017
A3: CONCRETO | B3: PRECIO DE LISTA | C3: IVA (19%) | D3: TOTAL | H3: CONCRETO | I3: PRECIO DE LISTA | J3: IVA (19%) | K3: TOTAL
A4: MR50 | B4: 329570 | C4: =B4*19% -> 62618.3 | D4: =SUM(B4:C4) -> 392188.3 | H4: MR50 | I4: 346023 | J4: =I4*19% -> 65744.37 | K4: =SUM(I4:J4) -> 411767.37
A5: MR45 | B5: 326411 | C5: =B5*19% -> 62018.09 | D5: =SUM(B5:C5) -> 388429.09 | H5: MR45 | I5: 335798 | J5: =I5*19% -> 63801.62 | K5: =SUM(I5:J5) -> 399599.62
A6: MR43 | B6: 309430 | C6: =B6*19% -> 58791.7 | D6: =SUM(B6:C6) -> 368221.7 | H6: MR43 | I6: 332480 | J6: =I6*19% -> 63171.2 | K6: =SUM(I6:J6) -> 395651.2
A7: MR42 | B7: 305784 | C7: =B7*19% -> 58098.96 | D7: =SUM(B7:C7) -> 363882.96 | H7: MR42 | I7: 329182 | J7: =I7*19% -> 62544.58 | K7: =SUM(I7:J7) -> 391726.58
A8: MR42 ACEL 3 DIAS | B8: 320560 | C8: =B8*19% -> 60906.4 | D8: =SUM(B8:C8) -> 381466.4 | H8: MR42 ACEL 3 DIAS | I8: 342844 | J8: =I8*19% -> 65140.36 | K8: =SUM(I8:J8) -> 407984.36
A9: MR42 ACEL 7 DIAS | B9: 311581 | C9: =B9*19% -> 59200.39 | D9: =SUM(B9:C9) -> 370781.39 | H9: MR42 ACEL 7 DIAS | I9: 336414 | J9: =I9*19% -> 63918.66 | K9: =SUM(I9:J9) -> 400332.66
A10: MR41 | B10: 287766 | C10: =B10*19% -> 54675.54 | D10: =SUM(B10:C10) -> 342441.54
A11: 2000 PSI | B11: =266079 -> 266079 | C11: =B11*19% -> 50555.01 | D11: =SUM(B11:C11) -> 316634.01 | H11: 2000 PSI | I11: 267948 | J11: =I11*19% -> 50910.12 | K11: =SUM(I11:J11) -> 318858.12
A12: 2500 PSI | B12: 278854 | C12: =B12*19% -> 52982.26 | D12: =SUM(B12:C12) -> 331836.26 | H12: 2500 PSI | I12: 287863 | J12: =I12*19% -> 54693.97 | K12: =SUM(I12:J12) -> 342556.97
A13: 3000 PSI | B13: 290911 | C13: =B13*19% -> 55273.09 | D13: =SUM(B13:C13) -> 346184.09 | H13: 3000 PSI | I13: 307600 | J13: =I13*19% -> 58444 | K13: =SUM(I13:J13) -> 366044
A14: 3000 ACEL 3 DIAS | B14: 312065 | C14: =B14*19% -> 59292.35 | D14: =SUM(B14:C14) -> 371357.35
A15: 3000 ACEL 7 DIAS | B15: 301511 | C15: =B15*19% -> 57287.09 | D15: =SUM(B15:C15) -> 358798.09
A16: 3500 PSI | B16: 301973 | C16: =B16*19% -> 57374.87 | D16: =SUM(B16:C16) -> 359347.87 | H16: 3500 PSI | I16: 316277 | J16: =I16*19% -> 60092.63 | K16: =SUM(I16:J16) -> 376369.63
A17: 3500 ACEL 3 DIAS | B17: 323550 | C17: =B17*19% -> 61474.5 | D17: =SUM(B17:C17) -> 385024.5
A18: 3500 ACEL 7 DIAS | B18: 312785 | C18: =B18*19% -> 59429.15 | D18: =SUM(B18:C18) -> 372214.15
A19: 4000 PSI | B19: 313035 | C19: =B19*19% -> 59476.65 | D19: =SUM(B19:C19) -> 372511.65 | H19: 4000 PSI | I19: 323182 | J19: =I19*19% -> 61404.58 | K19: =SUM(I19:J19) -> 384586.58
A20: 4000 ACEL 3 DIAS | B20: 335045 | C20: =B20*19% -> 63658.55 | D20: =SUM(B20:C20) -> 398703.55
A21: 4000 ACEL 7 DIAS | B21: 324064 | C21: =B21*19% -> 61572.16 | D21: =SUM(B21:C21) -> 385636.16
A22: 4500 PSI | B22: 323687 | C22: =B22*19% -> 61500.53 | D22: =SUM(B22:C22) -> 385187.53 | H22: 4500 PSI | I22: 329798 | J22: =I22*19% -> 62661.62 | K22: =SUM(I22:J22) -> 392459.62
A23: 4500 ACEL 3 DIAS | B23: 346137 | C23: =B23*19% -> 65766.03 | D23: =SUM(B23:C23) -> 411903.03
A24: 4500 ACEL 7 DIAS | B24: 334938 | C24: =B24*19% -> 63638.22 | D24: =SUM(B24:C24) -> 398576.22
A25: 5000 PSI | B25: 334339 | C25: =B25*19% -> 63524.41 | D25: =SUM(B25:C25) -> 397863.41 | H25: 5000 PSI | I25: 336321 | J25: =I25*19% -> 63900.99 | K25: =SUM(I25:J25) -> 400221.99
A26: 5000 ACEL 3 DIAS | B26: 357240 | C26: =B26*19% -> 67875.6 | D26: =SUM(B26:C26) -> 425115.6
A27: 5000 ACEL 7 DIAS | B27: 345815 | C27: =B27*19% -> 65704.85 | D27: =SUM(B27:C27) -> 411519.85
A30: LISTA DE PRECIOS CONCRETERAS 2016
A32: CONCRETO | B32: CEMEX COLOMBIA | C32: CONCRETO EL DORADO | D32: SLM CONSTRUCCIONES S.A.S | E32: ARGOS
A33: Mod. Rotura | B33: PRECIO CON IVA | C33: PRECIO CON IVA | D33: PRECIO CON IVA | E33: PRECIO CON IVA
A34: 42 | B34: =416200*1.16 -> 482792 | C34: =329182*1.16 -> 381851.12 | D34: =315000*1.16 -> 365400 | E34: =346500*1.16 -> 401940
A35: 43 | B35: =426000*1.16 -> 494160 | C35: 389291 | D35: =320000*1.16 -> 371200 | E35: =355500*1.16 -> 412380
A36: 45 | B36: =438100*1.16 -> 508196 | C36: =339014*1.16 -> 393256.24 | D36: =332000*1.16 -> 385120 | E36: =364500*1.16 -> 422820
A37: 2000 PSI | B37: =320100*1.16 -> 371316 | C37: =267948*1.16 -> 310819.68 | D37: =265000*1.16 -> 307400 | E37: =250200*1.16 -> 290232
A38: 2500 PSI | B38: =332200*1.16 -> 385352 | C38: =287863*1.16 -> 333921.08 | D38: =268000*1.16 -> 310880 | E38: =269100*1.16 -> 312156
A39: 3000 PSI | B39: =344300*1.16 -> 399388 | C39: =310057*1.16 -> 359666.12 | D39: =275000*1.16 -> 319000 | E39: =288900*1.16 -> 335124
A40: 3500 PSI | B40: =357700*1.16 -> 414932 | C40: =316277*1.16 -> 366881.32 | D40: =280000*1.16 -> 324800 | E40: =294300*1.16 -> 341388
A41: 4000 PSI | B41: =371100*1.16 -> 430476 | C41: =323182*1.16 -> 374891.12 | D41: =286000*1.16 -> 331760 | E41: =312300*1.16 -> 362268
A43: RESISTENCIA ESPECIFICA A LOS 28 DIAS

Sheet TABLAS
A1: SECRETARÍA DE OBRAS PÚBLICAS
A2: TABLAS
A3: FECHA: ENERO DE 2020
A4: METRO CUBICO
A5: CANTIDAD DE ARENA, CEMENTO, BALASTO Y RESISTENCIAS QUE SE OBTIENEN
A6: MEZCLA | B6: CEMENTO | D6: ARENA | E6: BALASTO | F6: AGUA LITROS | H6: A LOS 24 DIAS
B7: KILOS | C7: SACOS | D7: M3 | E7: M3 | F7: Agr. Hum. | G7: Agr. Sec. | H7: KG/CM2 | I7: LB/IN2
A8: 1.2.2 | B8: 420 | C8: 8.5 | D8: 0.67 | E8: 0.67 | F8: 180 | G8: 200 | H8: 250 | I8: 3555
A9: 1. 2. 2 1/2 | B9: 380 | C9: 7.5 | D9: 0.600 | E9: 0.760 | F9: 170 | G9: 190 | H9: 240 | I9: 3400
A10: 1. 2. 3 | B10: 350 | C10: 7 | D10: 0.555 | E10: 0.835 | F10: 160 | G10: 180 | H10: 220 | I10: 3130
A11: 1. 2. 3 1/2 | B11: 320 | C11: 6.5 | D11: 0.515 | E11: 0.900 | F11: 160 | G11: 180 | H11: 210 | I11: 3000
A12: 1. 2. 4 | B12: 300 | C12: 6 | D12: 0.475 | E12: 0.950 | F12: 145 | G12: 170 | H12: 200 | I12: 2850
A13: 1. 2 1/2. 4 | B13: 280 | C13: 5.5 | D13: 0.555 | E13: 0.830 | F13: 145 | G13: 170 | H13: 190 | I13: 2700
A14: 1. 2 1/2. 4 1/2 | B14: 260 | C14: 5.25 | D14: 0.520 | E14: 0.940 | F14: 140 | G14: 160 | H14: 180 | I14: 2560
A15: 1. 3. 3 | B15: 300 | C15: 6 | D15: 0.715 | E15: 0.715 | F15: 145 | G15: 170 | H15: 170 | I15: 2400
A16: 1. 3. 4 | B16: 280 | C16: 5.25 | D16: 0.625 | E16: 0.825 | F16: 140 | G16: 165 | H16: 160 | I16: 2280
A17: 1. 3. 5 | B17: 230 | C17: 4.5 | D17: 0.555 | E17: 0.975 | F17: 135 | G17: 160 | H17: 140 | I17: 2000
A18: 1. 3. 6 | B18: 210 | C18: 4 | D18: 0.500 | E18: 1000 | F18: 130 | G18: 155 | H18: 120 | I18: 1700
A19: 1. 4. 7 | B19: 175 | C19: 3.5 | D19: 0.555 | E19: 0.975 | F19: 120 | G19: 145 | H19: 110 | I19: 1560
A20: 1. 4. 8 | B20: 160 | C20: 3.25 | D20: 0.655 | E20: 1025 | F20: 110 | G20: 140 | H20: 100 | I20: 1420
A23: Diámetro de la tubería Ancho de zanja (m) | E23: PULGADAS | F23: MILIMETROS | H23: EQUIVALENCIAS
A24: 75 a 200 mm (3" a 8") 0,60 | E24: 1/8" | F24: 2.5 | H24: MILIMETROS | I24: PULGADAS
A25: 250 y 300 mm (10" y 12") 0,70 | E25: 3/16" | F25: 4.5 | H25: 0.27mm | I25: Calibre 31
A26: 375 y 400 mm (15" y 16") 0,80 | E26: 1/4" | F26: 6 | H26: 0.31mm | I26: Calibre 30
A27: 450 mm (18") 0,90 | H27: 0.35mm | I27: Calibre 29
A28: 500 y 525 mm (20" y 21") 1,00 | H28: 0.45mm | I28: Calibre 26
A29: 600 mm (24") 1,10 | H29: 0.60mm | I29: Calibre 24
A30: 675 mm (27") 1,20 | H30: 0.70mm | I30: Calibre 22
A31: 750 mm (30") 1,30 | H31: 0.90mm | I31: Calibre 20
A32: 825 mm (33") 1,40 | H32: 1.20mm | I32: Calibre 18
A33: 900 mm (36") 1,50 | H33: 1.50mm | I33: Calibre16 | L33: 2.5
A34: 1000 mm (40") 1,80 | H34: 1.90mm | I34: Calibre 14
A36: En redes de Gas:
A37: Diámetro de la tubería Ancho de zanja (m)
A38: 20 mm a 180 mm 0,40
A39: 200 m a 315 mm 0,60
A40: Para diámetros mayores a los contemplados en estas tabla, el ancho de la zanja será igual al
A41: diámetro exterior de la tubería más 0,40 m a cada lado. Para las domiciliarias de acueducto y
A42: gas se utilizará un ancho de zanja de 0,40 m.
A43: El ancho de las excavaciones se incrementará cuando se requiera entibado de acuerdo con el
A44: espesor determinado para éste.
A45: Cuando se presenten derrumbes la Interventoría definirá el tipo de cimentación a utilizar de
A46: acuerdo con las nuevas condiciones de la zanja.
A47: 1.1.2. Profundidad de las Zanjas. Las zanjas para la colocación de las tuberías de redes de
... A62: respectivos.
A64: varilla # | B64: Area (cm2)
B65: Número de varillas
A66: # / 8 | B66: 1 | C66: 2 | D66: 3 | E66: 4 | F66: 5 | G66: 6 | H66: 7 | I66: 8 | J66: 9 | K66: 10
A67: 3 | B67: 0.71255739 | C67: 1.4251148 | D67: 2.1376722 | E67: 2.8502296 | F67: 3.562787 | G67: 4.2753444 | H67: 4.9879017 | I67: 5.7004591 | J67: 6.4130165 | K67: 7.1255739
A68: 4 | B68: 1.2667687 | C68: 2.5335374 | D68: 3.8003061 | E68: 5.0670748 | F68: 6.3338435 | G68: 7.6006122 | H68: 8.8673809 | I68: 10.13415 | J68: 11.400918 | K68: 12.667687
A69: 5 | B69: 1.9793261 | C69: 3.9586522 | D69: 5.9379783 | E69: 7.9173044 | F69: 9.8966305 | G69: 11.875957 | H69: 13.855283 | I69: 15.834609 | J69: 17.813935 | K69: 19.793261
A70: 6 | B70: 2.8502296 | C70: 5.7004591 | D70: 8.5506887 | E70: 11.400918 | F70: 14.251148 | G70: 17.101377 | H70: 19.951607 | I70: 22.801837 | J70: 25.652066 | K70: 28.502296
A71: 7 | B71: 3.8794791 | C71: 7.7589583 | D71: 11.638437 | E71: 15.517917 | F71: 19.397396 | G71: 23.276875 | H71: 27.156354 | I71: 31.035833 | J71: 34.915312 | K71: 38.794791
A72: 8 | B72: 5.0670748 | C72: 10.13415 | D72: 15.201224 | E72: 20.268299 | F72: 25.335374 | G72: 30.402449 | H72: 35.469524 | I72: 40.536598 | J72: 45.603673 | K72: 50.670748
A73: 9 | B73: 6.4130165 | C73: 12.826033 | D73: 19.23905 | E73: 25.652066 | F73: 32.065083 | G73: 38.478099 | H73: 44.891116 | I73: 51.304132 | J73: 57.717149 | K73: 64.130165
A74: 10 | B74: 7.9173044 | C74: 15.834609 | D74: 23.751913 | E74: 31.669217 | F74: 39.586522 | G74: 47.503826 | H74: 55.421131 | I74: 63.338435 | J74: 71.255739 | K74: 79.173044
A77: varilla # | B77: Peso (kg/m)
B78: Número de varillas (por mts)
A79: # / 8 | B79: 1 | C79: 2 | D79: 3 | E79: 4 | F79: 5 | G79: 6 | H79: 7 | I79: 8 | J79: 9 | K79: 10
A80: 2 | B80: 0.25 | C80: =C$79*B80 -> 0.5 | D80: =D$79*B80 -> 0.75 | E80: =E$79*B80 -> 1 | F80: =F$79*B80 -> 1.25 | G80: =G$79*B80 -> 1.5 | H80: =H$79*B80 -> 1.75 | I80: =I$79*B80 -> 2 | J80: =J$79*B80 -> 2.25 | K80: =K$79*B80 -> 2.5
A81: 3 | B81: 0.56 | C81: =C$79*B81 -> 1.12 | D81: =D$79*B81 -> 1.68 | E81: =E$79*B81 -> 2.24 | F81: =F$79*B81 -> 2.8 | G81: =G$79*B81 -> 3.36 | H81: =H$79*B81 -> 3.92 | I81: =I$79*B81 -> 4.48 | J81: =J$79*B81 -> 5.04 | K81: =K$79*B81 -> 5.6
A82: 4 | B82: 1 | C82: =C$79*B82 -> 2 | D82: =D$79*B82 -> 3 | E82: =E$79*B82 -> 4 | F82: =F$79*B82 -> 5 | G82: =G$79*B82 -> 6 | H82: =H$79*B82 -> 7 | I82: =I$79*B82 -> 8 | J82: =J$79*B82 -> 9 | K82: =K$79*B82 -> 10
A83: 5 | B83: 1.56 | C83: =C$79*B83 -> 3.12 | D83: =D$79*B83 -> 4.68 | E83: =E$79*B83 -> 6.24 | F83: =F$79*B83 -> 7.8 | G83: =G$79*B83 -> 9.36 | H83: =H$79*B83 -> 10.92 | I83: =I$79*B83 -> 12.48 | J83: =J$79*B83 -> 14.04 | K83: =K$79*B83 -> 15.6
A84: 6 | B84: 2.24 | C84: =C$79*B84 -> 4.48 | D84: =D$79*B84 -> 6.72 | E84: =E$79*B84 -> 8.96 | F84: =F$79*B84 -> 11.2 | G84: =G$79*B84 -> 13.44 | H84: =H$79*B84 -> 15.68 | I84: =I$79*B84 -> 17.92 | J84: =J$79*B84 -> 20.16 | K84: =K$79*B84 -> 22.4
A85: 7 | B85: 3.05 | C85: =C$79*B85 -> 6.1 | D85: =D$79*B85 -> 9.15 | E85: =E$79*B85 -> 12.2 | F85: =F$79*B85 -> 15.25 | G85: =G$79*B85 -> 18.3 | H85: =H$79*B85 -> 21.35 | I85: =I$79*B85 -> 24.4 | J85: =J$79*B85 -> 27.45 | K85: =K$79*B85 -> 30.5
A86: 8 | B86: 3.98 | C86: =C$79*B86 -> 7.96 | D86: =D$79*B86 -> 11.94 | E86: =E$79*B86 -> 15.92 | F86: =F$79*B86 -> 19.9 | G86: =G$79*B86 -> 23.88 | H86: =H$79*B86 -> 27.86 | I86: =I$79*B86 -> 31.84 | J86: =J$79*B86 -> 35.82 | K86: =K$79*B86 -> 39.8
A87: 9 | B87: 5.06 | C87: =C$79*B87 -> 10.12 | D87: =D$79*B87 -> 15.18 | E87: =E$79*B87 -> 20.24 | F87: =F$79*B87 -> 25.3 | G87: =G$79*B87 -> 30.36 | H87: =H$79*B87 -> 35.42 | I87: =I$79*B87 -> 40.48 | J87: =J$79*B87 -> 45.54 | K87: =K$79*B87 -> 50.6
A88: 10 | B88: 6.4 | C88: =C$79*B88 -> 12.8 | D88: =D$79*B88 -> 19.2 | E88: =E$79*B88 -> 25.6 | F88: =F$79*B88 -> 32 | G88: =G$79*B88 -> 38.4 | H88: =H$79*B88 -> 44.8 | I88: =I$79*B88 -> 51.2 | J88: =J$79*B88 -> 57.6 | K88: =K$79*B88 -> 64
A89: 11 | B89: 7.91 | C89: =C$79*B89 -> 15.82 | D89: =D$79*B89 -> 23.73 | E89: =E$79*B89 -> 31.64 | F89: =F$79*B89 -> 39.55 | G89: =G$79*B89 -> 47.46 | H89: =H$79*B89 -> 55.37 | I89: =I$79*B89 -> 63.28 | J89: =J$79*B89 -> 71.19 | K89: =K$79*B89 -> 79.1

Sheet IPC
A1: SECRETARÍA DE OBRAS PÚBLICAS
A2: Índice de precios al consumidor (IPC)
A3: Total nacional - Serie histórica para un rango de fechas dado
A5: Índice y variación porcentual mensual, año corrido y anual
A6: Información disponible desde julio de 1954
A7: base: diciembre 2008 = 100
A9: Año | B9: Mes | C9: IPC | D9: Variación mensual (%) | E9: Variación año corrido (%) | F9: Variación anual (%)
A10: 1954 | B10: Julio | C10: 0,03770
B11: Agosto | C11: 0,03742 | D11: -0,76% | E11: -0,76%
B12: Septiembre | C12: 0,03690 | D12: -1,37% | E12: -2,12%
B13: Octubre | C13: 0,03703 | D13: 0,34% | E13: -1,79%
B14: Noviembre | C14: 0,03713 | D14: 0,27% | E14: -1,52%
B15: Diciembre | C15: 0,03733 | D15: 0,54% | E15: -1,00%
A16: 1955 | B16: Enero | C16: 0,03726 | D16: -0,17% | E16: -0,17%
B17: Febrero | C17: 0,03724 | D17: -0,07% | E17: -0,23%
B18: Marzo | C18: 0,03739 | D18: 0,40% | E18: 0,17%
B19: Abril | C19: 0,03765 | D19: 0,70% | E19: 0,87%
B20: Mayo | C20: 0,03749 | D20: -0,43% | E20: 0,43%
B21: Junio | C21: 0,03746 | D21: -0,07% | E21: 0,37%
B22: Julio | C22: 0,03738 | D22: -0,23% | E22: 0,13% | F22: -0,87%
B23: Agosto | C23: 0,03741 | D23: 0,10% | E23: 0,23% | F23: -0,01%
B24: Septiembre | C24: 0,03721 | D24: -0,53% | E24: -0,30% | F24: 0,84%
B25: Octubre | C25: 0,03731 | D25: 0,27% | E25: -0,04% | F25: 0,77%
B26: Noviembre | C26: 0,03766 | D26: 0,94% | E26: 0,90% | F26: 1,44%
B27: Diciembre | C27: 0,03808 | D27: 1,12% | E27: 2,03% | F27: 2,03%
A28: 1956 | B28: Enero | C28: 0,03805 | D28: -0,10% | E28: -0,10% | F28: 2,10%
B29: Febrero | C29: 0,03820 | D29: 0,39% | E29: 0,29% | F29: 2,57%
B30: Marzo | C30: 0,03855 | D30: 0,91% | E30: 1,21% | F30: 3,10%
B31: Abril | C31: 0,03879 | D31: 0,65% | E31: 1,86% | F31: 3,04%
B32: Mayo | C32: 0,03908 | D32: 0,74% | E32: 2,62% | F32: 4,25%
B33: Junio | C33: 0,03944 | D33: 0,92% | E33: 3,56% | F33: 5,28%
B34: Julio | C34: 0,03975 | D34: 0,79% | E34: 4,38% | F34: 6,36%
B35: Agosto | C35: 0,03957 | D35: -0,47% | E35: 3,89% | F35: 5,76%
B36: Septiembre | C36: 0,03992 | D36: 0,88% | E36: 4,81% | F36: 7,26%
B37: Octubre | C37: 0,04041 | D37: 1,25% | E37: 6,11% | F37: 8,31%
B38: Noviembre | C38: 0,04099 | D38: 1,42% | E38: 7,62% | F38: 8,83%
B39: Diciembre | C39: 0,04110 | D39: 0,27% | E39: 7,91% | F39: 7,91%
A40: 1957 | B40: Enero | C40: 0,04158 | D40: 1,18% | E40: 1,18% | F40: 9,30%
B41: Febrero | C41: 0,04213 | D41: 1,32% | E41: 2,52% | F41: 10,30%
B42: Marzo | C42: 0,04287 | D42: 1,74% | E42: 4,30% | F42: 11,21%
B43: Abril | C43: 0,04382 | D43: 2,24% | E43: 6,64% | F43: 12,97%
B44: Mayo | C44: 0,04439 | D44: 1,28% | E44: 8,00% | F44: 13,58%
B45: Junio | C45: 0,04620 | D45: 4,10% | E45: 12,43% | F45: 17,15%
B46: Julio | C46: 0,04746 | D46: 2,72% | E46: 15,49% | F46: 19,39%
B47: Agosto | C47: 0,04805 | D47: 1,23% | E47: 16,91% | F47: 21,43%
B48: Septiembre | C48: 0,04827 | D48: 0,46% | E48: 17,45% | F48: 20,93%
B49: Octubre | C49: 0,04897 | D49: 1,44% | E49: 19,15% | F49: 21,17%
B50: Noviembre | C50: 0,04912 | D50: 0,31% | E50: 19,51% | F50: 19,84%
B51: Diciembre | C51: 0,04960 | D51: 0,99% | E51: 20,69% | F51: 20,69%
A52: 1958 | B52: Enero | C52: 0,04968 | D52: 0,15% | E52: 0,15% | F52: 19,46%
B53: Febrero | C53: 0,04974 | D53: 0,12% | E53: 0,28% | F53: 18,05%
B54: Marzo | C54: 0,05052 | D54: 1,58% | E54: 1,86% | F54: 17,86%
B55: Abril | C55: 0,05138 | D55: 1,70% | E55: 3,59% | F55: 17,24%
B56: Mayo | C56: 0,05240 | D56: 1,99% | E56: 5,65% | F56: 18,06%
B57: Junio | C57: 0,05263 | D57: 0,43% | E57: 6,10% | F57: 13,90%
B58: Julio | C58: 0,05268 | D58: 0,09% | E58: 6,20% | F58: 10,99%
B59: Agosto | C59: 0,05308 | D59: 0,76% | E59: 7,00% | F59: 10,47%
B60: Septiembre | C60: 0,05316 | D60: 0,16% | E60: 7,18% | F60: 10,14%
B61: Octubre | C61: 0,05334 | D61: 0,33% | E61: 7,53% | F61: 8,92%
B62: Noviembre | C62: 0,05331 | D62: -0,05% | E62: 7,48% | F62: 8,54%
B63: Diciembre | C63: 0,05356 | D63: 0,47% | E63: 7,98% | F63: 7,98%
A64: 1959 | B64: Enero | C64: 0,05438 | D64: 1,54% | E64: 1,54% | F64: 9,47%
B65: Febrero | C65: 0,05488 | D65: 0,92% | E65: 2,47% | F65: 10,34%
B66: Marzo | C66: 0,05512 | D66: 0,43% | E66: 2,91% | F66: 9,09%
B67: Abril | C67: 0,05599 | D67: 1,58% | E67: 4,54% | F67: 8,96%
B68: Mayo | C68: 0,05640 | D68: 0,73% | E68: 5,30% | F68: 7,62%
B69: Junio | C69: 0,05677 | D69: 0,66% | E69: 6,00% | F69: 7,87%
B70: Julio | C70: 0,05711 | D70: 0,59% | E70: 6,63% | F70: 8,41%
B71: Agosto | C71: 0,05721 | D71: 0,17% | E71: 6,81% | F71: 7,78%
B72: Septiembre | C72: 0,05701 | D72: -0,35% | E72: 6,44% | F72: 7,23%
B73: Octubre | C73: 0,05714 | D73: 0,24% | E73: 6,69% | F73: 7,14%
B74: Noviembre | C74: 0,05727 | D74: 0,22% | E74: 6,92% | F74: 7,42%
B75: Diciembre | C75: 0,05774 | D75: 0,83% | E75: 7,81% | F75: 7,81%
A76: 1960 | B76: Enero | C76: 0,05793 | D76: 0,32% | E76: 0,32% | F76: 6,52%
B77: Febrero | C77: 0,05775 | D77: -0,30% | E77: 0,02% | F77: 5,24%
B78: Marzo | C78: 0,05850 | D78: 1,29% | E78: 1,32% | F78: 6,14%
B79: Abril | C79: 0,05906 | D79: 0,96% | E79: 2,29% | F79: 5,49%
B80: Mayo | C80: 0,05951 | D80: 0,76% | E80: 3,06% | F80: 5,52%
B81: Junio | C81: 0,05957 | D81: 0,10% | E81: 3,17% | F81: 4,93%
B82: Julio | C82: 0,05984 | D82: 0,46% | E82: 3,64% | F82: 4,79%
B83: Agosto | C83: 0,06004 | D83: 0,33% | E83: 3,99% | F83: 4,96%
B84: Septiembre | C84: 0,06018 | D84: 0,23% | E84: 4,23% | F84: 5,57%
B85: Octubre | C85: 0,06064 | D85: 0,77% | E85: 5,02% | F85: 6,12%
B86: Noviembre | C86: 0,06135 | D86: 1,17% | E86: 6,25% | F86: 7,13%
B87: Diciembre | C87: 0,06199 | D87: 1,04% | E87: 7,35% | F87: 7,35%
A88: 1961 | B88: Enero | C88: 0,06232 | D88: 0,54% | E88: 0,54% | F88: 7,59%
B89: Febrero | C89: 0,06258 | D89: 0,42% | E89: 0,96% | F89: 8,36%
B90: Marzo | C90: 0,06359 | D90: 1,61% | E90: 2,59% | F90: 8,70%
B91: Abril | C91: 0,06489 | D91: 2,04% | E91: 4,68% | F91: 9,87%
B92: Mayo | C92: 0,06560 | D92: 1,10% | E92: 5,83% | F92: 10,23%
B93: Junio | C93: 0,06569 | D93: 0,13% | E93: 5,97% | F93: 10,27%
B94: Julio | C94: 0,06585 | D94: 0,24% | E94: 6,23% | F94: 10,03%
B95: Agosto | C95: 0,06509 | D95: -1,16% | E95: 5,00% | F95: 8,40%
B96: Septiembre | C96: 0,06467 | D96: -0,63% | E96: 4,34% | F96: 7,47%
B97: Octubre | C97: 0,06477 | D97: 0,15% | E97: 4,50% | F97: 6,81%
B98: Noviembre | C98: 0,06511 | D98: 0,52% | E98: 5,04% | F98: 6,13%
B99: Diciembre | C99: 0,06554 | D99: 0,67% | E99: 5,74% | F99: 5,74%
A100: 1962 | B100: Enero | C100: 0,06583 | D100: 0,44% | E100: 0,44% | F100: 5,63%
B101: Febrero | C101: 0,06589 | D101: 0,09% | E101: 0,53% | F101: 5,29%
B102: Marzo | C102: 0,06648 | D102: 0,89% | E102: 1,42% | F102: 4,54%
...

Sheet FACTOR MULTIPLICADOR
A1: SECRETARÍA DE OBRAS PÚBLICAS MUNICIPAL
A2: SOPM
A3: FACTOR MULTIPLICADOR | K3: IMPUESTOS MUNICIPALES ALCALDIA VALLEDUPAR
A4: DISCRIMINACION FACTOR MULTIPLICADOR PERSONAL PROFESIONAL Y TÉCNICO | J4: 1 | K4: ESTAMPILLA BIENESTAR ADULTO MAYOR | L4: 0.04
J5: 2 | K5: ESTAMPILLA PROCULTURA | L5: 0.02
A6: A. COSTO DIRECTOS | J6: 3 | K6: ESTAMPILLA PROUNICESAR | L6: 0.005
A7: A-1 SUELDOS | F7: 1 | J7: 4 | K7: INDUPAL | L7: 0.01
A8: A.2 PRESTACIONES SOCIALES | J8: 5 | K8: RETENCION A LA FUENTE | L8: 0.02
A9: a. | B9: Cesantías | E9: 0.084 | J9: 6 | K9: RETEICA | L9: 0.01
A10: b. | B10: Intereses sobre cesantías (12% anual) | E10: 0.01 | J10: 7 | K10: SEGURIDAD | L10: 0.05
B11: Prima de servicios | E11: 0
B12: Vacaciones (15 días hábiles 2/3x1/12x100) | E12: 0 | K12: IMPUESTOS DEPARTAMENTALES
A13: c. | B13: Subsidio familiar y Sena | E13: 0.06 | J13: 1 | K13: ESTAMPILLA PRODESARROLLO FRONTERIZO | L13: 0.015
B14: Capacitación Sena | E14: 0 | K14: TOTAL | L14: =SUM(L4:L13) -> 0.17
A15: d. | B15: I.C.B.F. | E15: 0.03
A16: e. | B16: Seguridad Social (salud + pensión) | E16: 0.133
B17: Indemnizaciones | E17: 0
B18: Servicios y drogas no cubiertos por el I.S.S. | E18: 0
B19: Incapacidades | E19: 0
A20: f. | B20: Dotación de uniformes | E20: 0.01
B21: Extras | E21: 0
A22: Sub-total prestaciones sociales | F22: =SUM(E9:E21) -> 0.327
A23: TOTAL COSTOS DIRECTOS (A) | G23: =F22+F7 -> 1.327
A25: B. COSTOS INDIRECTOS
A26: a. | B26: Gastos de personal técnico no facturable | D26: 0.08
A27: b. | B27: Gastos de administración | D27: 0.08
A28: c. | B28: Gastos de promoción e instalaciones (oficinas) | D28: 0.03
A29: d. | B29: Costos Financieros | D29: 0.038
A30: e. | B30: Gastos legales | D30: =SUM(E31:E36) -> 0.2005
B31: e.1 Impuestos oficiales | E31: 0.14
B32: e.2 Póliza de cumplimiento | E32: 0.003
B33: e.3 Póliza de anticipo | E33: 0.015
B34: e.4 Póliza salarios y prestaciones socales | E34: 0.0025
B35: e.5 Industria y comercio | E35: 0.003
B36: e.6 Calidad servicio | E36: 0.037
A37: Sub-total costos indirectos | F37: =SUM(D26:D30) -> 0.4285
A38: TOTAL COSTOS INDIRECTOS (B) | G38: =F37*G23 -> 0.5686195
A40: TOTAL COSTOS (A + B) | H40: =G38+G23 -> 1.8956195
A41: C. HONORARIOS | F41: 0.05 | H41: =H40*F41 -> 0.094780975
A43: D. TOTAL FACTOR | H43: =SUM(H40:H41) -> 1.9904005
A44: FACTOR MULTIPLICADOR | F44: =H43 -> 1.9904005

Sheet RES 747 TARIFAS PROF.
A1: ='LISTADO DE UNITARIOS'!A3:E3 -> OBJETO: MEJORAMIENTO Y REPARACIONES GENERALES BASICAS DE LA INFRAESTRUCTURA FISICA DEL JARDIN NACIONAL ANEXA A LA INSTITUCION EDUCATIVA CASD SIMON BOLIVAR DEL MUNICIPIO DE VALLEDUPAR
A2: SOPM
A4: RESOLUCIÓN 747 DEL 9 MAR DE 1998.
A5: MINISTERIO DE TRANSPORTE
A6: "Por la cual se establecen los topes máximos para sueldos y demás gastos que se pueden pagar en los contratos de consultoría, por el SISTEMA DE COBRO DE COSTOS DIRECTOS MAS SUELDOS AFECTADOS POR UN MULTIPLICADOR"
A7: HISTÓRICO DE TARIFAS 1998 - 2017
B9: IPC | C9: 0.167 | D9: 0.0923 | E9: 0.0875 | F9: 0.0765 | G9: 0.0699 | H9: 0.0649 | I9: 0.055 | J9: 0.0485 | K9: 0.0448 | L9: 0.0569 | M9: 0.0767 | N9: 0.02 | O9: 0.0317 | P9: 0.0373 | Q9: 0.0244 | R9: 0.0194 | S9: 0.0366 | T9: 0.0677 | U9: 0.0575 | V9: 0.0409 | W9: 0.0318 | X9: 0.0301 | Y9: 0.038
B10: TARIFA DE | C10: 1998 | D10: 1999 | E10: 2000 | F10: 2001 | G10: 2002 | H10: 2003 | I10: 2004 | J10: 2005 | K10: 2006 | L10: 2007 | M10: 2008 | N10: 2009 | O10: 2010 | P10: 2011 | Q10: 2012 | R10: 2013 | S10: 2014 | T10: 2015 | U10: 2016 | V10: 2017 | W10: 2018 | X10: 2019 | Y10: 2020
A11: PERSONAL PROFESIONAL | B11: CATEGORIA 1 | C11: 3577000 | D11: =ROUND(C11*(1+C$9)/1000,0)*1000 -> 4174000 | E11: =ROUND(D11*(1+D$9)/1000,0)*1000 -> 4559000 | F11: =ROUND(E11*(1+E$9)/1000,0)*1000 -> 4958000 | G11: =ROUND(F11*(1+F$9)/1000,0)*1000 -> 5337000 | H11: =ROUND(G11*(1+G$9)/1000,0)*1000 -> 5710000 | I11: =ROUND(H11*(1+H$9)/1000,0)*1000 -> 6081000 | J11: =ROUND(I11*(1+I$9)/1000,0)*1000 -> 6415000 | K11: =ROUND(J11*(1+J$9)/1000,0)*1000 -> 6726000 | ... Y11: =ROUND(X11*(1+X$9)/1000,0)*1000 -> 11804000
B12: CATEGORIA 2 | C12: 2726000 | D12: =ROUND(C12*(1+$C$9)/1000,0)*1000 -> 3181000 | E12: =ROUND(D12*(1+D$9)/1000,0)*1000 -> 3475000 | F12: =ROUND(E12*(1+E$9)/1000,0)*1000 -> 3779000 | G12: =ROUND(F12*(1+F$9)/1000,0)*1000 -> 4068000 | H12: =ROUND(G12*(1+G$9)/1000,0)*1000 -> 4352000 | I12: =ROUND(H12*(1+H$9)/1000,0)*1000 -> 4634000 | J12: =ROUND(I12*(1+I$9)/1000,0)*1000 -> 4889000 | K12: =ROUND(J12*(1+J$9)/1000,0)*1000 -> 5126000 | L12: =ROUND(K12*(1+K$9)/1000,0)*1000 -> 5356000 | ... Y12: =ROUND(X12*(1+X$9)/1000,0)*1000 -> 8996000
B13: CATEGORIA 3 | C13: 2300000 | D13: =ROUND(C13*(1+$C$9)/1000,0)*1000 -> 2684000 | E13: =ROUND(D13*(1+D$9)/1000,0)*1000 -> 2932000 | F13: =ROUND(E13*(1+E$9)/1000,0)*1000 -> 3189000 | G13: =ROUND(F13*(1+F$9)/1000,0)*1000 -> 3433000 | H13: =ROUND(G13*(1+G$9)/1000,0)*1000 -> 3673000 | I13: =ROUND(H13*(1+H$9)/1000,0)*1000 -> 3911000 | J13: =ROUND(I13*(1+I$9)/1000,0)*1000 -> 4126000 | K13: =ROUND(J13*(1+J$9)/1000,0)*1000 -> 4326000 | L13: =ROUND(K13*(1+K$9)/1000,0)*1000 -> 4520000 | ... Y13: =ROUND(X13*(1+X$9)/1000,0)*1000 -> 7592000
B14: CATEGORIA 4 | C14: 1959000 | D14: =ROUND(C14*(1+$C$9)/1000,0)*1000 -> 2286000 | E14: =ROUND(D14*(1+D$9)/1000,0)*1000 -> 2497000 | F14: =ROUND(E14*(1+E$9)/1000,0)*1000 -> 2715000 | G14: =ROUND(F14*(1+F$9)/1000,0)*1000 -> 2923000 | H14: =ROUND(G14*(1+G$9)/1000,0)*1000 -> 3127000 | I14: =ROUND(H14*(1+H$9)/1000,0)*1000 -> 3330000 | J14: =ROUND(I14*(1+I$9)/1000,0)*1000 -> 3513000 | K14: =ROUND(J14*(1+J$9)/1000,0)*1000 -> 3683000 | L14: =ROUND(K14*(1+K$9)/1000,0)*1000 -> 3848000 | ... Y14: =ROUND(X14*(1+X$9)/1000,0)*1000 -> 6465000
B15: CATEGORIA 5 | C15: 1767000 | D15: =ROUND(C15*(1+$C$9)/1000,0)*1000 -> 2062000 | E15: =ROUND(D15*(1+D$9)/1000,0)*1000 -> 2252000 | F15: =ROUND(E15*(1+E$9)/1000,0)*1000 -> 2449000 | G15: =ROUND(F15*(1+F$9)/1000,0)*1000 -> 2636000 | H15: =ROUND(G15*(1+G$9)/1000,0)*1000 -> 2820000 | I15: =ROUND(H15*(1+H$9)/1000,0)*1000 -> 3003000 | J15: =ROUND(I15*(1+I$9)/1000,0)*1000 -> 3168000 | K15: =ROUND(J15*(1+J$9)/1000,0)*1000 -> 3322000 | L15: =ROUND(K15*(1+K$9)/1000,0)*1000 -> 3471000 | ... Y15: =ROUND(X15*(1+X$9)/1000,0)*1000 -> 5830000
B16: CATEGORIA 6 | C16: 1576000 | D16: =ROUND(C16*(1+$C$9)/1000,0)*1000 -> 1839000 | E16: =ROUND(D16*(1+D$9)/1000,0)*1000 -> 2009000 | F16: =ROUND(E16*(1+E$9)/1000,0)*1000 -> 2185000 | G16: =ROUND(F16*(1+F$9)/1000,0)*1000 -> 2352000 | H16: =ROUND(G16*(1+G$9)/1000,0)*1000 -> 2516000 | I16: =ROUND(H16*(1+H$9)/1000,0)*1000 -> 2679000 | J16: =ROUND(I16*(1+I$9)/1000,0)*1000 -> 2826000 | K16: =ROUND(J16*(1+J$9)/1000,0)*1000 -> 2963000 | L16: =ROUND(K16*(1+K$9)/1000,0)*1000 -> 3096000 | ... Y16: =ROUND(X16*(1+X$9)/1000,0)*1000 -> 5200000
B17: CATEGORIA 7 | C17: 1192000 | D17: =ROUND(C17*(1+$C$9)/1000,0)*1000 -> 1391000 | E17: =ROUND(D17*(1+D$9)/1000,0)*1000 -> 1519000 | F17: =ROUND(E17*(1+E$9)/1000,0)*1000 -> 1652000 | G17: =ROUND(F17*(1+F$9)/1000,0)*1000 -> 1778000 | H17: =ROUND(G17*(1+G$9)/1000,0)*1000 -> 1902000 | I17: =ROUND(H17*(1+H$9)/1000,0)*1000 -> 2025000 | J17: =ROUND(I17*(1+I$9)/1000,0)*1000 -> 2136000 | K17: =ROUND(J17*(1+J$9)/1000,0)*1000 -> 2240000 | L17: =ROUND(K17*(1+K$9)/1000,0)*1000 -> 2340000 | ... Y17: =ROUND(X17*(1+X$9)/1000,0)*1000 -> 3931000
B18: CATEGORIA 8 | C18: 1124000 | D18: =ROUND(C18*(1+$C$9)/1000,0)*1000 -> 1312000 | E18: =ROUND(D18*(1+D$9)/1000,0)*1000 -> 1433000 | F18: =ROUND(E18*(1+E$9)/1000,0)*1000 -> 1558000 | G18: =ROUND(F18*(1+F$9)/1000,0)*1000 -> 1677000 | H18: =ROUND(G18*(1+G$9)/1000,0)*1000 -> 1794000 | I18: =ROUND(H18*(1+H$9)/1000,0)*1000 -> 1910000 | J18: =ROUND(I18*(1+I$9)/1000,0)*1000 -> 2015000 | K18: =ROUND(J18*(1+J$9)/1000,0)*1000 -> 2113000 | L18: =ROUND(K18*(1+K$9)/1000,0)*1000 -> 2208000 | ... Y18: =ROUND(X18*(1+X$9)/1000,0)*1000 -> 3709000
A20: PERSONAL TECNICO | B20: Tecnólogo en áreas de Ingeniería | C20: 738000 | D20: =ROUND(C20*(1+C$9)/1000,0)*1000 -> 861000 | E20: =ROUND(D20*(1+D$9)/1000,0)*1000 -> 940000 | F20: =ROUND(E20*(1+E$9)/1000,0)*1000 -> 1022000 | G20: =ROUND(F20*(1+F$9)/1000,0)*1000 -> 1100000 | H20: =ROUND(G20*(1+G$9)/1000,0)*1000 -> 1177000 | I20: =ROUND(H20*(1+H$9)/1000,0)*1000 -> 1253000 | J20: =ROUND(I20*(1+I$9)/1000,0)*1000 -> 1322000 | K20: =ROUND(J20*(1+J$9)/1000,0)*1000 -> 1386000 | ... Y20: =ROUND(X20*(1+X$9)/1000,0)*1000 -> 2433000
B21: Auxiliar de Ingeniería | C21: 648000 | D21: =ROUND(C21*(1+C$9)/1000,0)*1000 -> 756000 | E21: =ROUND(D21*(1+D$9)/1000,0)*1000 -> 826000 | F21: =ROUND(E21*(1+E$9)/1000,0)*1000 -> 898000 | G21: =ROUND(F21*(1+F$9)/1000,0)*1000 -> 967000 | H21: =ROUND(G21*(1+G$9)/1000,0)*1000 -> 1035000 | I21: =ROUND(H21*(1+H$9)/1000,0)*1000 -> 1102000 | J21: =ROUND(I21*(1+I$9)/1000,0)*1000 -> 1163000 | K21: =ROUND(J21*(1+J$9)/1000,0)*1000 -> 1219000 | ... Y21: =ROUND(X21*(1+X$9)/1000,0)*1000 -> 2138000
B22: Dibujante 1 | C22: 680000 | D22: =ROUND(C22*(1+C$9)/1000,0)*1000 -> 794000 | E22: =ROUND(D22*(1+D$9)/1000,0)*1000 -> 867000 | F22: =ROUND(E22*(1+E$9)/1000,0)*1000 -> 943000 | G22: =ROUND(F22*(1+F$9)/1000,0)*1000 -> 1015000 | H22: =ROUND(G22*(1+G$9)/1000,0)*1000 -> 1086000 | I22: =ROUND(H22*(1+H$9)/1000,0)*1000 -> 1156000 | J22: =ROUND(I22*(1+I$9)/1000,0)*1000 -> 1220000 | K22: =ROUND(J22*(1+J$9)/1000,0)*1000 -> 1279000 | ... Y22: =ROUND(X22*(1+X$9)/1000,0)*1000 -> 2243000
B23: Dibujante 2 | C23: 550000 | D23: =ROUND(C23*(1+C$9)/1000,0)*1000 -> 642000 | E23: =ROUND(D23*(1+D$9)/1000,0)*1000 -> 701000 | F23: =ROUND(E23*(1+E$9)/1000,0)*1000 -> 762000 | G23: =ROUND(F23*(1+F$9)/1000,0)*1000 -> 820000 | H23: =ROUND(G23*(1+G$9)/1000,0)*1000 -> 877000 | I23: =ROUND(H23*(1+H$9)/1000,0)*1000 -> 934000 | J23: =ROUND(I23*(1+I$9)/1000,0)*1000 -> 985000 | K23: =ROUND(J23*(1+J$9)/1000,0)*1000 -> 1033000 | ... Y23: =ROUND(X23*(1+X$9)/1000,0)*1000 -> 1812000
B24: Topógrafo Inspector | C24: 767000 | D24: =ROUND(C24*(1+C$9)/1000,0)*1000 -> 895000 | E24: =ROUND(D24*(1+D$9)/1000,0)*1000 -> 978000 | F24: =ROUND(E24*(1+E$9)/1000,0)*1000 -> 1064000 | G24: =ROUND(F24*(1+F$9)/1000,0)*1000 -> 1145000 | H24: =ROUND(G24*(1+G$9)/1000,0)*1000 -> 1225000 | I24: =ROUND(H24*(1+H$9)/1000,0)*1000 -> 1305000 | J24: =ROUND(I24*(1+I$9)/1000,0)*1000 -> 1377000 | K24: =ROUND(J24*(1+J$9)/1000,0)*1000 -> 1444000 | ... Y24: =ROUND(X24*(1+X$9)/1000,0)*1000 -> 2535000
B25: Topógrafo Auxiliar | C25: 630000 | D25: =ROUND(C25*(1+C$9)/1000,0)*1000 -> 735000 | E25: =ROUND(D25*(1+D$9)/1000,0)*1000 -> 803000 | F25: =ROUND(E25*(1+E$9)/1000,0)*1000 -> 873000 | G25: =ROUND(F25*(1+F$9)/1000,0)*1000 -> 940000 | H25: =ROUND(G25*(1+G$9)/1000,0)*1000 -> 1006000 | I25: =ROUND(H25*(1+H$9)/1000,0)*1000 -> 1071000 | J25: =ROUND(I25*(1+I$9)/1000,0)*1000 -> 1130000 | K25: =ROUND(J25*(1+J$9)/1000,0)*1000 -> 1185000 | ... Y25: =ROUND(X25*(1+X$9)/1000,0)*1000 -> 2080000
B26: Batimetrista Inspector | C26: 767000 | D26: =ROUND(C26*(1+C$9)/1000,0)*1000 -> 895000 | E26: =ROUND(D26*(1+D$9)/1000,0)*1000 -> 978000 | F26: =ROUND(E26*(1+E$9)/1000,0)*1000 -> 1064000 | G26: =ROUND(F26*(1+F$9)/1000,0)*1000 -> 1145000 | H26: =ROUND(G26*(1+G$9)/1000,0)*1000 -> 1225000 | I26: =ROUND(H26*(1+H$9)/1000,0)*1000 -> 1305000 | J26: =ROUND(I26*(1+I$9)/1000,0)*1000 -> 1377000 | K26: =ROUND(J26*(1+J$9)/1000,0)*1000 -> 1444000 | ... Y26: =ROUND(X26*(1+X$9)/1000,0)*1000 -> 2535000
B27: Batimetrista Auxiliar | C27: 630000 | D27: =ROUND(C27*(1+C$9)/1000,0)*1000 -> 735000 | E27: =ROUND(D27*(1+D$9)/1000,0)*1000 -> 803000 | F27: =ROUND(E27*(1+E$9)/1000,0)*1000 -> 873000 | G27: =ROUND(F27*(1+F$9)/1000,0)*1000 -> 940000 | H27: =ROUND(G27*(1+G$9)/1000,0)*1000 -> 1006000 | I27: =ROUND(H27*(1+H$9)/1000,0)*1000 -> 1071000 | J27: =ROUND(I27*(1+I$9)/1000,0)*1000 -> 1130000 | K27: =ROUND(J27*(1+J$9)/1000,0)*1000 -> 1185000 | ... Y27: =ROUND(X27*(1+X$9)/1000,0)*1000 -> 2080000
B28: Laboratorista Inspector | C28: 681000 | D28: =ROUND(C28*(1+C$9)/1000,0)*1000 -> 795000 | E28: =ROUND(D28*(1+D$9)/1000,0)*1000 -> 868000 | F28: =ROUND(E28*(1+E$9)/1000,0)*1000 -> 944000 | G28: =ROUND(F28*(1+F$9)/1000,0)*1000 -> 1016000 | H28: =ROUND(G28*(1+G$9)/1000,0)*1000 -> 1087000 | I28: =ROUND(H28*(1+H$9)/1000,0)*1000 -> 1158000 | J28: =ROUND(I28*(1+I$9)/1000,0)*1000 -> 1222000 | K28: =ROUND(J28*(1+J$9)/1000,0)*1000 -> 1281000 | ... Y28: =ROUND(X28*(1+X$9)/1000,0)*1000 -> 2247000
B29: Laboratorista Auxiliar | C29: 477000 | D29: =ROUND(C29*(1+C$9)/1000,0)*1000 -> 557000 | E29: =ROUND(D29*(1+D$9)/1000,0)*1000 -> 608000 | F29: =ROUND(E29*(1+E$9)/1000,0)*1000 -> 661000 | G29: =ROUND(F29*(1+F$9)/1000,0)*1000 -> 712000 | H29: =ROUND(G29*(1+G$9)/1000,0)*1000 -> 762000 | I29: =ROUND(H29*(1+H$9)/1000,0)*1000 -> 811000 | J29: =ROUND(I29*(1+I$9)/1000,0)*1000 -> 856000 | K29: =ROUND(J29*(1+J$9)/1000,0)*1000 -> 898000 | ... Y29: =ROUND(X29*(1+X$9)/1000,0)*1000 -> 1572000
B30: Operador Equipo de Perforación | C30: 613000 | D30: =ROUND(C30*(1+C$9)/1000,0)*1000 -> 715000 | E30: =ROUND(D30*(1+D$9)/1000,0)*1000 -> 781000 | F30: =ROUND(E30*(1+E$9)/1000,0)*1000 -> 849000 | G30: =ROUND(F30*(1+F$9)/1000,0)*1000 -> 914000 | H30: =ROUND(G30*(1+G$9)/1000,0)*1000 -> 978000 | I30: =ROUND(H30*(1+H$9)/1000,0)*1000 -> 1041000 | J30: =ROUND(I30*(1+I$9)/1000,0)*1000 -> 1098000 | K30: =ROUND(J30*(1+J$9)/1000,0)*1000 -> 1151000 | ... Y30: =ROUND(X30*(1+X$9)/1000,0)*1000 -> 2018000
B31: Operador Auxiliar de Equipo | C31: 409000 | D31: =ROUND(C31*(1+C$9)/1000,0)*1000 -> 477000 | E31: =ROUND(D31*(1+D$9)/1000,0)*1000 -> 521000 | F31: =ROUND(E31*(1+E$9)/1000,0)*1000 -> 567000 | G31: =ROUND(F31*(1+F$9)/1000,0)*1000 -> 610000 | H31: =ROUND(G31*(1+G$9)/1000,0)*1000 -> 653000 | I31: =ROUND(H31*(1+H$9)/1000,0)*1000 -> 695000 | J31: =ROUND(I31*(1+I$9)/1000,0)*1000 -> 733000 | K31: =ROUND(J31*(1+J$9)/1000,0)*1000 -> 769000 | ... Y31: =ROUND(X31*(1+X$9)/1000,0)*1000 -> 1348000
B32: Inspector 1 | C32: 560000 | D32: =ROUND(C32*(1+C$9)/1000,0)*1000 -> 654000 | E32: =ROUND(D32*(1+D$9)/1000,0)*1000 -> 714000 | F32: =ROUND(E32*(1+E$9)/1000,0)*1000 -> 776000 | G32: =ROUND(F32*(1+F$9)/1000,0)*1000 -> 835000 | H32: =ROUND(G32*(1+G$9)/1000,0)*1000 -> 893000 | I32: =ROUND(H32*(1+H$9)/1000,0)*1000 -> 951000 | J32: =ROUND(I32*(1+I$9)/1000,0)*1000 -> 1003000 | K32: =ROUND(J32*(1+J$9)/1000,0)*1000 -> 1052000 | ... Y32: =ROUND(X32*(1+X$9)/1000,0)*1000 -> 1845000
B33: Inspector 2 | C33: 505000 | D33: =ROUND(C33*(1+C$9)/1000,0)*1000 -> 589000 | E33: =ROUND(D33*(1+D$9)/1000,0)*1000 -> 643000 | F33: =ROUND(E33*(1+E$9)/1000,0)*1000 -> 699000 | G33: =ROUND(F33*(1+F$9)/1000,0)*1000 -> 752000 | H33: =ROUND(G33*(1+G$9)/1000,0)*1000 -> 805000 | I33: =ROUND(H33*(1+H$9)/1000,0)*1000 -> 857000 | J33: =ROUND(I33*(1+I$9)/1000,0)*1000 -> 904000 | K33: =ROUND(J33*(1+J$9)/1000,0)*1000 -> 948000 | ... Y33: =ROUND(X33*(1+X$9)/1000,0)*1000 -> 1662000
A35: PERSONAL ADMINISTRATIVO | B35: Administrador | C35: 715000 | D35: =ROUND(C35*(1+C$9)/1000,0)*1000 -> 834000 | E35: =ROUND(D35*(1+D$9)/1000,0)*1000 -> 911000 | F35: =ROUND(E35*(1+E$9)/1000,0)*1000 -> 991000 | G35: =ROUND(F35*(1+F$9)/1000,0)*1000 -> 1067000 | H35: =ROUND(G35*(1+G$9)/1000,0)*1000 -> 1142000 | I35: =ROUND(H35*(1+H$9)/1000,0)*1000 -> 1216000 | J35: =ROUND(I35*(1+I$9)/1000,0)*1000 -> 1283000 | K35: =ROUND(J35*(1+J$9)/1000,0)*1000 -> 1345000 | ... Y35: =ROUND(X35*(1+X$9)/1000,0)*1000 -> 2362000
B36: Auxiliar Administrativo | C36: 511000 | D36: =ROUND(C36*(1+C$9)/1000,0)*1000 -> 596000 | E36: =ROUND(D36*(1+D$9)/1000,0)*1000 -> 651000 | F36: =ROUND(E36*(1+E$9)/1000,0)*1000 -> 708000 | G36: =ROUND(F36*(1+F$9)/1000,0)*1000 -> 762000 | H36: =ROUND(G36*(1+G$9)/1000,0)*1000 -> 815000 | I36: =ROUND(H36*(1+H$9)/1000,0)*1000 -> 868000 | J36: =ROUND(I36*(1+I$9)/1000,0)*1000 -> 916000 | K36: =ROUND(J36*(1+J$9)/1000,0)*1000 -> 960000 | ... Y36: =ROUND(X36*(1+X$9)/1000,0)*1000 -> 1684000
B37: Secretaria 1 | C37: 415000 | D37: =ROUND(C37*(1+C$9)/1000,0)*1000 -> 484000 | E37: =ROUND(D37*(1+D$9)/1000,0)*1000 -> 529000 | F37: =ROUND(E37*(1+E$9)/1000,0)*1000 -> 575000 | G37: =ROUND(F37*(1+F$9)/1000,0)*1000 -> 619000 | H37: =ROUND(G37*(1+G$9)/1000,0)*1000 -> 662000 | I37: =ROUND(H37*(1+H$9)/1000,0)*1000 -> 705000 | J37: =ROUND(I37*(1+I$9)/1000,0)*1000 -> 744000 | K37: =ROUND(J37*(1+J$9)/1000,0)*1000 -> 780000 | ... Y37: =ROUND(X37*(1+X$9)/1000,0)*1000 -> 1369000
B38: Secretaria 2 | C38: 345000 | D38: =ROUND(C38*(1+C$9)/1000,0)*1000 -> 403000 | E38: =ROUND(D38*(1+D$9)/1000,0)*1000 -> 440000 | F38: =ROUND(E38*(1+E$9)/1000,0)*1000 -> 479000 | G38: =ROUND(F38*(1+F$9)/1000,0)*1000 -> 516000 | H38: =ROUND(G38*(1+G$9)/1000,0)*1000 -> 552000 | I38: =ROUND(H38*(1+H$9)/1000,0)*1000 -> 588000 | J38: =ROUND(I38*(1+I$9)/1000,0)*1000 -> 620000 | K38: =ROUND(J38*(1+J$9)/1000,0)*1000 -> 650000 | ... Y38: =ROUND(X38*(1+X$9)/1000,0)*1000 -> 1140000
A40: PERSONAL AUXILIAR TECNICO | B40: Cadenero 1 | C40: 477000 | D40: =ROUND(C40*(1+C$9)/1000,0)*1000 -> 557000 | E40: =ROUND(D40*(1+D$9)/1000,0)*1000 -> 608000 | F40: =ROUND(E40*(1+E$9)/1000,0)*1000 -> 661000 | G40: =ROUND(F40*(1+F$9)/1000,0)*1000 -> 712000 | H40: =ROUND(G40*(1+G$9)/1000,0)*1000 -> 762000 | I40: =ROUND(H40*(1+H$9)/1000,0)*1000 -> 811000 | J40: =ROUND(I40*(1+I$9)/1000,0)*1000 -> 856000 | K40: =ROUND(J40*(1+J$9)/1000,0)*1000 -> 898000 | ... Y40: =ROUND(X40*(1+X$9)/1000,0)*1000 -> 1572000
B41: Cadenero 2 | C41: 415000 | D41: =ROUND(C41*(1+C$9)/1000,0)*1000 -> 484000 | E41: =ROUND(D41*(1+D$9)/1000,0)*1000 -> 529000 | F41: =ROUND(E41*(1+E$9)/1000,0)*1000 -> 575000 | G41: =ROUND(F41*(1+F$9)/1000,0)*1000 -> 619000 | H41: =ROUND(G41*(1+G$9)/1000,0)*1000 -> 662000 | I41: =ROUND(H41*(1+H$9)/1000,0)*1000 -> 705000 | J41: =ROUND(I41*(1+I$9)/1000,0)*1000 -> 744000 | K41: =ROUND(J41*(1+J$9)/1000,0)*1000 -> 780000 | ... Y41: =ROUND(X41*(1+X$9)/1000,0)*1000 -> 1369000
B42: Secretaria o Motorista | C42: 345000 | D42: =ROUND(C42*(1+C$9)/1000,0)*1000 -> 403000 | E42: =ROUND(D42*(1+D$9)/1000,0)*1000 -> 440000 | F42: =ROUND(E42*(1+E$9)/1000,0)*1000 -> 479000 | G42: =ROUND(F42*(1+F$9)/1000,0)*1000 -> 516000 | H42: =ROUND(G42*(1+G$9)/1000,0)*1000 -> 552000 | I42: =ROUND(H42*(1+H$9)/1000,0)*1000 -> 588000 | J42: =ROUND(I42*(1+I$9)/1000,0)*1000 -> 620000 | K42: =ROUND(J42*(1+J$9)/1000,0)*1000 -> 650000 | ... Y42: =ROUND(X42*(1+X$9)/1000,0)*1000 -> 1140000
A44: Campero, Pick-Up, Camioneta, Camión o similar. | B44: 1300-2000
B45: Costo Diario | C45: 60000 | D45: =ROUND(C45*(1+C$9)/1000,0)*1000 -> 70000 | E45: =ROUND(D45*(1+D$9)/1000,0)*1000 -> 76000 | F45: =ROUND(E45*(1+E$9)/1000,0)*1000 -> 83000 | G45: =ROUND(F45*(1+F$9)/1000,0)*1000 -> 89000 | H45: =ROUND(G45*(1+G$9)/1000,0)*1000 -> 95000 | I45: =ROUND(H45*(1+H$9)/1000,0)*1000 -> 101000 | J45: =ROUND(I45*(1+I$9)/1000,0)*1000 -> 107000 | K45: =ROUND(J45*(1+J$9)/1000,0)*1000 -> 112000 | ... Y45: =ROUND(X45*(1+X$9)/1000,0)*1000 -> 199000
B46: Costo Mensual | C46: =C45*30 -> 1800000 | D46: =ROUND(C46*(1+C$9)/1000,0)*1000 -> 2101000 | E46: =ROUND(D46*(1+D$9)/1000,0)*1000 -> 2295000 | F46: =ROUND(E46*(1+E$9)/1000,0)*1000 -> 2496000 | G46: =ROUND(F46*(1+F$9)/1000,0)*1000 -> 2687000 | H46: =ROUND(G46*(1+G$9)/1000,0)*1000 -> 2875000 | I46: =ROUND(H46*(1+H$9)/1000,0)*1000 -> 3062000 | J46: =ROUND(I46*(1+I$9)/1000,0)*1000 -> 3230000 | K46: =ROUND(J46*(1+J$9)/1000,0)*1000 -> 3387000 | ... Y46: =ROUND(X46*(1+X$9)/1000,0)*1000 -> 5944000
B47: > 2000
B48: Costo Diario | C48: 86000 | D48: =ROUND(C48*(1+C$9)/1000,0)*1000 -> 100000 | E48: =ROUND(D48*(1+D$9)/1000,0)*1000 -> 109000 | F48: =ROUND(E48*(1+E$9)/1000,0)*1000 -> 119000 | G48: =ROUND(F48*(1+F$9)/1000,0)*1000 -> 128000 | H48: =ROUND(G48*(1+G$9)/1000,0)*1000 -> 137000 | I48: =ROUND(H48*(1+H$9)/1000,0)*1000 -> 146000 | J48: =ROUND(I48*(1+I$9)/1000,0)*1000 -> 154000 | K48: =ROUND(J48*(1+J$9)/1000,0)*1000 -> 161000 | ... Y48: =ROUND(X48*(1+X$9)/1000,0)*1000 -> 282000
B49: Costo Mensual | C49: 2580000 | D49: =ROUND(C49*(1+C$9)/1000,0)*1000 -> 3011000 | E49: =ROUND(D49*(1+D$9)/1000,0)*1000 -> 3289000 | F49: =ROUND(E49*(1+E$9)/1000,0)*1000 -> 3577000 | G49: =ROUND(F49*(1+F$9)/1000,0)*1000 -> 3851000 | H49: =ROUND(G49*(1+G$9)/1000,0)*1000 -> 4120000 | I49: =ROUND(H49*(1+H$9)/1000,0)*1000 -> 4387000 | J49: =ROUND(I49*(1+I$9)/1000,0)*1000 -> 4628000 | K49: =ROUND(J49*(1+J$9)/1000,0)*1000 -> 4852000 | ... Y49: =ROUND(X49*(1+X$9)/1000,0)*1000 -> 8513000
A51: Vehiculos con capacidad de carga de 3 Ton o más | B51: Costo Diario | C51: 117000 | D51: =ROUND(C51*(1+C$9)/1000,0)*1000 -> 137000 | E51: =ROUND(D51*(1+D$9)/1000,0)*1000 -> 150000 | F51: =ROUND(E51*(1+E$9)/1000,0)*1000 -> 163000 | G51: =ROUND(F51*(1+F$9)/1000,0)*1000 -> 175000 | H51: =ROUND(G51*(1+G$9)/1000,0)*1000 -> 187000 | I51: =ROUND(H51*(1+H$9)/1000,0)*1000 -> 199000 | J51: =ROUND(I51*(1+I$9)/1000,0)*1000 -> 210000 | K51: =ROUND(J51*(1+J$9)/1000,0)*1000 -> 220000 | ... Y51: =ROUND(X51*(1+X$9)/1000,0)*1000 -> 386000
B52: Costo Mensual | C52: 3510000 | D52: =ROUND(C52*(1+C$9)/1000,0)*1000 -> 4096000 | E52: =ROUND(D52*(1+D$9)/1000,0)*1000 -> 4474000 | F52: =ROUND(E52*(1+E$9)/1000,0)*1000 -> 4865000 | G52: =ROUND(F52*(1+F$9)/1000,0)*1000 -> 5237000 | H52: =ROUND(G52*(1+G$9)/1000,0)*1000 -> 5603000 | I52: =ROUND(H52*(1+H$9)/1000,0)*1000 -> 5967000 | J52: =ROUND(I52*(1+I$9)/1000,0)*1000 -> 6295000 | K52: =ROUND(J52*(1+J$9)/1000,0)*1000 -> 6600000 | ... Y52: =ROUND(X52*(1+X$9)/1000,0)*1000 -> 11582000
A54: TOPOGRAFIA (Incluye tránsito, nivel y elementos complementarios. El tránsito equivale al 72%, el nivel al 18% y los elementos complementarios el 10% del valor de la tarifa). | B54: Costo Diario | C54: 34000 | D54: =ROUND(C54*(1+C$9)/1000,0)*1000 -> 40000 | E54: =ROUND(D54*(1+D$9)/1000,0)*1000 -> 44000 | F54: =ROUND(E54*(1+E$9)/1000,0)*1000 -> 48000 | G54: =ROUND(F54*(1+F$9)/1000,0)*1000 -> 52000 | H54: =ROUND(G54*(1+G$9)/1000,0)*1000 -> 56000 | I54: =ROUND(H54*(1+H$9)/1000,0)*1000 -> 60000 | J54: =ROUND(I54*(1+I$9)/1000,0)*1000 -> 63000 | K54: =ROUND(J54*(1+J$9)/1000,0)*1000 -> 66000 | ... Y54: =ROUND(X54*(1+X$9)/1000,0)*1000 -> 116000
B55: Costo Mensual | C55: 1020000 | D55: =ROUND(C55*(1+C$9)/1000,0)*1000 -> 1190000 | E55: =ROUND(D55*(1+D$9)/1000,0)*1000 -> 1300000 | F55: =ROUND(E55*(1+E$9)/1000,0)*1000 -> 1414000 | G55: =ROUND(F55*(1+F$9)/1000,0)*1000 -> 1522000 | H55: =ROUND(G55*(1+G$9)/1000,0)*1000 -> 1628000 | I55: =ROUND(H55*(1+H$9)/1000,0)*1000 -> 1734000 | J55: =ROUND(I55*(1+I$9)/1000,0)*1000 -> 1829000 | K55: =ROUND(J55*(1+J$9)/1000,0)*1000 -> 1918000 | ... Y55: =ROUND(X55*(1+X$9)/1000,0)*1000 -> 3365000
A57: LABORATORIO - Estudios | B57: Costo Diario | C57: 53000 | D57: =ROUND(C57*(1+C$9)/1000,0)*1000 -> 62000 | E57: =ROUND(D57*(1+D$9)/1000,0)*1000 -> 68000 | F57: =ROUND(E57*(1+E$9)/1000,0)*1000 -> 74000 | G57: =ROUND(F57*(1+F$9)/1000,0)*1000 -> 80000 | H57: =ROUND(G57*(1+G$9)/1000,0)*1000 -> 86000 | I57: =ROUND(H57*(1+H$9)/1000,0)*1000 -> 92000 | J57: =ROUND(I57*(1+I$9)/1000,0)*1000 -> 97000 | K57: =ROUND(J57*(1+J$9)/1000,0)*1000 -> 102000 | ... Y57: =ROUND(X57*(1+X$9)/1000,0)*1000 -> 180000
B58: Costo Mensual | C58: 1590000 | D58: =ROUND(C58*(1+C$9)/1000,0)*1000 -> 1856000 | E58: =ROUND(D58*(1+D$9)/1000,0)*1000 -> 2027000 | F58: =ROUND(E58*(1+E$9)/1000,0)*1000 -> 2204000 | G58: =ROUND(F58*(1+F$9)/1000,0)*1000 -> 2373000 | H58: =ROUND(G58*(1+G$9)/1000,0)*1000 -> 2539000 | I58: =ROUND(H58*(1+H$9)/1000,0)*1000 -> 2704000 | J58: =ROUND(I58*(1+I$9)/1000,0)*1000 -> 2853000 | K58: =ROUND(J58*(1+J$9)/1000,0)*1000 -> 2991000 | ... Y58: =ROUND(X58*(1+X$9)/1000,0)*1000 -> 5248000
A60: LABORATORIO - Interventorias | B60: Costo Diario | C60: 94000 | D60: =ROUND(C60*(1+C$9)/1000,0)*1000 -> 110000 | E60: =ROUND(D60*(1+D$9)/1000,0)*1000 -> 120000 | F60: =ROUND(E60*(1+E$9)/1000,0)*1000 -> 131000 | G60: =ROUND(F60*(1+F$9)/1000,0)*1000 -> 141000 | H60: =ROUND(G60*(1+G$9)/1000,0)*1000 -> 151000 | I60: =ROUND(H60*(1+H$9)/1000,0)*1000 -> 161000 | J60: =ROUND(I60*(1+I$9)/1000,0)*1000 -> 170000 | K60: =ROUND(J60*(1+J$9)/1000,0)*1000 -> 178000 | ... Y60: =ROUND(X60*(1+X$9)/1000,0)*1000 -> 313000
B61: Costo Mensual | C61: 2820000 | D61: =ROUND(C61*(1+C$9)/1000,0)*1000 -> 3291000 | E61: =ROUND(D61*(1+D$9)/1000,0)*1000 -> 3595000 | F61: =ROUND(E61*(1+E$9)/1000,0)*1000 -> 3910000 | G61: =ROUND(F61*(1+F$9)/1000,0)*1000 -> 4209000 | H61: =ROUND(G61*(1+G$9)/1000,0)*1000 -> 4503000 | I61: =ROUND(H61*(1+H$9)/1000,0)*1000 -> 4795000 | J61: =ROUND(I61*(1+I$9)/1000,0)*1000 -> 5059000 | K61: =ROUND(J61*(1+J$9)/1000,0)*1000 -> 5304000 | ... Y61: =ROUND(X61*(1+X$9)/1000,0)*1000 -> 9310000
A63: EQUIPO COMPLETO DE BATIMETRIA, HIDROMETRIA O SEDIMENTOMETRIA | B63: Costo Diario | C63: 68000 | D63: =ROUND(C63*(1+C$9)/1000,0)*1000 -> 79000 | E63: =ROUND(D63*(1+D$9)/1000,0)*1000 -> 86000 | F63: =ROUND(E63*(1+E$9)/1000,0)*1000 -> 94000 | G63: =ROUND(F63*(1+F$9)/1000,0)*1000 -> 101000 | H63: =ROUND(G63*(1+G$9)/1000,0)*1000 -> 108000 | I63: =ROUND(H63*(1+H$9)/1000,0)*1000 -> 115000 | J63: =ROUND(I63*(1+I$9)/1000,0)*1000 -> 121000 | K63: =ROUND(J63*(1+J$9)/1000,0)*1000 -> 127000 | ... Y63: =ROUND(X63*(1+X$9)/1000,0)*1000 -> 224000
B64: Costo Mensual | C64: 2040000 | D64: =ROUND(C64*(1+C$9)/1000,0)*1000 -> 2381000 | E64: =ROUND(D64*(1+D$9)/1000,0)*1000 -> 2601000 | F64: =ROUND(E64*(1+E$9)/1000,0)*1000 -> 2829000 | G64: =ROUND(F64*(1+F$9)/1000,0)*1000 -> 3045000 | H64: =ROUND(G64*(1+G$9)/1000,0)*1000 -> 3258000 | I64: =ROUND(H64*(1+H$9)/1000,0)*1000 -> 3469000 | J64: =ROUND(I64*(1+I$9)/1000,0)*1000 -> 3660000 | K64: =ROUND(J64*(1+J$9)/1000,0)*1000 -> 3838000 | ... Y64: =ROUND(X64*(1+X$9)/1000,0)*1000 -> 6736000
A66: PLOTTER | B66: Costo Diario | C66: 23000 | D66: =ROUND(C66*(1+C$9)/1000,0)*1000 -> 27000 | E66: =ROUND(D66*(1+D$9)/1000,0)*1000 -> 29000 | F66: =ROUND(E66*(1+E$9)/1000,0)*1000 -> 32000 | G66: =ROUND(F66*(1+F$9)/1000,0)*1000 -> 34000 | H66: =ROUND(G66*(1+G$9)/1000,0)*1000 -> 36000 | I66: =ROUND(H66*(1+H$9)/1000,0)*1000 -> 38000 | J66: =ROUND(I66*(1+I$9)/1000,0)*1000 -> 40000 | K66: =ROUND(J66*(1+J$9)/1000,0)*1000 -> 42000 | ... Y66: =ROUND(X66*(1+X$9)/1000,0)*1000 -> 75000
B67: Costo Mensual | C67: 690000 | D67: =ROUND(C67*(1+C$9)/1000,0)*1000 -> 805000 | E67: =ROUND(D67*(1+D$9)/1000,0)*1000 -> 879000 | F67: =ROUND(E67*(1+E$9)/1000,0)*1000 -> 956000 | G67: =ROUND(F67*(1+F$9)/1000,0)*1000 -> 1029000 | H67: =ROUND(G67*(1+G$9)/1000,0)*1000 -> 1101000 | I67: =ROUND(H67*(1+H$9)/1000,0)*1000 -> 1172000 | J67: =ROUND(I67*(1+I$9)/1000,0)*1000 -> 1236000 | K67: =ROUND(J67*(1+J$9)/1000,0)*1000 -> 1296000 | ... Y67: =ROUND(X67*(1+X$9)/1000,0)*1000 -> 2274000
A69: PROGRAMAS COMPUTACIONALES ESPECIALIZADOS (Se excluye OS, Hojas de Cálculo, Procesadores de Palabra, BD convencionales, programas contables y administrativos) | B69: 5% del costo de la licencia
A72: · RESOLUCIÓN 747 DE 09 DE MARZO DE 1998
A73: · MINISTERIO DE TRANSPORTE (MINTRANSPORTE)
A74: · CONTENIDO:CONTRATOS DE CONSULTORÍA. SE FIJAN LOS TOPES MÁXIMOS PARA SUELDOS Y DEMÁS GASTOS QUE SE PUEDEN PAGAR POR EL SISTEMA DE COBRO DE COSTOS DIRECTOS MÁS SUELDOS AFECTADOS POR UN MULTIPLICADOR, Y SE ESTABLECE UN SISTEMA DE ACTUALIZACIÓN.
A75: · TEMAS ESPECÍFICOS:ENTIDAD PÚBLICA, CONTRATACIÓN ADMINISTRATIVA
A76: · REVISTA LEGISLACIÓN ECONÓMICA N°:1092 DE ABRIL 15 DE 1998, PG. 663
A77: · BOLETÍN N°:479 DE MARZO 9 DE 1998
A78: RESOLUCIÓN 747 DE 1998
A79: (Marzo 9)
A80: “Por la cual se establecen los topes máximos para sueldos y demás gastos que se pueden pagar en los contratos de consultoría, por el sistema de cobro de costos directos más sueldos afectados por un multiplicador, y se establece un sistema de actualización”.
A81: (Nota: Derogada por la Resolución 10946 de 2011 artículo 5° del Ministerio de Transporte)
A82: El Ministro de Transporte,
A83: en ejercicio de sus facultades constitucionales y legales, en especial las que le confieren el artículo 208 de la Constitución Nacional, el Decreto 2171 de 1992; el Decreto 1050 de 1968 y la Ley 80 de 1993, y
... A89: Personal profesional (ingenieros y otros)
A91: Categoría | B91: VALOR
A92: 1 | B92: 3.577.000
A93: 2 | B93: 2.726.000
A94: 3 | B94: 2.300.000
A95: 4 | B95: 1.959.000
A96: 5 | B96: 1.767.000
A97: 6 | B97: 1.576.000
A98: 7 | B98: 1.192.000
A99: 8 | B99: 1.124.000
A101: Personal técnico
A102: Tecnólogo en áreas de ingeniería | B102: 738
A103: Auxiliar de ingeniería | B103: 648
A104: Dibujante 1 | B104: 680
A105: Dibujante 2 | B105: 550
A106: Topógrafo inspector | B106: 767
A107: Topógrafo auxiliar | B107: 630
A108: Batimetrista inspector | B108: 767
A109: Batimetrista auxiliar | B109: 630
A110: Laboratorista inspector | B110: 681
A111: Laboratorista auxiliar | B111: 477
A112: Operador equipo de perforación | B112: 613
A113: Operador auxiliar de equipo | B113: 409
... A115: Inspector 2 | B115: 505
A116: Personal administrativo
A117: Administrador | B117: 715
A118: Auxiliar administrativo | B118: 511
A119: Secretaria 1 | B119: 415
A120: Secretaria 2 | B120: 345 000
A121: Personal auxiliar técnico
A122: Cadenero 1 | B122: 477
A123: Cadenero 2 | B123: 415
...
